 Dungeon Crawl Stone Soup version 0.31-a0-233-g139696dc86 (webtiles) character file.

Game seed: 3297441119784897056

29 qw the Shooter (level 3, 21/21 HPs)
             Began as a Gargoyle Hexslinger on July 8, 2023.
             Quit the game on level 2 of the Dungeon.
             The game lasted 00:18:45 (4604 turns).

qw the Shooter (Gargoyle Hexslinger)                Turns: 4604, Time: 00:18:46

Health: 21/21      AC:  5    Str: 11    XL:     3   Next: 16%
Magic:  4/4        EV: 12    Int: 13    God:
Gold:   61         SH:  0    Dex: 14    Spells: 3/4 levels left

rFire   . . .        Y - +1 sling
rCold   . . .        (no shield)
rNeg    + . .        c - +0 robe
rPois   inf          (no helmet)
rElec   +            (no cloak)
rCorr   .            (no gloves)
SInv    .            (no boots)
Will    .....        (no amulet)
Stlth   +            (no ring)
HPRegen 0.23/turn    (no ring)
MPRegen 0.09/turn

%: no passive effects
@: no status effects
A: sickness immunity, AC +3, negative energy resistance 1, electricity
resistance, torment resistance 1, petrification resistance
a: no special abilities


You were on level 2 of the Dungeon.
You visited 1 branch of the dungeon, and saw 2 of its levels.

You collected 61 gold pieces.


Innate Abilities, Weirdness & Mutations

You are immune to sickness and miasma.
Your stone body is resilient. (AC +3)
You are immune to poison.
You resist negative energy. (rN+)
You are resistant to electric shocks. (rElec)
You are resistant to unholy torment.
You are immune to petrification.


   Skills:
 + Level 1.8 Fighting
 - Level 3.2 Ranged Weapons
 - Level 1.5 Dodging
 - Level 1.0 Spellcasting
 - Level 2.6 Hexes


You had 3 spell levels left.
You knew the following spells:

 Your Spells              Type           Power      Damage    Failure   Level
a - Slow                  Hex            28%        N/A       10%         1

Your spell library contained the following spells:

 Spells                   Type           Power      Damage    Failure   Level
 Inner Flame              Hex/Fire       4%         N/A       43%         3
 Portal Projectile        Hex/Tloc       8%         N/A       43%         3
 Cause Fear               Hex            3%         N/A       67%         4

Inventory:

Hand Weapons
 Y - a +1 sling (weapon)
Armour
 c - a +0 robe (worn)
Scrolls
 a - a scroll of identify
Potions
 b - a potion of haste {unknown}
 f - a potion of cancellation
 h - a potion of curing {unknown}

Dungeon Overview and Level Annotations

Branches:
Dungeon (2/15)

Altars:


Message History

What level of the Dungeon? (default 1, ? - help) Sorry, I don't know how to get there.
4597 ||| Stepping randomly (stuck).
(D) Dungeon
Where to? (* - list waypoints, Enter - D:1, ? - help)
What level of the Dungeon? (default 1, ? - help) Sorry, I don't know how to get there.
4598 ||| Stepping randomly (stuck).
(D) Dungeon
Where to? (* - list waypoints, Enter - D:1, ? - help)
What level of the Dungeon? (default 1, ? - help) Sorry, I don't know how to get there.
4599 ||| Stepping randomly (stuck).
(D) Dungeon
Where to? (* - list waypoints, Enter - D:1, ? - help)
What level of the Dungeon? (default 1, ? - help) Sorry, I don't know how to get there.
4600 ||| Stepping randomly (stuck).
(D) Dungeon
Where to? (* - list waypoints, Enter - D:1, ? - help)
What level of the Dungeon? (default 1, ? - help) Sorry, I don't know how to get there.
4601 ||| Stepping randomly (stuck).
You see here a scroll of poison.
(D) Dungeon
Where to? (* - list waypoints, Enter - D:1, ? - help)
What level of the Dungeon? (default 1, ? - help) Sorry, I don't know how to get there.
4602 ||| Stepping randomly (stuck).
(D) Dungeon
Where to? (* - list waypoints, Enter - D:1, ? - help)
What level of the Dungeon? (default 1, ? - help) Sorry, I don't know how to get there.
4603 ||| Stepping randomly (stuck).
As you open the door, it creaks loudly!
A rat and a kobold come into view.
The kobold shouts!
Found a stone staircase leading down.
4604 ||| QUITTING!
Are you sure you want to abandon this character and quit the game? (Confirm with "yes".)

######### #.......## #.......#
#........# #.#####.###........#
#.#####...........## #
#.##..............# #..
#.##.##..........## #.#
#.##.##.###...#.## ##.# #.......#
#...#?# #..# #####.#### #...#@#
#..# #.......# #####K# #.)#
#.##..#.# ... #..# #.##.##.#
..... #..###### #.##.#..# .>....r
#........
#.......####.........####....###.
####.......+.........+...........
#....####.........####.......#
####.#.## ##.#.##..


You could see a kobold and a rat.

Vanquished Creatures
  An adder (D:2)
  A dart slug (D:2)
  3 endoplasms
  A giant cockroach (D:2)
  2 goblins
  2 hobgoblins
  A kobold (D:1)
  A ball python (D:2)
  2 bats
  3 rats (D:2)
17 creatures vanquished.

Notes
Turn   | Place    | Note
-------+----------+-------------------------------------------
     0 | D:1      | qw the Gargoyle Hexslinger began the quest for the Orb.
     0 | D:1      | Reached XP level 1. HP: 12/12 MP: 2/2
     0 | D:1      | 0 ||| qw: Version: 0.3-a-46-gb1f654a
     0 | D:1      | 0 ||| qw: Game counter: 3698
     0 | D:1      | 0 ||| qw: Melee chars always use a shield: true
     0 | D:1      | 0 ||| qw: God list: Okawaru
     0 | D:1      | 0 ||| qw: Allow faded altars: false
     0 | D:1      | 0 ||| qw: Do Orc after clearing Dungeon:15 true
     0 | D:1      | 0 ||| qw: Do second Lair branch before Depths: true
     0 | D:1      | 0 ||| qw: Lair rune preference: random
     0 | D:1      | 0 ||| qw: Goals: Normal
     0 | D:1      | 0 ||| PLANNING D:1-11
   246 | D:1      | You fall into a shaft and drop 1 floor!
   276 | D:2      | Reached XP level 2. HP: 16/16 MP: 3/3
   417 | D:2      | Reached skill level 3 in Ranged Weapons
   599 | D:2      | 599 ||| DROPPING +6 ring of intelligence.
   600 | D:2      | 600 ||| READING scroll labelled XOKURE UWNEA.
   601 | D:2      | 601 ||| READING scroll labelled LENNAU LARROA.
   602 | D:2      | 602 ||| READING scroll labelled EXAMUD XUZXEONUT.
   602 | D:2      | Identified a scroll of acquirement
   602 | D:2      | 602 ||| ACQUIRING amulet "Diredgh" {Reflect Regen+ SH+5}
   602 | D:2      | Acquired the amulet "Diredgh" {Reflect Regen+ SH+5}
   603 | D:2      | 603 ||| READING scroll labelled AKICAN QIEREAB.
   606 | D:2      | 606 ||| READING scroll labelled ZUODIBRIMI.
   607 | D:2      | 607 ||| DROPPING scroll of poison.
   608 | D:2      | 608 ||| Stepping randomly (stuck).
   609 | D:2      | 609 ||| Stepping randomly (stuck).
   610 | D:2      | 610 ||| Stepping randomly (stuck).
   613 | D:2      | Reached XP level 3. HP: 20/20 MP: 4/4
   613 | D:2      | 613 ||| Stepping randomly (stuck).
   614 | D:2      | 614 ||| Stepping randomly (stuck).
   615 | D:2      | 615 ||| Stepping randomly (stuck).
   616 | D:2      | 616 ||| Stepping randomly (stuck).
   617 | D:2      | 617 ||| Stepping randomly (stuck).
   618 | D:2      | 618 ||| Stepping randomly (stuck).
   619 | D:2      | 619 ||| Stepping randomly (stuck).
   620 | D:2      | 620 ||| Stepping randomly (stuck).
   621 | D:2      | 621 ||| Stepping randomly (stuck).
   622 | D:2      | 622 ||| Stepping randomly (stuck).
   623 | D:2      | 623 ||| Stepping randomly (stuck).
   624 | D:2      | 624 ||| Stepping randomly (stuck).
   625 | D:2      | 625 ||| Stepping randomly (stuck).
   626 | D:2      | 626 ||| Stepping randomly (stuck).
   627 | D:2      | 627 ||| Stepping randomly (stuck).
   628 | D:2      | 628 ||| Stepping randomly (stuck).
   629 | D:2      | 629 ||| Stepping randomly (stuck).
   630 | D:2      | 630 ||| Stepping randomly (stuck).
   631 | D:2      | 631 ||| Stepping randomly (stuck).
   632 | D:2      | 632 ||| Stepping randomly (stuck).
   633 | D:2      | 633 ||| Stepping randomly (stuck).
   634 | D:2      | 634 ||| Stepping randomly (stuck).
   635 | D:2      | 635 ||| Stepping randomly (stuck).
   636 | D:2      | 636 ||| Stepping randomly (stuck).
   637 | D:2      | 637 ||| Stepping randomly (stuck).
   638 | D:2      | 638 ||| Stepping randomly (stuck).
   639 | D:2      | 639 ||| Stepping randomly (stuck).
   640 | D:2      | 640 ||| Stepping randomly (stuck).
   641 | D:2      | 641 ||| Stepping randomly (stuck).
   642 | D:2      | 642 ||| Stepping randomly (stuck).
   643 | D:2      | 643 ||| Stepping randomly (stuck).
   644 | D:2      | 644 ||| Stepping randomly (stuck).
   645 | D:2      | 645 ||| Stepping randomly (stuck).
   646 | D:2      | 646 ||| Stepping randomly (stuck).
   647 | D:2      | 647 ||| Stepping randomly (stuck).
   648 | D:2      | 648 ||| Stepping randomly (stuck).
   649 | D:2      | 649 ||| Stepping randomly (stuck).
   650 | D:2      | 650 ||| Stepping randomly (stuck).
   651 | D:2      | 651 ||| Stepping randomly (stuck).
   652 | D:2      | 652 ||| Stepping randomly (stuck).
   653 | D:2      | 653 ||| Stepping randomly (stuck).
   654 | D:2      | 654 ||| Stepping randomly (stuck).
   655 | D:2      | 655 ||| Stepping randomly (stuck).
   656 | D:2      | 656 ||| Stepping randomly (stuck).
   657 | D:2      | 657 ||| Stepping randomly (stuck).
   658 | D:2      | 658 ||| Stepping randomly (stuck).
   659 | D:2      | 659 ||| Stepping randomly (stuck).
   660 | D:2      | 660 ||| Stepping randomly (stuck).
   661 | D:2      | 661 ||| Stepping randomly (stuck).
   662 | D:2      | 662 ||| Stepping randomly (stuck).
   663 | D:2      | 663 ||| Stepping randomly (stuck).
   664 | D:2      | 664 ||| Stepping randomly (stuck).
   665 | D:2      | 665 ||| Stepping randomly (stuck).
   666 | D:2      | 666 ||| Stepping randomly (stuck).
   667 | D:2      | 667 ||| Stepping randomly (stuck).
   668 | D:2      | 668 ||| Stepping randomly (stuck).
   669 | D:2      | 669 ||| Stepping randomly (stuck).
   670 | D:2      | 670 ||| Stepping randomly (stuck).
   671 | D:2      | 671 ||| Stepping randomly (stuck).
   672 | D:2      | 672 ||| Stepping randomly (stuck).
   673 | D:2      | 673 ||| Stepping randomly (stuck).
   674 | D:2      | 674 ||| Stepping randomly (stuck).
   675 | D:2      | 675 ||| Stepping randomly (stuck).
   676 | D:2      | 676 ||| Stepping randomly (stuck).
   677 | D:2      | 677 ||| Stepping randomly (stuck).
   678 | D:2      | 678 ||| Stepping randomly (stuck).
   679 | D:2      | 679 ||| Stepping randomly (stuck).
   680 | D:2      | 680 ||| Stepping randomly (stuck).
   681 | D:2      | 681 ||| Stepping randomly (stuck).
   682 | D:2      | 682 ||| Stepping randomly (stuck).
   683 | D:2      | 683 ||| Stepping randomly (stuck).
   684 | D:2      | 684 ||| Stepping randomly (stuck).
   685 | D:2      | 685 ||| Stepping randomly (stuck).
   687 | D:2      | 687 ||| Stepping randomly (stuck).
   688 | D:2      | 688 ||| Stepping randomly (stuck).
   689 | D:2      | 689 ||| Stepping randomly (stuck).
   690 | D:2      | 690 ||| Stepping randomly (stuck).
   691 | D:2      | 691 ||| Stepping randomly (stuck).
   692 | D:2      | 692 ||| Stepping randomly (stuck).
   693 | D:2      | 693 ||| Stepping randomly (stuck).
   694 | D:2      | 694 ||| Stepping randomly (stuck).
   695 | D:2      | 695 ||| Stepping randomly (stuck).
   696 | D:2      | 696 ||| Stepping randomly (stuck).
   697 | D:2      | 697 ||| Stepping randomly (stuck).
   698 | D:2      | 698 ||| Stepping randomly (stuck).
   699 | D:2      | 699 ||| Stepping randomly (stuck).
   700 | D:2      | 700 ||| Stepping randomly (stuck).
   701 | D:2      | 701 ||| Stepping randomly (stuck).
   702 | D:2      | 702 ||| Stepping randomly (stuck).
   703 | D:2      | 703 ||| Stepping randomly (stuck).
   704 | D:2      | 704 ||| Stepping randomly (stuck).
   705 | D:2      | 705 ||| Stepping randomly (stuck).
   706 | D:2      | 706 ||| Stepping randomly (stuck).
   707 | D:2      | 707 ||| Stepping randomly (stuck).
   708 | D:2      | 708 ||| Stepping randomly (stuck).
   709 | D:2      | 709 ||| Stepping randomly (stuck).
   710 | D:2      | 710 ||| Stepping randomly (stuck).
   711 | D:2      | 711 ||| Stepping randomly (stuck).
   712 | D:2      | 712 ||| Stepping randomly (stuck).
   713 | D:2      | 713 ||| Stepping randomly (stuck).
   714 | D:2      | 714 ||| Stepping randomly (stuck).
   715 | D:2      | 715 ||| Stepping randomly (stuck).
   716 | D:2      | 716 ||| Stepping randomly (stuck).
   717 | D:2      | 717 ||| Stepping randomly (stuck).
   718 | D:2      | 718 ||| Stepping randomly (stuck).
   719 | D:2      | 719 ||| Stepping randomly (stuck).
   729 | D:2      | 729 ||| Stepping randomly (stuck).
   730 | D:2      | 730 ||| Stepping randomly (stuck).
   731 | D:2      | 731 ||| Stepping randomly (stuck).
   732 | D:2      | 732 ||| Stepping randomly (stuck).
   733 | D:2      | 733 ||| Stepping randomly (stuck).
   734 | D:2      | 734 ||| Stepping randomly (stuck).
   735 | D:2      | 735 ||| Stepping randomly (stuck).
   736 | D:2      | 736 ||| Stepping randomly (stuck).
   737 | D:2      | 737 ||| Stepping randomly (stuck).
   738 | D:2      | 738 ||| Stepping randomly (stuck).
   739 | D:2      | 739 ||| Stepping randomly (stuck).
   740 | D:2      | 740 ||| Stepping randomly (stuck).
   741 | D:2      | 741 ||| Stepping randomly (stuck).
   742 | D:2      | 742 ||| Stepping randomly (stuck).
   743 | D:2      | 743 ||| Stepping randomly (stuck).
   744 | D:2      | 744 ||| Stepping randomly (stuck).
   745 | D:2      | 745 ||| Stepping randomly (stuck).
   746 | D:2      | 746 ||| Stepping randomly (stuck).
   747 | D:2      | 747 ||| Stepping randomly (stuck).
   748 | D:2      | 748 ||| Stepping randomly (stuck).
   749 | D:2      | 749 ||| Stepping randomly (stuck).
   750 | D:2      | 750 ||| Stepping randomly (stuck).
   751 | D:2      | 751 ||| Stepping randomly (stuck).
   752 | D:2      | 752 ||| Stepping randomly (stuck).
   753 | D:2      | 753 ||| Stepping randomly (stuck).
   754 | D:2      | 754 ||| Stepping randomly (stuck).
   755 | D:2      | 755 ||| Stepping randomly (stuck).
   756 | D:2      | 756 ||| Stepping randomly (stuck).
   757 | D:2      | 757 ||| Stepping randomly (stuck).
   758 | D:2      | 758 ||| Stepping randomly (stuck).
   759 | D:2      | 759 ||| Stepping randomly (stuck).
   760 | D:2      | 760 ||| Stepping randomly (stuck).
   761 | D:2      | 761 ||| Stepping randomly (stuck).
   762 | D:2      | 762 ||| Stepping randomly (stuck).
   763 | D:2      | 763 ||| Stepping randomly (stuck).
   764 | D:2      | 764 ||| Stepping randomly (stuck).
   765 | D:2      | 765 ||| Stepping randomly (stuck).
   766 | D:2      | 766 ||| Stepping randomly (stuck).
   767 | D:2      | 767 ||| Stepping randomly (stuck).
   768 | D:2      | 768 ||| Stepping randomly (stuck).
   769 | D:2      | 769 ||| Stepping randomly (stuck).
   770 | D:2      | 770 ||| Stepping randomly (stuck).
   771 | D:2      | 771 ||| Stepping randomly (stuck).
   772 | D:2      | 772 ||| Stepping randomly (stuck).
   773 | D:2      | 773 ||| Stepping randomly (stuck).
   774 | D:2      | 774 ||| Stepping randomly (stuck).
   775 | D:2      | 775 ||| Stepping randomly (stuck).
   776 | D:2      | 776 ||| Stepping randomly (stuck).
   777 | D:2      | 777 ||| Stepping randomly (stuck).
   778 | D:2      | 778 ||| Stepping randomly (stuck).
   779 | D:2      | 779 ||| Stepping randomly (stuck).
   780 | D:2      | 780 ||| Stepping randomly (stuck).
   781 | D:2      | 781 ||| Stepping randomly (stuck).
   782 | D:2      | 782 ||| Stepping randomly (stuck).
   783 | D:2      | 783 ||| Stepping randomly (stuck).
   784 | D:2      | 784 ||| Stepping randomly (stuck).
   785 | D:2      | 785 ||| Stepping randomly (stuck).
   786 | D:2      | 786 ||| Stepping randomly (stuck).
   787 | D:2      | 787 ||| Stepping randomly (stuck).
   788 | D:2      | 788 ||| Stepping randomly (stuck).
   789 | D:2      | 789 ||| Stepping randomly (stuck).
   790 | D:2      | 790 ||| Stepping randomly (stuck).
   791 | D:2      | 791 ||| Stepping randomly (stuck).
   792 | D:2      | 792 ||| Stepping randomly (stuck).
   793 | D:2      | 793 ||| Stepping randomly (stuck).
   794 | D:2      | 794 ||| Stepping randomly (stuck).
   795 | D:2      | 795 ||| Stepping randomly (stuck).
   796 | D:2      | 796 ||| Stepping randomly (stuck).
   797 | D:2      | 797 ||| Stepping randomly (stuck).
   798 | D:2      | 798 ||| Stepping randomly (stuck).
   799 | D:2      | 799 ||| Stepping randomly (stuck).
   800 | D:2      | 800 ||| Stepping randomly (stuck).
   801 | D:2      | 801 ||| Stepping randomly (stuck).
   802 | D:2      | 802 ||| Stepping randomly (stuck).
   803 | D:2      | 803 ||| Stepping randomly (stuck).
   804 | D:2      | 804 ||| Stepping randomly (stuck).
   805 | D:2      | 805 ||| Stepping randomly (stuck).
   806 | D:2      | 806 ||| Stepping randomly (stuck).
   807 | D:2      | 807 ||| Stepping randomly (stuck).
   808 | D:2      | 808 ||| Stepping randomly (stuck).
   809 | D:2      | 809 ||| Stepping randomly (stuck).
   810 | D:2      | 810 ||| Stepping randomly (stuck).
   811 | D:2      | 811 ||| Stepping randomly (stuck).
   812 | D:2      | 812 ||| Stepping randomly (stuck).
   813 | D:2      | 813 ||| Stepping randomly (stuck).
   814 | D:2      | 814 ||| Stepping randomly (stuck).
   815 | D:2      | 815 ||| Stepping randomly (stuck).
   816 | D:2      | 816 ||| Stepping randomly (stuck).
   817 | D:2      | 817 ||| Stepping randomly (stuck).
   818 | D:2      | 818 ||| Stepping randomly (stuck).
   819 | D:2      | 819 ||| Stepping randomly (stuck).
   820 | D:2      | 820 ||| Stepping randomly (stuck).
   821 | D:2      | 821 ||| Stepping randomly (stuck).
   822 | D:2      | 822 ||| Stepping randomly (stuck).
   823 | D:2      | 823 ||| Stepping randomly (stuck).
   824 | D:2      | 824 ||| Stepping randomly (stuck).
   825 | D:2      | 825 ||| Stepping randomly (stuck).
   826 | D:2      | 826 ||| Stepping randomly (stuck).
   827 | D:2      | 827 ||| Stepping randomly (stuck).
   828 | D:2      | 828 ||| Stepping randomly (stuck).
   829 | D:2      | 829 ||| Stepping randomly (stuck).
   830 | D:2      | 830 ||| Stepping randomly (stuck).
   831 | D:2      | 831 ||| Stepping randomly (stuck).
   832 | D:2      | 832 ||| Stepping randomly (stuck).
   833 | D:2      | 833 ||| Stepping randomly (stuck).
   834 | D:2      | 834 ||| Stepping randomly (stuck).
   835 | D:2      | 835 ||| Stepping randomly (stuck).
   836 | D:2      | 836 ||| Stepping randomly (stuck).
   837 | D:2      | 837 ||| Stepping randomly (stuck).
   838 | D:2      | 838 ||| Stepping randomly (stuck).
   839 | D:2      | 839 ||| Stepping randomly (stuck).
   840 | D:2      | 840 ||| Stepping randomly (stuck).
   841 | D:2      | 841 ||| Stepping randomly (stuck).
   842 | D:2      | 842 ||| Stepping randomly (stuck).
   843 | D:2      | 843 ||| Stepping randomly (stuck).
   844 | D:2      | 844 ||| Stepping randomly (stuck).
   845 | D:2      | 845 ||| Stepping randomly (stuck).
   846 | D:2      | 846 ||| Stepping randomly (stuck).
   847 | D:2      | 847 ||| Stepping randomly (stuck).
   848 | D:2      | 848 ||| Stepping randomly (stuck).
   849 | D:2      | 849 ||| Stepping randomly (stuck).
   850 | D:2      | 850 ||| Stepping randomly (stuck).
   851 | D:2      | 851 ||| Stepping randomly (stuck).
   852 | D:2      | 852 ||| Stepping randomly (stuck).
   853 | D:2      | 853 ||| Stepping randomly (stuck).
   854 | D:2      | 854 ||| Stepping randomly (stuck).
   855 | D:2      | 855 ||| Stepping randomly (stuck).
   856 | D:2      | 856 ||| Stepping randomly (stuck).
   857 | D:2      | 857 ||| Stepping randomly (stuck).
   858 | D:2      | 858 ||| Stepping randomly (stuck).
   859 | D:2      | 859 ||| Stepping randomly (stuck).
   860 | D:2      | 860 ||| Stepping randomly (stuck).
   861 | D:2      | 861 ||| Stepping randomly (stuck).
   862 | D:2      | 862 ||| Stepping randomly (stuck).
   863 | D:2      | 863 ||| Stepping randomly (stuck).
   864 | D:2      | 864 ||| Stepping randomly (stuck).
   865 | D:2      | 865 ||| Stepping randomly (stuck).
   867 | D:2      | 867 ||| READING 2 scrolls of identify.
   867 | D:2      | 867 ||| IDENTIFYING grey potion
   868 | D:2      | 868 ||| Stepping randomly (stuck).
   869 | D:2      | 869 ||| Stepping randomly (stuck).
   870 | D:2      | 870 ||| Stepping randomly (stuck).
   871 | D:2      | 871 ||| Stepping randomly (stuck).
   872 | D:2      | 872 ||| Stepping randomly (stuck).
   873 | D:2      | 873 ||| Stepping randomly (stuck).
   874 | D:2      | 874 ||| Stepping randomly (stuck).
   875 | D:2      | 875 ||| Stepping randomly (stuck).
   876 | D:2      | 876 ||| Stepping randomly (stuck).
   877 | D:2      | 877 ||| Stepping randomly (stuck).
   878 | D:2      | 878 ||| Stepping randomly (stuck).
   879 | D:2      | 879 ||| Stepping randomly (stuck).
   880 | D:2      | 880 ||| Stepping randomly (stuck).
   881 | D:2      | 881 ||| Stepping randomly (stuck).
   882 | D:2      | 882 ||| Stepping randomly (stuck).
   883 | D:2      | 883 ||| Stepping randomly (stuck).
   884 | D:2      | 884 ||| Stepping randomly (stuck).
   885 | D:2      | 885 ||| Stepping randomly (stuck).
   886 | D:2      | 886 ||| Stepping randomly (stuck).
   887 | D:2      | 887 ||| Stepping randomly (stuck).
   888 | D:2      | 888 ||| Stepping randomly (stuck).
   889 | D:2      | 889 ||| Stepping randomly (stuck).
   890 | D:2      | 890 ||| Stepping randomly (stuck).
   891 | D:2      | 891 ||| Stepping randomly (stuck).
   892 | D:2      | 892 ||| Stepping randomly (stuck).
   893 | D:2      | 893 ||| Stepping randomly (stuck).
   894 | D:2      | 894 ||| Stepping randomly (stuck).
   895 | D:2      | 895 ||| Stepping randomly (stuck).
   896 | D:2      | 896 ||| Stepping randomly (stuck).
   897 | D:2      | 897 ||| Stepping randomly (stuck).
   898 | D:2      | 898 ||| Stepping randomly (stuck).
   899 | D:2      | 899 ||| Stepping randomly (stuck).
   900 | D:2      | 900 ||| Stepping randomly (stuck).
   901 | D:2      | 901 ||| Stepping randomly (stuck).
   902 | D:2      | 902 ||| Stepping randomly (stuck).
   903 | D:2      | 903 ||| Stepping randomly (stuck).
   904 | D:2      | 904 ||| Stepping randomly (stuck).
   905 | D:2      | 905 ||| Stepping randomly (stuck).
   906 | D:2      | 906 ||| Stepping randomly (stuck).
   907 | D:2      | 907 ||| Stepping randomly (stuck).
   908 | D:2      | 908 ||| Stepping randomly (stuck).
   909 | D:2      | 909 ||| Stepping randomly (stuck).
   910 | D:2      | 910 ||| Stepping randomly (stuck).
   911 | D:2      | 911 ||| Stepping randomly (stuck).
   912 | D:2      | 912 ||| Stepping randomly (stuck).
   913 | D:2      | 913 ||| Stepping randomly (stuck).
   914 | D:2      | 914 ||| Stepping randomly (stuck).
   915 | D:2      | 915 ||| Stepping randomly (stuck).
   916 | D:2      | 916 ||| Stepping randomly (stuck).
   917 | D:2      | 917 ||| Stepping randomly (stuck).
   918 | D:2      | 918 ||| Stepping randomly (stuck).
   919 | D:2      | 919 ||| Stepping randomly (stuck).
   920 | D:2      | 920 ||| Stepping randomly (stuck).
   921 | D:2      | 921 ||| Stepping randomly (stuck).
   922 | D:2      | 922 ||| Stepping randomly (stuck).
   923 | D:2      | 923 ||| Stepping randomly (stuck).
   924 | D:2      | 924 ||| Stepping randomly (stuck).
   925 | D:2      | 925 ||| Stepping randomly (stuck).
   926 | D:2      | 926 ||| Stepping randomly (stuck).
   927 | D:2      | 927 ||| Stepping randomly (stuck).
   928 | D:2      | 928 ||| Stepping randomly (stuck).
   929 | D:2      | 929 ||| Stepping randomly (stuck).
   930 | D:2      | 930 ||| Stepping randomly (stuck).
   931 | D:2      | 931 ||| Stepping randomly (stuck).
   932 | D:2      | 932 ||| Stepping randomly (stuck).
   933 | D:2      | 933 ||| Stepping randomly (stuck).
   934 | D:2      | 934 ||| Stepping randomly (stuck).
   935 | D:2      | 935 ||| Stepping randomly (stuck).
   936 | D:2      | 936 ||| Stepping randomly (stuck).
   937 | D:2      | 937 ||| Stepping randomly (stuck).
   938 | D:2      | 938 ||| Stepping randomly (stuck).
   939 | D:2      | 939 ||| Stepping randomly (stuck).
   940 | D:2      | 940 ||| Stepping randomly (stuck).
   941 | D:2      | 941 ||| Stepping randomly (stuck).
   942 | D:2      | 942 ||| Stepping randomly (stuck).
   943 | D:2      | 943 ||| Stepping randomly (stuck).
   944 | D:2      | 944 ||| Stepping randomly (stuck).
   945 | D:2      | 945 ||| Stepping randomly (stuck).
   946 | D:2      | 946 ||| Stepping randomly (stuck).
   947 | D:2      | 947 ||| Stepping randomly (stuck).
   948 | D:2      | 948 ||| Stepping randomly (stuck).
   949 | D:2      | 949 ||| Stepping randomly (stuck).
   950 | D:2      | 950 ||| Stepping randomly (stuck).
   951 | D:2      | 951 ||| Stepping randomly (stuck).
   952 | D:2      | 952 ||| Stepping randomly (stuck).
   953 | D:2      | 953 ||| Stepping randomly (stuck).
   954 | D:2      | 954 ||| Stepping randomly (stuck).
   955 | D:2      | 955 ||| Stepping randomly (stuck).
   956 | D:2      | 956 ||| Stepping randomly (stuck).
   957 | D:2      | 957 ||| Stepping randomly (stuck).
   958 | D:2      | 958 ||| Stepping randomly (stuck).
   959 | D:2      | 959 ||| Stepping randomly (stuck).
   960 | D:2      | 960 ||| Stepping randomly (stuck).
   961 | D:2      | 961 ||| Stepping randomly (stuck).
   962 | D:2      | 962 ||| Stepping randomly (stuck).
   963 | D:2      | 963 ||| Stepping randomly (stuck).
   964 | D:2      | 964 ||| Stepping randomly (stuck).
   965 | D:2      | 965 ||| Stepping randomly (stuck).
   966 | D:2      | 966 ||| Stepping randomly (stuck).
   967 | D:2      | 967 ||| Stepping randomly (stuck).
   968 | D:2      | 968 ||| Stepping randomly (stuck).
   969 | D:2      | 969 ||| Stepping randomly (stuck).
   970 | D:2      | 970 ||| Stepping randomly (stuck).
   971 | D:2      | 971 ||| Stepping randomly (stuck).
   972 | D:2      | 972 ||| Stepping randomly (stuck).
   973 | D:2      | 973 ||| Stepping randomly (stuck).
   974 | D:2      | 974 ||| Stepping randomly (stuck).
   975 | D:2      | 975 ||| Stepping randomly (stuck).
   976 | D:2      | 976 ||| Stepping randomly (stuck).
   977 | D:2      | 977 ||| Stepping randomly (stuck).
   978 | D:2      | 978 ||| Stepping randomly (stuck).
   979 | D:2      | 979 ||| Stepping randomly (stuck).
   980 | D:2      | 980 ||| Stepping randomly (stuck).
   981 | D:2      | 981 ||| Stepping randomly (stuck).
   982 | D:2      | 982 ||| Stepping randomly (stuck).
   983 | D:2      | 983 ||| Stepping randomly (stuck).
   984 | D:2      | 984 ||| Stepping randomly (stuck).
   985 | D:2      | 985 ||| Stepping randomly (stuck).
   986 | D:2      | 986 ||| Stepping randomly (stuck).
   987 | D:2      | 987 ||| Stepping randomly (stuck).
   988 | D:2      | 988 ||| Stepping randomly (stuck).
   989 | D:2      | 989 ||| Stepping randomly (stuck).
   990 | D:2      | 990 ||| Stepping randomly (stuck).
   991 | D:2      | 991 ||| Stepping randomly (stuck).
   992 | D:2      | 992 ||| Stepping randomly (stuck).
   993 | D:2      | 993 ||| Stepping randomly (stuck).
   994 | D:2      | 994 ||| Stepping randomly (stuck).
   995 | D:2      | 995 ||| Stepping randomly (stuck).
   996 | D:2      | 996 ||| Stepping randomly (stuck).
   997 | D:2      | 997 ||| Stepping randomly (stuck).
   998 | D:2      | 998 ||| Stepping randomly (stuck).
   999 | D:2      | 999 ||| Stepping randomly (stuck).
  1000 | D:2      | 1000 ||| Stepping randomly (stuck).
  1001 | D:2      | 1001 ||| Stepping randomly (stuck).
  1002 | D:2      | 1002 ||| Stepping randomly (stuck).
  1003 | D:2      | 1003 ||| Stepping randomly (stuck).
  1004 | D:2      | 1004 ||| Stepping randomly (stuck).
  1005 | D:2      | 1005 ||| Stepping randomly (stuck).
  1006 | D:2      | 1006 ||| Stepping randomly (stuck).
  1007 | D:2      | 1007 ||| Stepping randomly (stuck).
  1008 | D:2      | 1008 ||| Stepping randomly (stuck).
  1009 | D:2      | 1009 ||| Stepping randomly (stuck).
  1010 | D:2      | 1010 ||| Stepping randomly (stuck).
  1011 | D:2      | 1011 ||| Stepping randomly (stuck).
  1012 | D:2      | 1012 ||| Stepping randomly (stuck).
  1013 | D:2      | 1013 ||| Stepping randomly (stuck).
  1014 | D:2      | 1014 ||| Stepping randomly (stuck).
  1015 | D:2      | 1015 ||| Stepping randomly (stuck).
  1016 | D:2      | 1016 ||| Stepping randomly (stuck).
  1017 | D:2      | 1017 ||| Stepping randomly (stuck).
  1018 | D:2      | 1018 ||| Stepping randomly (stuck).
  1019 | D:2      | 1019 ||| Stepping randomly (stuck).
  1020 | D:2      | 1020 ||| Stepping randomly (stuck).
  1021 | D:2      | 1021 ||| Stepping randomly (stuck).
  1022 | D:2      | 1022 ||| Stepping randomly (stuck).
  1023 | D:2      | 1023 ||| Stepping randomly (stuck).
  1024 | D:2      | 1024 ||| Stepping randomly (stuck).
  1025 | D:2      | 1025 ||| Stepping randomly (stuck).
  1026 | D:2      | 1026 ||| Stepping randomly (stuck).
  1027 | D:2      | 1027 ||| Stepping randomly (stuck).
  1028 | D:2      | 1028 ||| Stepping randomly (stuck).
  1029 | D:2      | 1029 ||| Stepping randomly (stuck).
  1030 | D:2      | 1030 ||| Stepping randomly (stuck).
  1031 | D:2      | 1031 ||| Stepping randomly (stuck).
  1032 | D:2      | 1032 ||| Stepping randomly (stuck).
  1033 | D:2      | 1033 ||| Stepping randomly (stuck).
  1034 | D:2      | 1034 ||| Stepping randomly (stuck).
  1035 | D:2      | 1035 ||| Stepping randomly (stuck).
  1036 | D:2      | 1036 ||| Stepping randomly (stuck).
  1037 | D:2      | 1037 ||| Stepping randomly (stuck).
  1038 | D:2      | 1038 ||| Stepping randomly (stuck).
  1039 | D:2      | 1039 ||| Stepping randomly (stuck).
  1040 | D:2      | 1040 ||| Stepping randomly (stuck).
  1041 | D:2      | 1041 ||| Stepping randomly (stuck).
  1042 | D:2      | 1042 ||| Stepping randomly (stuck).
  1043 | D:2      | 1043 ||| Stepping randomly (stuck).
  1044 | D:2      | 1044 ||| Stepping randomly (stuck).
  1045 | D:2      | 1045 ||| Stepping randomly (stuck).
  1046 | D:2      | 1046 ||| Stepping randomly (stuck).
  1047 | D:2      | 1047 ||| Stepping randomly (stuck).
  1048 | D:2      | 1048 ||| Stepping randomly (stuck).
  1049 | D:2      | 1049 ||| Stepping randomly (stuck).
  1050 | D:2      | 1050 ||| Stepping randomly (stuck).
  1051 | D:2      | 1051 ||| Stepping randomly (stuck).
  1052 | D:2      | 1052 ||| Stepping randomly (stuck).
  1053 | D:2      | 1053 ||| Stepping randomly (stuck).
  1054 | D:2      | 1054 ||| Stepping randomly (stuck).
  1055 | D:2      | 1055 ||| Stepping randomly (stuck).
  1056 | D:2      | 1056 ||| Stepping randomly (stuck).
  1057 | D:2      | 1057 ||| Stepping randomly (stuck).
  1058 | D:2      | 1058 ||| Stepping randomly (stuck).
  1059 | D:2      | 1059 ||| Stepping randomly (stuck).
  1060 | D:2      | 1060 ||| Stepping randomly (stuck).
  1061 | D:2      | 1061 ||| Stepping randomly (stuck).
  1062 | D:2      | 1062 ||| Stepping randomly (stuck).
  1063 | D:2      | 1063 ||| Stepping randomly (stuck).
  1064 | D:2      | 1064 ||| Stepping randomly (stuck).
  1065 | D:2      | 1065 ||| Stepping randomly (stuck).
  1066 | D:2      | 1066 ||| Stepping randomly (stuck).
  1067 | D:2      | 1067 ||| Stepping randomly (stuck).
  1068 | D:2      | 1068 ||| Stepping randomly (stuck).
  1069 | D:2      | 1069 ||| Stepping randomly (stuck).
  1070 | D:2      | 1070 ||| Stepping randomly (stuck).
  1071 | D:2      | 1071 ||| Stepping randomly (stuck).
  1072 | D:2      | 1072 ||| Stepping randomly (stuck).
  1073 | D:2      | 1073 ||| Stepping randomly (stuck).
  1074 | D:2      | 1074 ||| Stepping randomly (stuck).
  1075 | D:2      | 1075 ||| Stepping randomly (stuck).
  1076 | D:2      | 1076 ||| Stepping randomly (stuck).
  1077 | D:2      | 1077 ||| Stepping randomly (stuck).
  1078 | D:2      | 1078 ||| Stepping randomly (stuck).
  1079 | D:2      | 1079 ||| Stepping randomly (stuck).
  1080 | D:2      | 1080 ||| Stepping randomly (stuck).
  1081 | D:2      | 1081 ||| Stepping randomly (stuck).
  1082 | D:2      | 1082 ||| Stepping randomly (stuck).
  1083 | D:2      | 1083 ||| Stepping randomly (stuck).
  1084 | D:2      | 1084 ||| Stepping randomly (stuck).
  1085 | D:2      | 1085 ||| Stepping randomly (stuck).
  1086 | D:2      | 1086 ||| Stepping randomly (stuck).
  1087 | D:2      | 1087 ||| Stepping randomly (stuck).
  1088 | D:2      | 1088 ||| Stepping randomly (stuck).
  1089 | D:2      | 1089 ||| Stepping randomly (stuck).
  1090 | D:2      | 1090 ||| Stepping randomly (stuck).
  1091 | D:2      | 1091 ||| Stepping randomly (stuck).
  1092 | D:2      | 1092 ||| Stepping randomly (stuck).
  1093 | D:2      | 1093 ||| Stepping randomly (stuck).
  1094 | D:2      | 1094 ||| Stepping randomly (stuck).
  1095 | D:2      | 1095 ||| Stepping randomly (stuck).
  1096 | D:2      | 1096 ||| Stepping randomly (stuck).
  1097 | D:2      | 1097 ||| Stepping randomly (stuck).
  1098 | D:2      | 1098 ||| Stepping randomly (stuck).
  1099 | D:2      | 1099 ||| Stepping randomly (stuck).
  1100 | D:2      | 1100 ||| Stepping randomly (stuck).
  1101 | D:2      | 1101 ||| Stepping randomly (stuck).
  1102 | D:2      | 1102 ||| Stepping randomly (stuck).
  1103 | D:2      | 1103 ||| Stepping randomly (stuck).
  1104 | D:2      | 1104 ||| Stepping randomly (stuck).
  1105 | D:2      | 1105 ||| Stepping randomly (stuck).
  1106 | D:2      | 1106 ||| Stepping randomly (stuck).
  1107 | D:2      | 1107 ||| Stepping randomly (stuck).
  1108 | D:2      | 1108 ||| Stepping randomly (stuck).
  1109 | D:2      | 1109 ||| Stepping randomly (stuck).
  1110 | D:2      | 1110 ||| Stepping randomly (stuck).
  1111 | D:2      | 1111 ||| Stepping randomly (stuck).
  1112 | D:2      | 1112 ||| Stepping randomly (stuck).
  1113 | D:2      | 1113 ||| Stepping randomly (stuck).
  1114 | D:2      | 1114 ||| Stepping randomly (stuck).
  1115 | D:2      | 1115 ||| Stepping randomly (stuck).
  1116 | D:2      | 1116 ||| Stepping randomly (stuck).
  1117 | D:2      | 1117 ||| Stepping randomly (stuck).
  1118 | D:2      | 1118 ||| Stepping randomly (stuck).
  1119 | D:2      | 1119 ||| Stepping randomly (stuck).
  1120 | D:2      | 1120 ||| Stepping randomly (stuck).
  1121 | D:2      | 1121 ||| Stepping randomly (stuck).
  1122 | D:2      | 1122 ||| Stepping randomly (stuck).
  1123 | D:2      | 1123 ||| Stepping randomly (stuck).
  1124 | D:2      | 1124 ||| Stepping randomly (stuck).
  1125 | D:2      | 1125 ||| Stepping randomly (stuck).
  1126 | D:2      | 1126 ||| Stepping randomly (stuck).
  1127 | D:2      | 1127 ||| Stepping randomly (stuck).
  1128 | D:2      | 1128 ||| Stepping randomly (stuck).
  1129 | D:2      | 1129 ||| Stepping randomly (stuck).
  1130 | D:2      | 1130 ||| Stepping randomly (stuck).
  1131 | D:2      | 1131 ||| Stepping randomly (stuck).
  1132 | D:2      | 1132 ||| Stepping randomly (stuck).
  1133 | D:2      | 1133 ||| Stepping randomly (stuck).
  1134 | D:2      | 1134 ||| Stepping randomly (stuck).
  1135 | D:2      | 1135 ||| Stepping randomly (stuck).
  1136 | D:2      | 1136 ||| Stepping randomly (stuck).
  1137 | D:2      | 1137 ||| Stepping randomly (stuck).
  1138 | D:2      | 1138 ||| Stepping randomly (stuck).
  1139 | D:2      | 1139 ||| Stepping randomly (stuck).
  1140 | D:2      | 1140 ||| Stepping randomly (stuck).
  1141 | D:2      | 1141 ||| Stepping randomly (stuck).
  1142 | D:2      | 1142 ||| Stepping randomly (stuck).
  1143 | D:2      | 1143 ||| Stepping randomly (stuck).
  1144 | D:2      | 1144 ||| Stepping randomly (stuck).
  1145 | D:2      | 1145 ||| Stepping randomly (stuck).
  1146 | D:2      | 1146 ||| Stepping randomly (stuck).
  1147 | D:2      | 1147 ||| Stepping randomly (stuck).
  1148 | D:2      | 1148 ||| Stepping randomly (stuck).
  1149 | D:2      | 1149 ||| Stepping randomly (stuck).
  1150 | D:2      | 1150 ||| Stepping randomly (stuck).
  1151 | D:2      | 1151 ||| Stepping randomly (stuck).
  1152 | D:2      | 1152 ||| Stepping randomly (stuck).
  1153 | D:2      | 1153 ||| Stepping randomly (stuck).
  1154 | D:2      | 1154 ||| Stepping randomly (stuck).
  1155 | D:2      | 1155 ||| Stepping randomly (stuck).
  1156 | D:2      | 1156 ||| Stepping randomly (stuck).
  1157 | D:2      | 1157 ||| Stepping randomly (stuck).
  1158 | D:2      | 1158 ||| Stepping randomly (stuck).
  1159 | D:2      | 1159 ||| Stepping randomly (stuck).
  1160 | D:2      | 1160 ||| Stepping randomly (stuck).
  1161 | D:2      | 1161 ||| Stepping randomly (stuck).
  1162 | D:2      | 1162 ||| Stepping randomly (stuck).
  1163 | D:2      | 1163 ||| Stepping randomly (stuck).
  1164 | D:2      | 1164 ||| Stepping randomly (stuck).
  1165 | D:2      | 1165 ||| Stepping randomly (stuck).
  1166 | D:2      | 1166 ||| Stepping randomly (stuck).
  1167 | D:2      | 1167 ||| Stepping randomly (stuck).
  1168 | D:2      | 1168 ||| Stepping randomly (stuck).
  1169 | D:2      | 1169 ||| Stepping randomly (stuck).
  1170 | D:2      | 1170 ||| Stepping randomly (stuck).
  1171 | D:2      | 1171 ||| Stepping randomly (stuck).
  1172 | D:2      | 1172 ||| Stepping randomly (stuck).
  1173 | D:2      | 1173 ||| Stepping randomly (stuck).
  1174 | D:2      | 1174 ||| Stepping randomly (stuck).
  1175 | D:2      | 1175 ||| Stepping randomly (stuck).
  1176 | D:2      | 1176 ||| Stepping randomly (stuck).
  1177 | D:2      | 1177 ||| Stepping randomly (stuck).
  1178 | D:2      | 1178 ||| Stepping randomly (stuck).
  1179 | D:2      | 1179 ||| Stepping randomly (stuck).
  1180 | D:2      | 1180 ||| Stepping randomly (stuck).
  1181 | D:2      | 1181 ||| Stepping randomly (stuck).
  1182 | D:2      | 1182 ||| Stepping randomly (stuck).
  1183 | D:2      | 1183 ||| Stepping randomly (stuck).
  1184 | D:2      | 1184 ||| Stepping randomly (stuck).
  1185 | D:2      | 1185 ||| Stepping randomly (stuck).
  1186 | D:2      | 1186 ||| Stepping randomly (stuck).
  1187 | D:2      | 1187 ||| Stepping randomly (stuck).
  1188 | D:2      | 1188 ||| Stepping randomly (stuck).
  1189 | D:2      | 1189 ||| Stepping randomly (stuck).
  1190 | D:2      | 1190 ||| Stepping randomly (stuck).
  1191 | D:2      | 1191 ||| Stepping randomly (stuck).
  1192 | D:2      | 1192 ||| Stepping randomly (stuck).
  1193 | D:2      | 1193 ||| Stepping randomly (stuck).
  1194 | D:2      | 1194 ||| Stepping randomly (stuck).
  1195 | D:2      | 1195 ||| Stepping randomly (stuck).
  1196 | D:2      | 1196 ||| Stepping randomly (stuck).
  1197 | D:2      | 1197 ||| Stepping randomly (stuck).
  1198 | D:2      | 1198 ||| Stepping randomly (stuck).
  1199 | D:2      | 1199 ||| Stepping randomly (stuck).
  1200 | D:2      | 1200 ||| Stepping randomly (stuck).
  1201 | D:2      | 1201 ||| Stepping randomly (stuck).
  1202 | D:2      | 1202 ||| Stepping randomly (stuck).
  1203 | D:2      | 1203 ||| Stepping randomly (stuck).
  1204 | D:2      | 1204 ||| Stepping randomly (stuck).
  1205 | D:2      | 1205 ||| Stepping randomly (stuck).
  1206 | D:2      | 1206 ||| Stepping randomly (stuck).
  1207 | D:2      | 1207 ||| Stepping randomly (stuck).
  1208 | D:2      | 1208 ||| Stepping randomly (stuck).
  1209 | D:2      | 1209 ||| Stepping randomly (stuck).
  1210 | D:2      | 1210 ||| Stepping randomly (stuck).
  1211 | D:2      | 1211 ||| Stepping randomly (stuck).
  1212 | D:2      | 1212 ||| Stepping randomly (stuck).
  1213 | D:2      | 1213 ||| Stepping randomly (stuck).
  1214 | D:2      | 1214 ||| Stepping randomly (stuck).
  1215 | D:2      | 1215 ||| Stepping randomly (stuck).
  1216 | D:2      | 1216 ||| Stepping randomly (stuck).
  1217 | D:2      | 1217 ||| Stepping randomly (stuck).
  1218 | D:2      | 1218 ||| Stepping randomly (stuck).
  1219 | D:2      | 1219 ||| Stepping randomly (stuck).
  1220 | D:2      | 1220 ||| Stepping randomly (stuck).
  1221 | D:2      | 1221 ||| Stepping randomly (stuck).
  1222 | D:2      | 1222 ||| Stepping randomly (stuck).
  1223 | D:2      | 1223 ||| Stepping randomly (stuck).
  1224 | D:2      | 1224 ||| Stepping randomly (stuck).
  1225 | D:2      | 1225 ||| Stepping randomly (stuck).
  1226 | D:2      | 1226 ||| Stepping randomly (stuck).
  1227 | D:2      | 1227 ||| Stepping randomly (stuck).
  1228 | D:2      | 1228 ||| Stepping randomly (stuck).
  1229 | D:2      | 1229 ||| Stepping randomly (stuck).
  1230 | D:2      | 1230 ||| Stepping randomly (stuck).
  1231 | D:2      | 1231 ||| Stepping randomly (stuck).
  1232 | D:2      | 1232 ||| Stepping randomly (stuck).
  1233 | D:2      | 1233 ||| Stepping randomly (stuck).
  1234 | D:2      | 1234 ||| Stepping randomly (stuck).
  1235 | D:2      | 1235 ||| Stepping randomly (stuck).
  1236 | D:2      | 1236 ||| Stepping randomly (stuck).
  1237 | D:2      | 1237 ||| Stepping randomly (stuck).
  1238 | D:2      | 1238 ||| Stepping randomly (stuck).
  1239 | D:2      | 1239 ||| Stepping randomly (stuck).
  1240 | D:2      | 1240 ||| Stepping randomly (stuck).
  1241 | D:2      | 1241 ||| Stepping randomly (stuck).
  1242 | D:2      | 1242 ||| Stepping randomly (stuck).
  1243 | D:2      | 1243 ||| Stepping randomly (stuck).
  1244 | D:2      | 1244 ||| Stepping randomly (stuck).
  1245 | D:2      | 1245 ||| Stepping randomly (stuck).
  1246 | D:2      | 1246 ||| Stepping randomly (stuck).
  1247 | D:2      | 1247 ||| Stepping randomly (stuck).
  1248 | D:2      | 1248 ||| Stepping randomly (stuck).
  1249 | D:2      | 1249 ||| Stepping randomly (stuck).
  1250 | D:2      | 1250 ||| Stepping randomly (stuck).
  1251 | D:2      | 1251 ||| Stepping randomly (stuck).
  1252 | D:2      | 1252 ||| Stepping randomly (stuck).
  1253 | D:2      | 1253 ||| Stepping randomly (stuck).
  1254 | D:2      | 1254 ||| Stepping randomly (stuck).
  1255 | D:2      | 1255 ||| Stepping randomly (stuck).
  1256 | D:2      | 1256 ||| Stepping randomly (stuck).
  1257 | D:2      | 1257 ||| Stepping randomly (stuck).
  1258 | D:2      | 1258 ||| Stepping randomly (stuck).
  1259 | D:2      | 1259 ||| Stepping randomly (stuck).
  1260 | D:2      | 1260 ||| Stepping randomly (stuck).
  1261 | D:2      | 1261 ||| Stepping randomly (stuck).
  1262 | D:2      | 1262 ||| Stepping randomly (stuck).
  1263 | D:2      | 1263 ||| Stepping randomly (stuck).
  1264 | D:2      | 1264 ||| Stepping randomly (stuck).
  1265 | D:2      | 1265 ||| Stepping randomly (stuck).
  1266 | D:2      | 1266 ||| Stepping randomly (stuck).
  1267 | D:2      | 1267 ||| Stepping randomly (stuck).
  1268 | D:2      | 1268 ||| Stepping randomly (stuck).
  1269 | D:2      | 1269 ||| Stepping randomly (stuck).
  1270 | D:2      | 1270 ||| Stepping randomly (stuck).
  1271 | D:2      | 1271 ||| Stepping randomly (stuck).
  1272 | D:2      | 1272 ||| Stepping randomly (stuck).
  1273 | D:2      | 1273 ||| Stepping randomly (stuck).
  1274 | D:2      | 1274 ||| Stepping randomly (stuck).
  1275 | D:2      | 1275 ||| Stepping randomly (stuck).
  1276 | D:2      | 1276 ||| Stepping randomly (stuck).
  1277 | D:2      | 1277 ||| Stepping randomly (stuck).
  1278 | D:2      | 1278 ||| Stepping randomly (stuck).
  1279 | D:2      | 1279 ||| Stepping randomly (stuck).
  1280 | D:2      | 1280 ||| Stepping randomly (stuck).
  1281 | D:2      | 1281 ||| Stepping randomly (stuck).
  1282 | D:2      | 1282 ||| Stepping randomly (stuck).
  1283 | D:2      | 1283 ||| Stepping randomly (stuck).
  1284 | D:2      | 1284 ||| Stepping randomly (stuck).
  1285 | D:2      | 1285 ||| Stepping randomly (stuck).
  1286 | D:2      | 1286 ||| Stepping randomly (stuck).
  1287 | D:2      | 1287 ||| Stepping randomly (stuck).
  1288 | D:2      | 1288 ||| Stepping randomly (stuck).
  1289 | D:2      | 1289 ||| Stepping randomly (stuck).
  1290 | D:2      | 1290 ||| Stepping randomly (stuck).
  1291 | D:2      | 1291 ||| Stepping randomly (stuck).
  1292 | D:2      | 1292 ||| Stepping randomly (stuck).
  1293 | D:2      | 1293 ||| Stepping randomly (stuck).
  1294 | D:2      | 1294 ||| Stepping randomly (stuck).
  1295 | D:2      | 1295 ||| Stepping randomly (stuck).
  1296 | D:2      | 1296 ||| Stepping randomly (stuck).
  1297 | D:2      | 1297 ||| Stepping randomly (stuck).
  1298 | D:2      | 1298 ||| Stepping randomly (stuck).
  1299 | D:2      | 1299 ||| Stepping randomly (stuck).
  1300 | D:2      | 1300 ||| Stepping randomly (stuck).
  1301 | D:2      | 1301 ||| Stepping randomly (stuck).
  1302 | D:2      | 1302 ||| Stepping randomly (stuck).
  1303 | D:2      | 1303 ||| Stepping randomly (stuck).
  1304 | D:2      | 1304 ||| Stepping randomly (stuck).
  1305 | D:2      | 1305 ||| Stepping randomly (stuck).
  1306 | D:2      | 1306 ||| Stepping randomly (stuck).
  1307 | D:2      | 1307 ||| Stepping randomly (stuck).
  1308 | D:2      | 1308 ||| Stepping randomly (stuck).
  1309 | D:2      | 1309 ||| Stepping randomly (stuck).
  1310 | D:2      | 1310 ||| Stepping randomly (stuck).
  1311 | D:2      | 1311 ||| Stepping randomly (stuck).
  1312 | D:2      | 1312 ||| Stepping randomly (stuck).
  1313 | D:2      | 1313 ||| Stepping randomly (stuck).
  1314 | D:2      | 1314 ||| Stepping randomly (stuck).
  1315 | D:2      | 1315 ||| Stepping randomly (stuck).
  1316 | D:2      | 1316 ||| Stepping randomly (stuck).
  1317 | D:2      | 1317 ||| Stepping randomly (stuck).
  1318 | D:2      | 1318 ||| Stepping randomly (stuck).
  1319 | D:2      | 1319 ||| Stepping randomly (stuck).
  1320 | D:2      | 1320 ||| Stepping randomly (stuck).
  1321 | D:2      | 1321 ||| Stepping randomly (stuck).
  1322 | D:2      | 1322 ||| Stepping randomly (stuck).
  1323 | D:2      | 1323 ||| Stepping randomly (stuck).
  1324 | D:2      | 1324 ||| Stepping randomly (stuck).
  1325 | D:2      | 1325 ||| Stepping randomly (stuck).
  1326 | D:2      | 1326 ||| Stepping randomly (stuck).
  1327 | D:2      | 1327 ||| Stepping randomly (stuck).
  1328 | D:2      | 1328 ||| Stepping randomly (stuck).
  1329 | D:2      | 1329 ||| Stepping randomly (stuck).
  1330 | D:2      | 1330 ||| Stepping randomly (stuck).
  1331 | D:2      | 1331 ||| Stepping randomly (stuck).
  1332 | D:2      | 1332 ||| Stepping randomly (stuck).
  1333 | D:2      | 1333 ||| Stepping randomly (stuck).
  1334 | D:2      | 1334 ||| Stepping randomly (stuck).
  1335 | D:2      | 1335 ||| Stepping randomly (stuck).
  1336 | D:2      | 1336 ||| Stepping randomly (stuck).
  1337 | D:2      | 1337 ||| Stepping randomly (stuck).
  1338 | D:2      | 1338 ||| Stepping randomly (stuck).
  1339 | D:2      | 1339 ||| Stepping randomly (stuck).
  1340 | D:2      | 1340 ||| Stepping randomly (stuck).
  1341 | D:2      | 1341 ||| Stepping randomly (stuck).
  1342 | D:2      | 1342 ||| Stepping randomly (stuck).
  1343 | D:2      | 1343 ||| Stepping randomly (stuck).
  1344 | D:2      | 1344 ||| Stepping randomly (stuck).
  1345 | D:2      | 1345 ||| Stepping randomly (stuck).
  1346 | D:2      | 1346 ||| Stepping randomly (stuck).
  1347 | D:2      | 1347 ||| Stepping randomly (stuck).
  1348 | D:2      | 1348 ||| Stepping randomly (stuck).
  1349 | D:2      | 1349 ||| Stepping randomly (stuck).
  1350 | D:2      | 1350 ||| Stepping randomly (stuck).
  1351 | D:2      | 1351 ||| Stepping randomly (stuck).
  1352 | D:2      | 1352 ||| Stepping randomly (stuck).
  1353 | D:2      | 1353 ||| Stepping randomly (stuck).
  1354 | D:2      | 1354 ||| Stepping randomly (stuck).
  1355 | D:2      | 1355 ||| Stepping randomly (stuck).
  1356 | D:2      | 1356 ||| Stepping randomly (stuck).
  1357 | D:2      | 1357 ||| Stepping randomly (stuck).
  1358 | D:2      | 1358 ||| Stepping randomly (stuck).
  1359 | D:2      | 1359 ||| Stepping randomly (stuck).
  1360 | D:2      | 1360 ||| Stepping randomly (stuck).
  1361 | D:2      | 1361 ||| Stepping randomly (stuck).
  1362 | D:2      | 1362 ||| Stepping randomly (stuck).
  1363 | D:2      | 1363 ||| Stepping randomly (stuck).
  1364 | D:2      | 1364 ||| Stepping randomly (stuck).
  1365 | D:2      | 1365 ||| Stepping randomly (stuck).
  1366 | D:2      | 1366 ||| Stepping randomly (stuck).
  1367 | D:2      | 1367 ||| Stepping randomly (stuck).
  1368 | D:2      | 1368 ||| Stepping randomly (stuck).
  1369 | D:2      | 1369 ||| Stepping randomly (stuck).
  1370 | D:2      | 1370 ||| Stepping randomly (stuck).
  1371 | D:2      | 1371 ||| Stepping randomly (stuck).
  1372 | D:2      | 1372 ||| Stepping randomly (stuck).
  1373 | D:2      | 1373 ||| Stepping randomly (stuck).
  1374 | D:2      | 1374 ||| Stepping randomly (stuck).
  1375 | D:2      | 1375 ||| Stepping randomly (stuck).
  1376 | D:2      | 1376 ||| Stepping randomly (stuck).
  1377 | D:2      | 1377 ||| Stepping randomly (stuck).
  1378 | D:2      | 1378 ||| Stepping randomly (stuck).
  1379 | D:2      | 1379 ||| Stepping randomly (stuck).
  1380 | D:2      | 1380 ||| Stepping randomly (stuck).
  1381 | D:2      | 1381 ||| Stepping randomly (stuck).
  1382 | D:2      | 1382 ||| Stepping randomly (stuck).
  1383 | D:2      | 1383 ||| Stepping randomly (stuck).
  1384 | D:2      | 1384 ||| Stepping randomly (stuck).
  1385 | D:2      | 1385 ||| Stepping randomly (stuck).
  1386 | D:2      | 1386 ||| Stepping randomly (stuck).
  1387 | D:2      | 1387 ||| Stepping randomly (stuck).
  1388 | D:2      | 1388 ||| Stepping randomly (stuck).
  1389 | D:2      | 1389 ||| Stepping randomly (stuck).
  1390 | D:2      | 1390 ||| Stepping randomly (stuck).
  1391 | D:2      | 1391 ||| Stepping randomly (stuck).
  1392 | D:2      | 1392 ||| Stepping randomly (stuck).
  1393 | D:2      | 1393 ||| Stepping randomly (stuck).
  1394 | D:2      | 1394 ||| Stepping randomly (stuck).
  1395 | D:2      | 1395 ||| Stepping randomly (stuck).
  1396 | D:2      | 1396 ||| Stepping randomly (stuck).
  1397 | D:2      | 1397 ||| Stepping randomly (stuck).
  1398 | D:2      | 1398 ||| Stepping randomly (stuck).
  1399 | D:2      | 1399 ||| Stepping randomly (stuck).
  1400 | D:2      | 1400 ||| Stepping randomly (stuck).
  1401 | D:2      | 1401 ||| Stepping randomly (stuck).
  1402 | D:2      | 1402 ||| Stepping randomly (stuck).
  1403 | D:2      | 1403 ||| Stepping randomly (stuck).
  1404 | D:2      | 1404 ||| Stepping randomly (stuck).
  1405 | D:2      | 1405 ||| Stepping randomly (stuck).
  1406 | D:2      | 1406 ||| Stepping randomly (stuck).
  1407 | D:2      | 1407 ||| Stepping randomly (stuck).
  1408 | D:2      | 1408 ||| Stepping randomly (stuck).
  1409 | D:2      | 1409 ||| Stepping randomly (stuck).
  1410 | D:2      | 1410 ||| Stepping randomly (stuck).
  1411 | D:2      | 1411 ||| Stepping randomly (stuck).
  1412 | D:2      | 1412 ||| Stepping randomly (stuck).
  1413 | D:2      | 1413 ||| Stepping randomly (stuck).
  1414 | D:2      | 1414 ||| Stepping randomly (stuck).
  1415 | D:2      | 1415 ||| Stepping randomly (stuck).
  1416 | D:2      | 1416 ||| Stepping randomly (stuck).
  1417 | D:2      | 1417 ||| Stepping randomly (stuck).
  1418 | D:2      | 1418 ||| Stepping randomly (stuck).
  1419 | D:2      | 1419 ||| Stepping randomly (stuck).
  1420 | D:2      | 1420 ||| Stepping randomly (stuck).
  1421 | D:2      | 1421 ||| Stepping randomly (stuck).
  1422 | D:2      | 1422 ||| Stepping randomly (stuck).
  1423 | D:2      | 1423 ||| Stepping randomly (stuck).
  1424 | D:2      | 1424 ||| Stepping randomly (stuck).
  1425 | D:2      | 1425 ||| Stepping randomly (stuck).
  1426 | D:2      | 1426 ||| Stepping randomly (stuck).
  1427 | D:2      | 1427 ||| Stepping randomly (stuck).
  1428 | D:2      | 1428 ||| Stepping randomly (stuck).
  1429 | D:2      | 1429 ||| Stepping randomly (stuck).
  1430 | D:2      | 1430 ||| Stepping randomly (stuck).
  1431 | D:2      | 1431 ||| Stepping randomly (stuck).
  1432 | D:2      | 1432 ||| Stepping randomly (stuck).
  1433 | D:2      | 1433 ||| Stepping randomly (stuck).
  1434 | D:2      | 1434 ||| Stepping randomly (stuck).
  1435 | D:2      | 1435 ||| Stepping randomly (stuck).
  1436 | D:2      | 1436 ||| Stepping randomly (stuck).
  1437 | D:2      | 1437 ||| Stepping randomly (stuck).
  1438 | D:2      | 1438 ||| Stepping randomly (stuck).
  1439 | D:2      | 1439 ||| Stepping randomly (stuck).
  1440 | D:2      | 1440 ||| Stepping randomly (stuck).
  1441 | D:2      | 1441 ||| Stepping randomly (stuck).
  1442 | D:2      | 1442 ||| Stepping randomly (stuck).
  1443 | D:2      | 1443 ||| Stepping randomly (stuck).
  1444 | D:2      | 1444 ||| Stepping randomly (stuck).
  1445 | D:2      | 1445 ||| Stepping randomly (stuck).
  1446 | D:2      | 1446 ||| Stepping randomly (stuck).
  1447 | D:2      | 1447 ||| Stepping randomly (stuck).
  1448 | D:2      | 1448 ||| Stepping randomly (stuck).
  1449 | D:2      | 1449 ||| Stepping randomly (stuck).
  1450 | D:2      | 1450 ||| Stepping randomly (stuck).
  1451 | D:2      | 1451 ||| Stepping randomly (stuck).
  1452 | D:2      | 1452 ||| Stepping randomly (stuck).
  1453 | D:2      | 1453 ||| Stepping randomly (stuck).
  1454 | D:2      | 1454 ||| Stepping randomly (stuck).
  1455 | D:2      | 1455 ||| Stepping randomly (stuck).
  1456 | D:2      | 1456 ||| Stepping randomly (stuck).
  1457 | D:2      | 1457 ||| Stepping randomly (stuck).
  1458 | D:2      | 1458 ||| Stepping randomly (stuck).
  1459 | D:2      | 1459 ||| Stepping randomly (stuck).
  1460 | D:2      | 1460 ||| Stepping randomly (stuck).
  1461 | D:2      | 1461 ||| Stepping randomly (stuck).
  1462 | D:2      | 1462 ||| Stepping randomly (stuck).
  1463 | D:2      | 1463 ||| Stepping randomly (stuck).
  1464 | D:2      | 1464 ||| Stepping randomly (stuck).
  1465 | D:2      | 1465 ||| Stepping randomly (stuck).
  1466 | D:2      | 1466 ||| Stepping randomly (stuck).
  1467 | D:2      | 1467 ||| Stepping randomly (stuck).
  1468 | D:2      | 1468 ||| Stepping randomly (stuck).
  1469 | D:2      | 1469 ||| Stepping randomly (stuck).
  1470 | D:2      | 1470 ||| Stepping randomly (stuck).
  1471 | D:2      | 1471 ||| Stepping randomly (stuck).
  1472 | D:2      | 1472 ||| Stepping randomly (stuck).
  1473 | D:2      | 1473 ||| Stepping randomly (stuck).
  1474 | D:2      | 1474 ||| Stepping randomly (stuck).
  1475 | D:2      | 1475 ||| Stepping randomly (stuck).
  1476 | D:2      | 1476 ||| Stepping randomly (stuck).
  1477 | D:2      | 1477 ||| Stepping randomly (stuck).
  1478 | D:2      | 1478 ||| Stepping randomly (stuck).
  1479 | D:2      | 1479 ||| Stepping randomly (stuck).
  1480 | D:2      | 1480 ||| Stepping randomly (stuck).
  1481 | D:2      | 1481 ||| Stepping randomly (stuck).
  1482 | D:2      | 1482 ||| Stepping randomly (stuck).
  1483 | D:2      | 1483 ||| Stepping randomly (stuck).
  1484 | D:2      | 1484 ||| Stepping randomly (stuck).
  1485 | D:2      | 1485 ||| Stepping randomly (stuck).
  1486 | D:2      | 1486 ||| Stepping randomly (stuck).
  1487 | D:2      | 1487 ||| Stepping randomly (stuck).
  1488 | D:2      | 1488 ||| Stepping randomly (stuck).
  1489 | D:2      | 1489 ||| Stepping randomly (stuck).
  1490 | D:2      | 1490 ||| Stepping randomly (stuck).
  1491 | D:2      | 1491 ||| Stepping randomly (stuck).
  1492 | D:2      | 1492 ||| Stepping randomly (stuck).
  1493 | D:2      | 1493 ||| Stepping randomly (stuck).
  1494 | D:2      | 1494 ||| Stepping randomly (stuck).
  1495 | D:2      | 1495 ||| Stepping randomly (stuck).
  1496 | D:2      | 1496 ||| Stepping randomly (stuck).
  1497 | D:2      | 1497 ||| Stepping randomly (stuck).
  1498 | D:2      | 1498 ||| Stepping randomly (stuck).
  1499 | D:2      | 1499 ||| Stepping randomly (stuck).
  1500 | D:2      | 1500 ||| Stepping randomly (stuck).
  1501 | D:2      | 1501 ||| Stepping randomly (stuck).
  1502 | D:2      | 1502 ||| Stepping randomly (stuck).
  1503 | D:2      | 1503 ||| Stepping randomly (stuck).
  1504 | D:2      | 1504 ||| Stepping randomly (stuck).
  1505 | D:2      | 1505 ||| Stepping randomly (stuck).
  1506 | D:2      | 1506 ||| Stepping randomly (stuck).
  1507 | D:2      | 1507 ||| Stepping randomly (stuck).
  1508 | D:2      | 1508 ||| Stepping randomly (stuck).
  1509 | D:2      | 1509 ||| Stepping randomly (stuck).
  1510 | D:2      | 1510 ||| Stepping randomly (stuck).
  1511 | D:2      | 1511 ||| Stepping randomly (stuck).
  1512 | D:2      | 1512 ||| Stepping randomly (stuck).
  1513 | D:2      | 1513 ||| Stepping randomly (stuck).
  1514 | D:2      | 1514 ||| Stepping randomly (stuck).
  1515 | D:2      | 1515 ||| Stepping randomly (stuck).
  1516 | D:2      | 1516 ||| Stepping randomly (stuck).
  1517 | D:2      | 1517 ||| Stepping randomly (stuck).
  1518 | D:2      | 1518 ||| Stepping randomly (stuck).
  1519 | D:2      | 1519 ||| Stepping randomly (stuck).
  1520 | D:2      | 1520 ||| Stepping randomly (stuck).
  1521 | D:2      | 1521 ||| Stepping randomly (stuck).
  1522 | D:2      | 1522 ||| Stepping randomly (stuck).
  1523 | D:2      | 1523 ||| Stepping randomly (stuck).
  1524 | D:2      | 1524 ||| Stepping randomly (stuck).
  1525 | D:2      | 1525 ||| Stepping randomly (stuck).
  1526 | D:2      | 1526 ||| Stepping randomly (stuck).
  1527 | D:2      | 1527 ||| Stepping randomly (stuck).
  1528 | D:2      | 1528 ||| Stepping randomly (stuck).
  1529 | D:2      | 1529 ||| Stepping randomly (stuck).
  1530 | D:2      | 1530 ||| Stepping randomly (stuck).
  1531 | D:2      | 1531 ||| Stepping randomly (stuck).
  1532 | D:2      | 1532 ||| Stepping randomly (stuck).
  1533 | D:2      | 1533 ||| Stepping randomly (stuck).
  1534 | D:2      | 1534 ||| Stepping randomly (stuck).
  1535 | D:2      | 1535 ||| Stepping randomly (stuck).
  1536 | D:2      | 1536 ||| Stepping randomly (stuck).
  1537 | D:2      | 1537 ||| Stepping randomly (stuck).
  1538 | D:2      | 1538 ||| Stepping randomly (stuck).
  1539 | D:2      | 1539 ||| Stepping randomly (stuck).
  1540 | D:2      | 1540 ||| Stepping randomly (stuck).
  1541 | D:2      | 1541 ||| Stepping randomly (stuck).
  1542 | D:2      | 1542 ||| Stepping randomly (stuck).
  1543 | D:2      | 1543 ||| Stepping randomly (stuck).
  1544 | D:2      | 1544 ||| Stepping randomly (stuck).
  1545 | D:2      | 1545 ||| Stepping randomly (stuck).
  1546 | D:2      | 1546 ||| Stepping randomly (stuck).
  1547 | D:2      | 1547 ||| Stepping randomly (stuck).
  1548 | D:2      | 1548 ||| Stepping randomly (stuck).
  1549 | D:2      | 1549 ||| Stepping randomly (stuck).
  1550 | D:2      | 1550 ||| Stepping randomly (stuck).
  1551 | D:2      | 1551 ||| Stepping randomly (stuck).
  1552 | D:2      | 1552 ||| Stepping randomly (stuck).
  1553 | D:2      | 1553 ||| Stepping randomly (stuck).
  1554 | D:2      | 1554 ||| Stepping randomly (stuck).
  1555 | D:2      | 1555 ||| Stepping randomly (stuck).
  1556 | D:2      | 1556 ||| Stepping randomly (stuck).
  1557 | D:2      | 1557 ||| Stepping randomly (stuck).
  1558 | D:2      | 1558 ||| Stepping randomly (stuck).
  1559 | D:2      | 1559 ||| Stepping randomly (stuck).
  1560 | D:2      | 1560 ||| Stepping randomly (stuck).
  1561 | D:2      | 1561 ||| Stepping randomly (stuck).
  1562 | D:2      | 1562 ||| Stepping randomly (stuck).
  1563 | D:2      | 1563 ||| Stepping randomly (stuck).
  1564 | D:2      | 1564 ||| Stepping randomly (stuck).
  1565 | D:2      | 1565 ||| Stepping randomly (stuck).
  1566 | D:2      | 1566 ||| Stepping randomly (stuck).
  1567 | D:2      | 1567 ||| Stepping randomly (stuck).
  1568 | D:2      | 1568 ||| Stepping randomly (stuck).
  1569 | D:2      | 1569 ||| Stepping randomly (stuck).
  1570 | D:2      | 1570 ||| Stepping randomly (stuck).
  1571 | D:2      | 1571 ||| Stepping randomly (stuck).
  1572 | D:2      | 1572 ||| Stepping randomly (stuck).
  1573 | D:2      | 1573 ||| Stepping randomly (stuck).
  1574 | D:2      | 1574 ||| Stepping randomly (stuck).
  1575 | D:2      | 1575 ||| Stepping randomly (stuck).
  1576 | D:2      | 1576 ||| Stepping randomly (stuck).
  1577 | D:2      | 1577 ||| Stepping randomly (stuck).
  1578 | D:2      | 1578 ||| Stepping randomly (stuck).
  1579 | D:2      | 1579 ||| Stepping randomly (stuck).
  1580 | D:2      | 1580 ||| Stepping randomly (stuck).
  1581 | D:2      | 1581 ||| Stepping randomly (stuck).
  1582 | D:2      | 1582 ||| Stepping randomly (stuck).
  1583 | D:2      | 1583 ||| Stepping randomly (stuck).
  1584 | D:2      | 1584 ||| Stepping randomly (stuck).
  1585 | D:2      | 1585 ||| Stepping randomly (stuck).
  1586 | D:2      | 1586 ||| Stepping randomly (stuck).
  1587 | D:2      | 1587 ||| Stepping randomly (stuck).
  1588 | D:2      | 1588 ||| Stepping randomly (stuck).
  1589 | D:2      | 1589 ||| Stepping randomly (stuck).
  1590 | D:2      | 1590 ||| Stepping randomly (stuck).
  1591 | D:2      | 1591 ||| Stepping randomly (stuck).
  1592 | D:2      | 1592 ||| Stepping randomly (stuck).
  1593 | D:2      | 1593 ||| Stepping randomly (stuck).
  1594 | D:2      | 1594 ||| Stepping randomly (stuck).
  1595 | D:2      | 1595 ||| Stepping randomly (stuck).
  1596 | D:2      | 1596 ||| Stepping randomly (stuck).
  1597 | D:2      | 1597 ||| Stepping randomly (stuck).
  1598 | D:2      | 1598 ||| Stepping randomly (stuck).
  1599 | D:2      | 1599 ||| Stepping randomly (stuck).
  1600 | D:2      | 1600 ||| Stepping randomly (stuck).
  1601 | D:2      | 1601 ||| Stepping randomly (stuck).
  1602 | D:2      | 1602 ||| Stepping randomly (stuck).
  1603 | D:2      | 1603 ||| Stepping randomly (stuck).
  1604 | D:2      | 1604 ||| Stepping randomly (stuck).
  1605 | D:2      | 1605 ||| Stepping randomly (stuck).
  1606 | D:2      | 1606 ||| Stepping randomly (stuck).
  1607 | D:2      | 1607 ||| Stepping randomly (stuck).
  1608 | D:2      | 1608 ||| Stepping randomly (stuck).
  1609 | D:2      | 1609 ||| Stepping randomly (stuck).
  1610 | D:2      | 1610 ||| Stepping randomly (stuck).
  1611 | D:2      | 1611 ||| Stepping randomly (stuck).
  1612 | D:2      | 1612 ||| Stepping randomly (stuck).
  1613 | D:2      | 1613 ||| Stepping randomly (stuck).
  1614 | D:2      | 1614 ||| Stepping randomly (stuck).
  1615 | D:2      | 1615 ||| Stepping randomly (stuck).
  1616 | D:2      | 1616 ||| Stepping randomly (stuck).
  1617 | D:2      | 1617 ||| Stepping randomly (stuck).
  1618 | D:2      | 1618 ||| Stepping randomly (stuck).
  1619 | D:2      | 1619 ||| Stepping randomly (stuck).
  1620 | D:2      | 1620 ||| Stepping randomly (stuck).
  1621 | D:2      | 1621 ||| Stepping randomly (stuck).
  1622 | D:2      | 1622 ||| Stepping randomly (stuck).
  1623 | D:2      | 1623 ||| Stepping randomly (stuck).
  1624 | D:2      | 1624 ||| Stepping randomly (stuck).
  1625 | D:2      | 1625 ||| Stepping randomly (stuck).
  1626 | D:2      | 1626 ||| Stepping randomly (stuck).
  1627 | D:2      | 1627 ||| Stepping randomly (stuck).
  1628 | D:2      | 1628 ||| Stepping randomly (stuck).
  1629 | D:2      | 1629 ||| Stepping randomly (stuck).
  1630 | D:2      | 1630 ||| Stepping randomly (stuck).
  1631 | D:2      | 1631 ||| Stepping randomly (stuck).
  1632 | D:2      | 1632 ||| Stepping randomly (stuck).
  1633 | D:2      | 1633 ||| Stepping randomly (stuck).
  1634 | D:2      | 1634 ||| Stepping randomly (stuck).
  1635 | D:2      | 1635 ||| Stepping randomly (stuck).
  1636 | D:2      | 1636 ||| Stepping randomly (stuck).
  1637 | D:2      | 1637 ||| Stepping randomly (stuck).
  1638 | D:2      | 1638 ||| Stepping randomly (stuck).
  1639 | D:2      | 1639 ||| Stepping randomly (stuck).
  1640 | D:2      | 1640 ||| Stepping randomly (stuck).
  1641 | D:2      | 1641 ||| Stepping randomly (stuck).
  1642 | D:2      | 1642 ||| Stepping randomly (stuck).
  1643 | D:2      | 1643 ||| Stepping randomly (stuck).
  1644 | D:2      | 1644 ||| Stepping randomly (stuck).
  1645 | D:2      | 1645 ||| Stepping randomly (stuck).
  1646 | D:2      | 1646 ||| Stepping randomly (stuck).
  1647 | D:2      | 1647 ||| Stepping randomly (stuck).
  1648 | D:2      | 1648 ||| Stepping randomly (stuck).
  1649 | D:2      | 1649 ||| Stepping randomly (stuck).
  1650 | D:2      | 1650 ||| Stepping randomly (stuck).
  1651 | D:2      | 1651 ||| Stepping randomly (stuck).
  1652 | D:2      | 1652 ||| Stepping randomly (stuck).
  1653 | D:2      | 1653 ||| Stepping randomly (stuck).
  1654 | D:2      | 1654 ||| Stepping randomly (stuck).
  1655 | D:2      | 1655 ||| Stepping randomly (stuck).
  1656 | D:2      | 1656 ||| Stepping randomly (stuck).
  1657 | D:2      | 1657 ||| Stepping randomly (stuck).
  1658 | D:2      | 1658 ||| Stepping randomly (stuck).
  1659 | D:2      | 1659 ||| Stepping randomly (stuck).
  1660 | D:2      | 1660 ||| Stepping randomly (stuck).
  1661 | D:2      | 1661 ||| Stepping randomly (stuck).
  1662 | D:2      | 1662 ||| Stepping randomly (stuck).
  1663 | D:2      | 1663 ||| Stepping randomly (stuck).
  1664 | D:2      | 1664 ||| Stepping randomly (stuck).
  1665 | D:2      | 1665 ||| Stepping randomly (stuck).
  1666 | D:2      | 1666 ||| Stepping randomly (stuck).
  1667 | D:2      | 1667 ||| Stepping randomly (stuck).
  1668 | D:2      | 1668 ||| Stepping randomly (stuck).
  1669 | D:2      | 1669 ||| Stepping randomly (stuck).
  1670 | D:2      | 1670 ||| Stepping randomly (stuck).
  1671 | D:2      | 1671 ||| Stepping randomly (stuck).
  1672 | D:2      | 1672 ||| Stepping randomly (stuck).
  1673 | D:2      | 1673 ||| Stepping randomly (stuck).
  1674 | D:2      | 1674 ||| Stepping randomly (stuck).
  1675 | D:2      | 1675 ||| Stepping randomly (stuck).
  1676 | D:2      | 1676 ||| Stepping randomly (stuck).
  1677 | D:2      | 1677 ||| Stepping randomly (stuck).
  1678 | D:2      | 1678 ||| Stepping randomly (stuck).
  1679 | D:2      | 1679 ||| Stepping randomly (stuck).
  1680 | D:2      | 1680 ||| Stepping randomly (stuck).
  1681 | D:2      | 1681 ||| Stepping randomly (stuck).
  1682 | D:2      | 1682 ||| Stepping randomly (stuck).
  1683 | D:2      | 1683 ||| Stepping randomly (stuck).
  1684 | D:2      | 1684 ||| Stepping randomly (stuck).
  1685 | D:2      | 1685 ||| Stepping randomly (stuck).
  1686 | D:2      | 1686 ||| Stepping randomly (stuck).
  1687 | D:2      | 1687 ||| Stepping randomly (stuck).
  1688 | D:2      | 1688 ||| Stepping randomly (stuck).
  1689 | D:2      | 1689 ||| Stepping randomly (stuck).
  1690 | D:2      | 1690 ||| Stepping randomly (stuck).
  1691 | D:2      | 1691 ||| Stepping randomly (stuck).
  1692 | D:2      | 1692 ||| Stepping randomly (stuck).
  1693 | D:2      | 1693 ||| Stepping randomly (stuck).
  1694 | D:2      | 1694 ||| Stepping randomly (stuck).
  1695 | D:2      | 1695 ||| Stepping randomly (stuck).
  1696 | D:2      | 1696 ||| Stepping randomly (stuck).
  1697 | D:2      | 1697 ||| Stepping randomly (stuck).
  1698 | D:2      | 1698 ||| Stepping randomly (stuck).
  1699 | D:2      | 1699 ||| Stepping randomly (stuck).
  1700 | D:2      | 1700 ||| Stepping randomly (stuck).
  1703 | D:2      | 1703 ||| Stepping randomly (stuck).
  1704 | D:2      | 1704 ||| Stepping randomly (stuck).
  1705 | D:2      | 1705 ||| Stepping randomly (stuck).
  1706 | D:2      | 1706 ||| Stepping randomly (stuck).
  1707 | D:2      | 1707 ||| Stepping randomly (stuck).
  1708 | D:2      | 1708 ||| Stepping randomly (stuck).
  1709 | D:2      | 1709 ||| Stepping randomly (stuck).
  1711 | D:2      | 1711 ||| Stepping randomly (stuck).
  1712 | D:2      | 1712 ||| Stepping randomly (stuck).
  1713 | D:2      | 1713 ||| Stepping randomly (stuck).
  1714 | D:2      | 1714 ||| Stepping randomly (stuck).
  1715 | D:2      | 1715 ||| Stepping randomly (stuck).
  1716 | D:2      | 1716 ||| Stepping randomly (stuck).
  1717 | D:2      | 1717 ||| Stepping randomly (stuck).
  1718 | D:2      | 1718 ||| Stepping randomly (stuck).
  1719 | D:2      | 1719 ||| Stepping randomly (stuck).
  1720 | D:2      | 1720 ||| Stepping randomly (stuck).
  1721 | D:2      | 1721 ||| Stepping randomly (stuck).
  1722 | D:2      | 1722 ||| Stepping randomly (stuck).
  1723 | D:2      | 1723 ||| Stepping randomly (stuck).
  1724 | D:2      | 1724 ||| Stepping randomly (stuck).
  1725 | D:2      | 1725 ||| Stepping randomly (stuck).
  1726 | D:2      | 1726 ||| Stepping randomly (stuck).
  1727 | D:2      | 1727 ||| Stepping randomly (stuck).
  1728 | D:2      | 1728 ||| Stepping randomly (stuck).
  1729 | D:2      | 1729 ||| Stepping randomly (stuck).
  1730 | D:2      | 1730 ||| Stepping randomly (stuck).
  1731 | D:2      | 1731 ||| Stepping randomly (stuck).
  1732 | D:2      | 1732 ||| Stepping randomly (stuck).
  1733 | D:2      | 1733 ||| Stepping randomly (stuck).
  1734 | D:2      | 1734 ||| Stepping randomly (stuck).
  1735 | D:2      | 1735 ||| Stepping randomly (stuck).
  1736 | D:2      | 1736 ||| Stepping randomly (stuck).
  1737 | D:2      | 1737 ||| Stepping randomly (stuck).
  1738 | D:2      | 1738 ||| Stepping randomly (stuck).
  1739 | D:2      | 1739 ||| Stepping randomly (stuck).
  1740 | D:2      | 1740 ||| Stepping randomly (stuck).
  1741 | D:2      | 1741 ||| Stepping randomly (stuck).
  1742 | D:2      | 1742 ||| Stepping randomly (stuck).
  1743 | D:2      | 1743 ||| Stepping randomly (stuck).
  1744 | D:2      | 1744 ||| Stepping randomly (stuck).
  1745 | D:2      | 1745 ||| Stepping randomly (stuck).
  1746 | D:2      | 1746 ||| Stepping randomly (stuck).
  1747 | D:2      | 1747 ||| Stepping randomly (stuck).
  1748 | D:2      | 1748 ||| Stepping randomly (stuck).
  1749 | D:2      | 1749 ||| Stepping randomly (stuck).
  1750 | D:2      | 1750 ||| Stepping randomly (stuck).
  1751 | D:2      | 1751 ||| Stepping randomly (stuck).
  1752 | D:2      | 1752 ||| Stepping randomly (stuck).
  1753 | D:2      | 1753 ||| Stepping randomly (stuck).
  1754 | D:2      | 1754 ||| Stepping randomly (stuck).
  1755 | D:2      | 1755 ||| Stepping randomly (stuck).
  1756 | D:2      | 1756 ||| Stepping randomly (stuck).
  1757 | D:2      | 1757 ||| Stepping randomly (stuck).
  1758 | D:2      | 1758 ||| Stepping randomly (stuck).
  1759 | D:2      | 1759 ||| Stepping randomly (stuck).
  1760 | D:2      | 1760 ||| Stepping randomly (stuck).
  1761 | D:2      | 1761 ||| Stepping randomly (stuck).
  1762 | D:2      | 1762 ||| Stepping randomly (stuck).
  1763 | D:2      | 1763 ||| Stepping randomly (stuck).
  1764 | D:2      | 1764 ||| Stepping randomly (stuck).
  1765 | D:2      | 1765 ||| Stepping randomly (stuck).
  1766 | D:2      | 1766 ||| Stepping randomly (stuck).
  1767 | D:2      | 1767 ||| Stepping randomly (stuck).
  1768 | D:2      | 1768 ||| Stepping randomly (stuck).
  1769 | D:2      | 1769 ||| Stepping randomly (stuck).
  1770 | D:2      | 1770 ||| Stepping randomly (stuck).
  1771 | D:2      | 1771 ||| Stepping randomly (stuck).
  1772 | D:2      | 1772 ||| Stepping randomly (stuck).
  1773 | D:2      | 1773 ||| Stepping randomly (stuck).
  1774 | D:2      | 1774 ||| Stepping randomly (stuck).
  1775 | D:2      | 1775 ||| Stepping randomly (stuck).
  1776 | D:2      | 1776 ||| Stepping randomly (stuck).
  1777 | D:2      | 1777 ||| Stepping randomly (stuck).
  1778 | D:2      | 1778 ||| Stepping randomly (stuck).
  1779 | D:2      | 1779 ||| Stepping randomly (stuck).
  1780 | D:2      | 1780 ||| Stepping randomly (stuck).
  1781 | D:2      | 1781 ||| Stepping randomly (stuck).
  1782 | D:2      | 1782 ||| Stepping randomly (stuck).
  1783 | D:2      | 1783 ||| Stepping randomly (stuck).
  1784 | D:2      | 1784 ||| Stepping randomly (stuck).
  1785 | D:2      | 1785 ||| Stepping randomly (stuck).
  1786 | D:2      | 1786 ||| Stepping randomly (stuck).
  1787 | D:2      | 1787 ||| Stepping randomly (stuck).
  1788 | D:2      | 1788 ||| Stepping randomly (stuck).
  1789 | D:2      | 1789 ||| Stepping randomly (stuck).
  1790 | D:2      | 1790 ||| Stepping randomly (stuck).
  1791 | D:2      | 1791 ||| Stepping randomly (stuck).
  1792 | D:2      | 1792 ||| Stepping randomly (stuck).
  1793 | D:2      | 1793 ||| Stepping randomly (stuck).
  1794 | D:2      | 1794 ||| Stepping randomly (stuck).
  1795 | D:2      | 1795 ||| Stepping randomly (stuck).
  1796 | D:2      | 1796 ||| Stepping randomly (stuck).
  1797 | D:2      | 1797 ||| Stepping randomly (stuck).
  1798 | D:2      | 1798 ||| Stepping randomly (stuck).
  1799 | D:2      | 1799 ||| Stepping randomly (stuck).
  1800 | D:2      | 1800 ||| Stepping randomly (stuck).
  1801 | D:2      | 1801 ||| Stepping randomly (stuck).
  1802 | D:2      | 1802 ||| Stepping randomly (stuck).
  1803 | D:2      | 1803 ||| Stepping randomly (stuck).
  1804 | D:2      | 1804 ||| Stepping randomly (stuck).
  1805 | D:2      | 1805 ||| Stepping randomly (stuck).
  1806 | D:2      | 1806 ||| Stepping randomly (stuck).
  1807 | D:2      | 1807 ||| Stepping randomly (stuck).
  1808 | D:2      | 1808 ||| Stepping randomly (stuck).
  1809 | D:2      | 1809 ||| Stepping randomly (stuck).
  1810 | D:2      | 1810 ||| Stepping randomly (stuck).
  1811 | D:2      | 1811 ||| Stepping randomly (stuck).
  1812 | D:2      | 1812 ||| Stepping randomly (stuck).
  1813 | D:2      | 1813 ||| Stepping randomly (stuck).
  1814 | D:2      | 1814 ||| Stepping randomly (stuck).
  1815 | D:2      | 1815 ||| Stepping randomly (stuck).
  1816 | D:2      | 1816 ||| Stepping randomly (stuck).
  1817 | D:2      | 1817 ||| Stepping randomly (stuck).
  1818 | D:2      | 1818 ||| Stepping randomly (stuck).
  1819 | D:2      | 1819 ||| Stepping randomly (stuck).
  1820 | D:2      | 1820 ||| Stepping randomly (stuck).
  1821 | D:2      | 1821 ||| Stepping randomly (stuck).
  1822 | D:2      | 1822 ||| Stepping randomly (stuck).
  1823 | D:2      | 1823 ||| Stepping randomly (stuck).
  1824 | D:2      | 1824 ||| Stepping randomly (stuck).
  1825 | D:2      | 1825 ||| Stepping randomly (stuck).
  1826 | D:2      | 1826 ||| Stepping randomly (stuck).
  1827 | D:2      | 1827 ||| Stepping randomly (stuck).
  1828 | D:2      | 1828 ||| Stepping randomly (stuck).
  1829 | D:2      | 1829 ||| Stepping randomly (stuck).
  1830 | D:2      | 1830 ||| Stepping randomly (stuck).
  1831 | D:2      | 1831 ||| Stepping randomly (stuck).
  1832 | D:2      | 1832 ||| Stepping randomly (stuck).
  1833 | D:2      | 1833 ||| Stepping randomly (stuck).
  1834 | D:2      | 1834 ||| Stepping randomly (stuck).
  1835 | D:2      | 1835 ||| Stepping randomly (stuck).
  1836 | D:2      | 1836 ||| Stepping randomly (stuck).
  1837 | D:2      | 1837 ||| Stepping randomly (stuck).
  1838 | D:2      | 1838 ||| Stepping randomly (stuck).
  1839 | D:2      | 1839 ||| Stepping randomly (stuck).
  1840 | D:2      | 1840 ||| Stepping randomly (stuck).
  1841 | D:2      | 1841 ||| Stepping randomly (stuck).
  1842 | D:2      | 1842 ||| Stepping randomly (stuck).
  1843 | D:2      | 1843 ||| Stepping randomly (stuck).
  1844 | D:2      | 1844 ||| Stepping randomly (stuck).
  1845 | D:2      | 1845 ||| Stepping randomly (stuck).
  1846 | D:2      | 1846 ||| Stepping randomly (stuck).
  1847 | D:2      | 1847 ||| Stepping randomly (stuck).
  1848 | D:2      | 1848 ||| Stepping randomly (stuck).
  1849 | D:2      | 1849 ||| Stepping randomly (stuck).
  1850 | D:2      | 1850 ||| Stepping randomly (stuck).
  1851 | D:2      | 1851 ||| Stepping randomly (stuck).
  1852 | D:2      | 1852 ||| Stepping randomly (stuck).
  1853 | D:2      | 1853 ||| Stepping randomly (stuck).
  1854 | D:2      | 1854 ||| Stepping randomly (stuck).
  1855 | D:2      | 1855 ||| Stepping randomly (stuck).
  1856 | D:2      | 1856 ||| Stepping randomly (stuck).
  1857 | D:2      | 1857 ||| Stepping randomly (stuck).
  1858 | D:2      | 1858 ||| Stepping randomly (stuck).
  1859 | D:2      | 1859 ||| Stepping randomly (stuck).
  1860 | D:2      | 1860 ||| Stepping randomly (stuck).
  1861 | D:2      | 1861 ||| Stepping randomly (stuck).
  1862 | D:2      | 1862 ||| Stepping randomly (stuck).
  1863 | D:2      | 1863 ||| Stepping randomly (stuck).
  1864 | D:2      | 1864 ||| Stepping randomly (stuck).
  1865 | D:2      | 1865 ||| Stepping randomly (stuck).
  1866 | D:2      | 1866 ||| Stepping randomly (stuck).
  1867 | D:2      | 1867 ||| Stepping randomly (stuck).
  1868 | D:2      | 1868 ||| Stepping randomly (stuck).
  1869 | D:2      | 1869 ||| Stepping randomly (stuck).
  1870 | D:2      | 1870 ||| Stepping randomly (stuck).
  1871 | D:2      | 1871 ||| Stepping randomly (stuck).
  1872 | D:2      | 1872 ||| Stepping randomly (stuck).
  1873 | D:2      | 1873 ||| Stepping randomly (stuck).
  1874 | D:2      | 1874 ||| Stepping randomly (stuck).
  1875 | D:2      | 1875 ||| Stepping randomly (stuck).
  1876 | D:2      | 1876 ||| Stepping randomly (stuck).
  1877 | D:2      | 1877 ||| Stepping randomly (stuck).
  1878 | D:2      | 1878 ||| Stepping randomly (stuck).
  1879 | D:2      | 1879 ||| Stepping randomly (stuck).
  1880 | D:2      | 1880 ||| Stepping randomly (stuck).
  1881 | D:2      | 1881 ||| Stepping randomly (stuck).
  1882 | D:2      | 1882 ||| Stepping randomly (stuck).
  1883 | D:2      | 1883 ||| Stepping randomly (stuck).
  1884 | D:2      | 1884 ||| Stepping randomly (stuck).
  1885 | D:2      | 1885 ||| Stepping randomly (stuck).
  1886 | D:2      | 1886 ||| Stepping randomly (stuck).
  1887 | D:2      | 1887 ||| Stepping randomly (stuck).
  1888 | D:2      | 1888 ||| Stepping randomly (stuck).
  1889 | D:2      | 1889 ||| Stepping randomly (stuck).
  1890 | D:2      | 1890 ||| Stepping randomly (stuck).
  1891 | D:2      | 1891 ||| Stepping randomly (stuck).
  1892 | D:2      | 1892 ||| Stepping randomly (stuck).
  1893 | D:2      | 1893 ||| Stepping randomly (stuck).
  1894 | D:2      | 1894 ||| Stepping randomly (stuck).
  1895 | D:2      | 1895 ||| Stepping randomly (stuck).
  1896 | D:2      | 1896 ||| Stepping randomly (stuck).
  1897 | D:2      | 1897 ||| Stepping randomly (stuck).
  1898 | D:2      | 1898 ||| Stepping randomly (stuck).
  1899 | D:2      | 1899 ||| Stepping randomly (stuck).
  1900 | D:2      | 1900 ||| Stepping randomly (stuck).
  1901 | D:2      | 1901 ||| Stepping randomly (stuck).
  1902 | D:2      | 1902 ||| Stepping randomly (stuck).
  1903 | D:2      | 1903 ||| Stepping randomly (stuck).
  1904 | D:2      | 1904 ||| Stepping randomly (stuck).
  1905 | D:2      | 1905 ||| Stepping randomly (stuck).
  1906 | D:2      | 1906 ||| Stepping randomly (stuck).
  1907 | D:2      | 1907 ||| Stepping randomly (stuck).
  1908 | D:2      | 1908 ||| Stepping randomly (stuck).
  1909 | D:2      | 1909 ||| Stepping randomly (stuck).
  1910 | D:2      | 1910 ||| Stepping randomly (stuck).
  1911 | D:2      | 1911 ||| Stepping randomly (stuck).
  1912 | D:2      | 1912 ||| Stepping randomly (stuck).
  1913 | D:2      | 1913 ||| Stepping randomly (stuck).
  1914 | D:2      | 1914 ||| Stepping randomly (stuck).
  1915 | D:2      | 1915 ||| Stepping randomly (stuck).
  1916 | D:2      | 1916 ||| Stepping randomly (stuck).
  1917 | D:2      | 1917 ||| Stepping randomly (stuck).
  1918 | D:2      | 1918 ||| Stepping randomly (stuck).
  1919 | D:2      | 1919 ||| Stepping randomly (stuck).
  1920 | D:2      | 1920 ||| Stepping randomly (stuck).
  1921 | D:2      | 1921 ||| Stepping randomly (stuck).
  1922 | D:2      | 1922 ||| Stepping randomly (stuck).
  1923 | D:2      | 1923 ||| Stepping randomly (stuck).
  1924 | D:2      | 1924 ||| Stepping randomly (stuck).
  1925 | D:2      | 1925 ||| Stepping randomly (stuck).
  1926 | D:2      | 1926 ||| Stepping randomly (stuck).
  1927 | D:2      | 1927 ||| Stepping randomly (stuck).
  1928 | D:2      | 1928 ||| Stepping randomly (stuck).
  1929 | D:2      | 1929 ||| Stepping randomly (stuck).
  1930 | D:2      | 1930 ||| Stepping randomly (stuck).
  1931 | D:2      | 1931 ||| Stepping randomly (stuck).
  1932 | D:2      | 1932 ||| Stepping randomly (stuck).
  1933 | D:2      | 1933 ||| Stepping randomly (stuck).
  1934 | D:2      | 1934 ||| Stepping randomly (stuck).
  1935 | D:2      | 1935 ||| Stepping randomly (stuck).
  1936 | D:2      | 1936 ||| Stepping randomly (stuck).
  1937 | D:2      | 1937 ||| Stepping randomly (stuck).
  1938 | D:2      | 1938 ||| Stepping randomly (stuck).
  1939 | D:2      | 1939 ||| Stepping randomly (stuck).
  1940 | D:2      | 1940 ||| Stepping randomly (stuck).
  1941 | D:2      | 1941 ||| Stepping randomly (stuck).
  1942 | D:2      | 1942 ||| Stepping randomly (stuck).
  1943 | D:2      | 1943 ||| Stepping randomly (stuck).
  1944 | D:2      | 1944 ||| Stepping randomly (stuck).
  1945 | D:2      | 1945 ||| Stepping randomly (stuck).
  1946 | D:2      | 1946 ||| Stepping randomly (stuck).
  1947 | D:2      | 1947 ||| Stepping randomly (stuck).
  1948 | D:2      | 1948 ||| Stepping randomly (stuck).
  1949 | D:2      | 1949 ||| Stepping randomly (stuck).
  1950 | D:2      | 1950 ||| Stepping randomly (stuck).
  1951 | D:2      | 1951 ||| Stepping randomly (stuck).
  1952 | D:2      | 1952 ||| Stepping randomly (stuck).
  1953 | D:2      | 1953 ||| Stepping randomly (stuck).
  1954 | D:2      | 1954 ||| Stepping randomly (stuck).
  1955 | D:2      | 1955 ||| Stepping randomly (stuck).
  1956 | D:2      | 1956 ||| Stepping randomly (stuck).
  1957 | D:2      | 1957 ||| Stepping randomly (stuck).
  1958 | D:2      | 1958 ||| Stepping randomly (stuck).
  1959 | D:2      | 1959 ||| Stepping randomly (stuck).
  1960 | D:2      | 1960 ||| Stepping randomly (stuck).
  1961 | D:2      | 1961 ||| Stepping randomly (stuck).
  1962 | D:2      | 1962 ||| Stepping randomly (stuck).
  1963 | D:2      | 1963 ||| Stepping randomly (stuck).
  1964 | D:2      | 1964 ||| Stepping randomly (stuck).
  1965 | D:2      | 1965 ||| Stepping randomly (stuck).
  1966 | D:2      | 1966 ||| Stepping randomly (stuck).
  1967 | D:2      | 1967 ||| Stepping randomly (stuck).
  1968 | D:2      | 1968 ||| Stepping randomly (stuck).
  1969 | D:2      | 1969 ||| Stepping randomly (stuck).
  1970 | D:2      | 1970 ||| Stepping randomly (stuck).
  1971 | D:2      | 1971 ||| Stepping randomly (stuck).
  1972 | D:2      | 1972 ||| Stepping randomly (stuck).
  1973 | D:2      | 1973 ||| Stepping randomly (stuck).
  1974 | D:2      | 1974 ||| Stepping randomly (stuck).
  1975 | D:2      | 1975 ||| Stepping randomly (stuck).
  1976 | D:2      | 1976 ||| Stepping randomly (stuck).
  1977 | D:2      | 1977 ||| Stepping randomly (stuck).
  1978 | D:2      | 1978 ||| Stepping randomly (stuck).
  1979 | D:2      | 1979 ||| Stepping randomly (stuck).
  1980 | D:2      | 1980 ||| Stepping randomly (stuck).
  1981 | D:2      | 1981 ||| Stepping randomly (stuck).
  1982 | D:2      | 1982 ||| Stepping randomly (stuck).
  1983 | D:2      | 1983 ||| Stepping randomly (stuck).
  1984 | D:2      | 1984 ||| Stepping randomly (stuck).
  1985 | D:2      | 1985 ||| Stepping randomly (stuck).
  1986 | D:2      | 1986 ||| Stepping randomly (stuck).
  1987 | D:2      | 1987 ||| Stepping randomly (stuck).
  1988 | D:2      | 1988 ||| Stepping randomly (stuck).
  1989 | D:2      | 1989 ||| Stepping randomly (stuck).
  1990 | D:2      | 1990 ||| Stepping randomly (stuck).
  1991 | D:2      | 1991 ||| Stepping randomly (stuck).
  1992 | D:2      | 1992 ||| Stepping randomly (stuck).
  1993 | D:2      | 1993 ||| Stepping randomly (stuck).
  1994 | D:2      | 1994 ||| Stepping randomly (stuck).
  1995 | D:2      | 1995 ||| Stepping randomly (stuck).
  1996 | D:2      | 1996 ||| Stepping randomly (stuck).
  1997 | D:2      | 1997 ||| Stepping randomly (stuck).
  1998 | D:2      | 1998 ||| Stepping randomly (stuck).
  1999 | D:2      | 1999 ||| Stepping randomly (stuck).
  2000 | D:2      | 2000 ||| Stepping randomly (stuck).
  2001 | D:2      | 2001 ||| Stepping randomly (stuck).
  2002 | D:2      | 2002 ||| Stepping randomly (stuck).
  2003 | D:2      | 2003 ||| Stepping randomly (stuck).
  2004 | D:2      | 2004 ||| Stepping randomly (stuck).
  2005 | D:2      | 2005 ||| Stepping randomly (stuck).
  2006 | D:2      | 2006 ||| Stepping randomly (stuck).
  2007 | D:2      | 2007 ||| Stepping randomly (stuck).
  2008 | D:2      | 2008 ||| Stepping randomly (stuck).
  2009 | D:2      | 2009 ||| Stepping randomly (stuck).
  2010 | D:2      | 2010 ||| Stepping randomly (stuck).
  2011 | D:2      | 2011 ||| Stepping randomly (stuck).
  2012 | D:2      | 2012 ||| Stepping randomly (stuck).
  2013 | D:2      | 2013 ||| Stepping randomly (stuck).
  2014 | D:2      | 2014 ||| Stepping randomly (stuck).
  2015 | D:2      | 2015 ||| Stepping randomly (stuck).
  2016 | D:2      | 2016 ||| Stepping randomly (stuck).
  2017 | D:2      | 2017 ||| Stepping randomly (stuck).
  2018 | D:2      | 2018 ||| Stepping randomly (stuck).
  2019 | D:2      | 2019 ||| Stepping randomly (stuck).
  2020 | D:2      | 2020 ||| Stepping randomly (stuck).
  2021 | D:2      | 2021 ||| Stepping randomly (stuck).
  2022 | D:2      | 2022 ||| Stepping randomly (stuck).
  2023 | D:2      | 2023 ||| Stepping randomly (stuck).
  2024 | D:2      | 2024 ||| Stepping randomly (stuck).
  2025 | D:2      | 2025 ||| Stepping randomly (stuck).
  2026 | D:2      | 2026 ||| Stepping randomly (stuck).
  2027 | D:2      | 2027 ||| Stepping randomly (stuck).
  2028 | D:2      | 2028 ||| Stepping randomly (stuck).
  2029 | D:2      | 2029 ||| Stepping randomly (stuck).
  2030 | D:2      | 2030 ||| Stepping randomly (stuck).
  2031 | D:2      | 2031 ||| Stepping randomly (stuck).
  2032 | D:2      | 2032 ||| Stepping randomly (stuck).
  2033 | D:2      | 2033 ||| Stepping randomly (stuck).
  2034 | D:2      | 2034 ||| Stepping randomly (stuck).
  2035 | D:2      | 2035 ||| Stepping randomly (stuck).
  2036 | D:2      | 2036 ||| Stepping randomly (stuck).
  2037 | D:2      | 2037 ||| Stepping randomly (stuck).
  2038 | D:2      | 2038 ||| Stepping randomly (stuck).
  2039 | D:2      | 2039 ||| Stepping randomly (stuck).
  2040 | D:2      | 2040 ||| Stepping randomly (stuck).
  2041 | D:2      | 2041 ||| Stepping randomly (stuck).
  2042 | D:2      | 2042 ||| Stepping randomly (stuck).
  2043 | D:2      | 2043 ||| Stepping randomly (stuck).
  2044 | D:2      | 2044 ||| Stepping randomly (stuck).
  2045 | D:2      | 2045 ||| Stepping randomly (stuck).
  2046 | D:2      | 2046 ||| Stepping randomly (stuck).
  2047 | D:2      | 2047 ||| Stepping randomly (stuck).
  2048 | D:2      | 2048 ||| Stepping randomly (stuck).
  2049 | D:2      | 2049 ||| Stepping randomly (stuck).
  2050 | D:2      | 2050 ||| Stepping randomly (stuck).
  2051 | D:2      | 2051 ||| Stepping randomly (stuck).
  2052 | D:2      | 2052 ||| Stepping randomly (stuck).
  2053 | D:2      | 2053 ||| Stepping randomly (stuck).
  2054 | D:2      | 2054 ||| Stepping randomly (stuck).
  2055 | D:2      | 2055 ||| Stepping randomly (stuck).
  2056 | D:2      | 2056 ||| Stepping randomly (stuck).
  2057 | D:2      | 2057 ||| Stepping randomly (stuck).
  2058 | D:2      | 2058 ||| Stepping randomly (stuck).
  2059 | D:2      | 2059 ||| Stepping randomly (stuck).
  2060 | D:2      | 2060 ||| Stepping randomly (stuck).
  2061 | D:2      | 2061 ||| Stepping randomly (stuck).
  2062 | D:2      | 2062 ||| Stepping randomly (stuck).
  2063 | D:2      | 2063 ||| Stepping randomly (stuck).
  2064 | D:2      | 2064 ||| Stepping randomly (stuck).
  2065 | D:2      | 2065 ||| Stepping randomly (stuck).
  2066 | D:2      | 2066 ||| Stepping randomly (stuck).
  2067 | D:2      | 2067 ||| Stepping randomly (stuck).
  2068 | D:2      | 2068 ||| Stepping randomly (stuck).
  2069 | D:2      | 2069 ||| Stepping randomly (stuck).
  2070 | D:2      | 2070 ||| Stepping randomly (stuck).
  2071 | D:2      | 2071 ||| Stepping randomly (stuck).
  2072 | D:2      | 2072 ||| Stepping randomly (stuck).
  2073 | D:2      | 2073 ||| Stepping randomly (stuck).
  2074 | D:2      | 2074 ||| Stepping randomly (stuck).
  2075 | D:2      | 2075 ||| Stepping randomly (stuck).
  2076 | D:2      | 2076 ||| Stepping randomly (stuck).
  2077 | D:2      | 2077 ||| Stepping randomly (stuck).
  2078 | D:2      | 2078 ||| Stepping randomly (stuck).
  2079 | D:2      | 2079 ||| Stepping randomly (stuck).
  2080 | D:2      | 2080 ||| Stepping randomly (stuck).
  2081 | D:2      | 2081 ||| Stepping randomly (stuck).
  2082 | D:2      | 2082 ||| Stepping randomly (stuck).
  2083 | D:2      | 2083 ||| Stepping randomly (stuck).
  2084 | D:2      | 2084 ||| Stepping randomly (stuck).
  2085 | D:2      | 2085 ||| Stepping randomly (stuck).
  2086 | D:2      | 2086 ||| Stepping randomly (stuck).
  2087 | D:2      | 2087 ||| Stepping randomly (stuck).
  2088 | D:2      | 2088 ||| Stepping randomly (stuck).
  2089 | D:2      | 2089 ||| Stepping randomly (stuck).
  2090 | D:2      | 2090 ||| Stepping randomly (stuck).
  2091 | D:2      | 2091 ||| Stepping randomly (stuck).
  2092 | D:2      | 2092 ||| Stepping randomly (stuck).
  2093 | D:2      | 2093 ||| Stepping randomly (stuck).
  2094 | D:2      | 2094 ||| Stepping randomly (stuck).
  2095 | D:2      | 2095 ||| Stepping randomly (stuck).
  2096 | D:2      | 2096 ||| Stepping randomly (stuck).
  2097 | D:2      | 2097 ||| Stepping randomly (stuck).
  2098 | D:2      | 2098 ||| Stepping randomly (stuck).
  2099 | D:2      | 2099 ||| Stepping randomly (stuck).
  2100 | D:2      | 2100 ||| Stepping randomly (stuck).
  2101 | D:2      | 2101 ||| Stepping randomly (stuck).
  2102 | D:2      | 2102 ||| Stepping randomly (stuck).
  2103 | D:2      | 2103 ||| Stepping randomly (stuck).
  2104 | D:2      | 2104 ||| Stepping randomly (stuck).
  2105 | D:2      | 2105 ||| Stepping randomly (stuck).
  2106 | D:2      | 2106 ||| Stepping randomly (stuck).
  2107 | D:2      | 2107 ||| Stepping randomly (stuck).
  2108 | D:2      | 2108 ||| Stepping randomly (stuck).
  2109 | D:2      | 2109 ||| Stepping randomly (stuck).
  2110 | D:2      | 2110 ||| Stepping randomly (stuck).
  2111 | D:2      | 2111 ||| Stepping randomly (stuck).
  2112 | D:2      | 2112 ||| Stepping randomly (stuck).
  2113 | D:2      | 2113 ||| Stepping randomly (stuck).
  2114 | D:2      | 2114 ||| Stepping randomly (stuck).
  2115 | D:2      | 2115 ||| Stepping randomly (stuck).
  2116 | D:2      | 2116 ||| Stepping randomly (stuck).
  2117 | D:2      | 2117 ||| Stepping randomly (stuck).
  2118 | D:2      | 2118 ||| Stepping randomly (stuck).
  2119 | D:2      | 2119 ||| Stepping randomly (stuck).
  2120 | D:2      | 2120 ||| Stepping randomly (stuck).
  2121 | D:2      | 2121 ||| Stepping randomly (stuck).
  2122 | D:2      | 2122 ||| Stepping randomly (stuck).
  2123 | D:2      | 2123 ||| Stepping randomly (stuck).
  2124 | D:2      | 2124 ||| Stepping randomly (stuck).
  2125 | D:2      | 2125 ||| Stepping randomly (stuck).
  2126 | D:2      | 2126 ||| Stepping randomly (stuck).
  2127 | D:2      | 2127 ||| Stepping randomly (stuck).
  2128 | D:2      | 2128 ||| Stepping randomly (stuck).
  2129 | D:2      | 2129 ||| Stepping randomly (stuck).
  2130 | D:2      | 2130 ||| Stepping randomly (stuck).
  2131 | D:2      | 2131 ||| Stepping randomly (stuck).
  2132 | D:2      | 2132 ||| Stepping randomly (stuck).
  2133 | D:2      | 2133 ||| Stepping randomly (stuck).
  2134 | D:2      | 2134 ||| Stepping randomly (stuck).
  2135 | D:2      | 2135 ||| Stepping randomly (stuck).
  2136 | D:2      | 2136 ||| Stepping randomly (stuck).
  2137 | D:2      | 2137 ||| Stepping randomly (stuck).
  2138 | D:2      | 2138 ||| Stepping randomly (stuck).
  2139 | D:2      | 2139 ||| Stepping randomly (stuck).
  2140 | D:2      | 2140 ||| Stepping randomly (stuck).
  2141 | D:2      | 2141 ||| Stepping randomly (stuck).
  2142 | D:2      | 2142 ||| Stepping randomly (stuck).
  2143 | D:2      | 2143 ||| Stepping randomly (stuck).
  2144 | D:2      | 2144 ||| Stepping randomly (stuck).
  2145 | D:2      | 2145 ||| Stepping randomly (stuck).
  2146 | D:2      | 2146 ||| Stepping randomly (stuck).
  2147 | D:2      | 2147 ||| Stepping randomly (stuck).
  2148 | D:2      | 2148 ||| Stepping randomly (stuck).
  2149 | D:2      | 2149 ||| Stepping randomly (stuck).
  2150 | D:2      | 2150 ||| Stepping randomly (stuck).
  2151 | D:2      | 2151 ||| Stepping randomly (stuck).
  2152 | D:2      | 2152 ||| Stepping randomly (stuck).
  2153 | D:2      | 2153 ||| Stepping randomly (stuck).
  2154 | D:2      | 2154 ||| Stepping randomly (stuck).
  2155 | D:2      | 2155 ||| Stepping randomly (stuck).
  2156 | D:2      | 2156 ||| Stepping randomly (stuck).
  2157 | D:2      | 2157 ||| Stepping randomly (stuck).
  2158 | D:2      | 2158 ||| Stepping randomly (stuck).
  2159 | D:2      | 2159 ||| Stepping randomly (stuck).
  2160 | D:2      | 2160 ||| Stepping randomly (stuck).
  2161 | D:2      | 2161 ||| Stepping randomly (stuck).
  2162 | D:2      | 2162 ||| Stepping randomly (stuck).
  2163 | D:2      | 2163 ||| Stepping randomly (stuck).
  2164 | D:2      | 2164 ||| Stepping randomly (stuck).
  2165 | D:2      | 2165 ||| Stepping randomly (stuck).
  2166 | D:2      | 2166 ||| Stepping randomly (stuck).
  2167 | D:2      | 2167 ||| Stepping randomly (stuck).
  2168 | D:2      | 2168 ||| Stepping randomly (stuck).
  2169 | D:2      | 2169 ||| Stepping randomly (stuck).
  2170 | D:2      | 2170 ||| Stepping randomly (stuck).
  2171 | D:2      | 2171 ||| Stepping randomly (stuck).
  2172 | D:2      | 2172 ||| Stepping randomly (stuck).
  2173 | D:2      | 2173 ||| Stepping randomly (stuck).
  2174 | D:2      | 2174 ||| Stepping randomly (stuck).
  2175 | D:2      | 2175 ||| Stepping randomly (stuck).
  2176 | D:2      | 2176 ||| Stepping randomly (stuck).
  2177 | D:2      | 2177 ||| Stepping randomly (stuck).
  2178 | D:2      | 2178 ||| Stepping randomly (stuck).
  2179 | D:2      | 2179 ||| Stepping randomly (stuck).
  2180 | D:2      | 2180 ||| Stepping randomly (stuck).
  2181 | D:2      | 2181 ||| Stepping randomly (stuck).
  2182 | D:2      | 2182 ||| Stepping randomly (stuck).
  2183 | D:2      | 2183 ||| Stepping randomly (stuck).
  2184 | D:2      | 2184 ||| Stepping randomly (stuck).
  2185 | D:2      | 2185 ||| Stepping randomly (stuck).
  2186 | D:2      | 2186 ||| Stepping randomly (stuck).
  2187 | D:2      | 2187 ||| Stepping randomly (stuck).
  2188 | D:2      | 2188 ||| Stepping randomly (stuck).
  2189 | D:2      | 2189 ||| Stepping randomly (stuck).
  2190 | D:2      | 2190 ||| Stepping randomly (stuck).
  2191 | D:2      | 2191 ||| Stepping randomly (stuck).
  2192 | D:2      | 2192 ||| Stepping randomly (stuck).
  2193 | D:2      | 2193 ||| Stepping randomly (stuck).
  2194 | D:2      | 2194 ||| Stepping randomly (stuck).
  2195 | D:2      | 2195 ||| Stepping randomly (stuck).
  2196 | D:2      | 2196 ||| Stepping randomly (stuck).
  2197 | D:2      | 2197 ||| Stepping randomly (stuck).
  2198 | D:2      | 2198 ||| Stepping randomly (stuck).
  2199 | D:2      | 2199 ||| Stepping randomly (stuck).
  2200 | D:2      | 2200 ||| Stepping randomly (stuck).
  2201 | D:2      | 2201 ||| Stepping randomly (stuck).
  2202 | D:2      | 2202 ||| Stepping randomly (stuck).
  2203 | D:2      | 2203 ||| Stepping randomly (stuck).
  2204 | D:2      | 2204 ||| Stepping randomly (stuck).
  2205 | D:2      | 2205 ||| Stepping randomly (stuck).
  2206 | D:2      | 2206 ||| Stepping randomly (stuck).
  2207 | D:2      | 2207 ||| Stepping randomly (stuck).
  2208 | D:2      | 2208 ||| Stepping randomly (stuck).
  2209 | D:2      | 2209 ||| Stepping randomly (stuck).
  2210 | D:2      | 2210 ||| Stepping randomly (stuck).
  2211 | D:2      | 2211 ||| Stepping randomly (stuck).
  2212 | D:2      | 2212 ||| Stepping randomly (stuck).
  2213 | D:2      | 2213 ||| Stepping randomly (stuck).
  2214 | D:2      | 2214 ||| Stepping randomly (stuck).
  2215 | D:2      | 2215 ||| Stepping randomly (stuck).
  2216 | D:2      | 2216 ||| Stepping randomly (stuck).
  2217 | D:2      | 2217 ||| Stepping randomly (stuck).
  2218 | D:2      | 2218 ||| Stepping randomly (stuck).
  2219 | D:2      | 2219 ||| Stepping randomly (stuck).
  2220 | D:2      | 2220 ||| Stepping randomly (stuck).
  2221 | D:2      | 2221 ||| Stepping randomly (stuck).
  2222 | D:2      | 2222 ||| Stepping randomly (stuck).
  2223 | D:2      | 2223 ||| Stepping randomly (stuck).
  2224 | D:2      | 2224 ||| Stepping randomly (stuck).
  2225 | D:2      | 2225 ||| Stepping randomly (stuck).
  2226 | D:2      | 2226 ||| Stepping randomly (stuck).
  2227 | D:2      | 2227 ||| Stepping randomly (stuck).
  2228 | D:2      | 2228 ||| Stepping randomly (stuck).
  2229 | D:2      | 2229 ||| Stepping randomly (stuck).
  2230 | D:2      | 2230 ||| Stepping randomly (stuck).
  2231 | D:2      | 2231 ||| Stepping randomly (stuck).
  2232 | D:2      | 2232 ||| Stepping randomly (stuck).
  2233 | D:2      | 2233 ||| Stepping randomly (stuck).
  2234 | D:2      | 2234 ||| Stepping randomly (stuck).
  2235 | D:2      | 2235 ||| Stepping randomly (stuck).
  2236 | D:2      | 2236 ||| Stepping randomly (stuck).
  2237 | D:2      | 2237 ||| Stepping randomly (stuck).
  2238 | D:2      | 2238 ||| Stepping randomly (stuck).
  2239 | D:2      | 2239 ||| Stepping randomly (stuck).
  2240 | D:2      | 2240 ||| Stepping randomly (stuck).
  2241 | D:2      | 2241 ||| Stepping randomly (stuck).
  2242 | D:2      | 2242 ||| Stepping randomly (stuck).
  2243 | D:2      | 2243 ||| Stepping randomly (stuck).
  2244 | D:2      | 2244 ||| Stepping randomly (stuck).
  2245 | D:2      | 2245 ||| Stepping randomly (stuck).
  2246 | D:2      | 2246 ||| Stepping randomly (stuck).
  2247 | D:2      | 2247 ||| Stepping randomly (stuck).
  2248 | D:2      | 2248 ||| Stepping randomly (stuck).
  2249 | D:2      | 2249 ||| Stepping randomly (stuck).
  2250 | D:2      | 2250 ||| Stepping randomly (stuck).
  2251 | D:2      | 2251 ||| Stepping randomly (stuck).
  2252 | D:2      | 2252 ||| Stepping randomly (stuck).
  2253 | D:2      | 2253 ||| Stepping randomly (stuck).
  2254 | D:2      | 2254 ||| Stepping randomly (stuck).
  2255 | D:2      | 2255 ||| Stepping randomly (stuck).
  2256 | D:2      | 2256 ||| Stepping randomly (stuck).
  2257 | D:2      | 2257 ||| Stepping randomly (stuck).
  2258 | D:2      | 2258 ||| Stepping randomly (stuck).
  2259 | D:2      | 2259 ||| Stepping randomly (stuck).
  2260 | D:2      | 2260 ||| Stepping randomly (stuck).
  2261 | D:2      | 2261 ||| Stepping randomly (stuck).
  2262 | D:2      | 2262 ||| Stepping randomly (stuck).
  2263 | D:2      | 2263 ||| Stepping randomly (stuck).
  2264 | D:2      | 2264 ||| Stepping randomly (stuck).
  2265 | D:2      | 2265 ||| Stepping randomly (stuck).
  2266 | D:2      | 2266 ||| Stepping randomly (stuck).
  2267 | D:2      | 2267 ||| Stepping randomly (stuck).
  2268 | D:2      | 2268 ||| Stepping randomly (stuck).
  2269 | D:2      | 2269 ||| Stepping randomly (stuck).
  2270 | D:2      | 2270 ||| Stepping randomly (stuck).
  2271 | D:2      | 2271 ||| Stepping randomly (stuck).
  2272 | D:2      | 2272 ||| Stepping randomly (stuck).
  2273 | D:2      | 2273 ||| Stepping randomly (stuck).
  2274 | D:2      | 2274 ||| Stepping randomly (stuck).
  2275 | D:2      | 2275 ||| Stepping randomly (stuck).
  2276 | D:2      | 2276 ||| Stepping randomly (stuck).
  2277 | D:2      | 2277 ||| Stepping randomly (stuck).
  2278 | D:2      | 2278 ||| Stepping randomly (stuck).
  2279 | D:2      | 2279 ||| Stepping randomly (stuck).
  2280 | D:2      | 2280 ||| Stepping randomly (stuck).
  2281 | D:2      | 2281 ||| Stepping randomly (stuck).
  2282 | D:2      | 2282 ||| Stepping randomly (stuck).
  2283 | D:2      | 2283 ||| Stepping randomly (stuck).
  2284 | D:2      | 2284 ||| Stepping randomly (stuck).
  2285 | D:2      | 2285 ||| Stepping randomly (stuck).
  2286 | D:2      | 2286 ||| Stepping randomly (stuck).
  2287 | D:2      | 2287 ||| Stepping randomly (stuck).
  2288 | D:2      | 2288 ||| Stepping randomly (stuck).
  2289 | D:2      | 2289 ||| Stepping randomly (stuck).
  2290 | D:2      | 2290 ||| Stepping randomly (stuck).
  2291 | D:2      | 2291 ||| Stepping randomly (stuck).
  2292 | D:2      | 2292 ||| Stepping randomly (stuck).
  2293 | D:2      | 2293 ||| Stepping randomly (stuck).
  2294 | D:2      | 2294 ||| Stepping randomly (stuck).
  2295 | D:2      | 2295 ||| Stepping randomly (stuck).
  2296 | D:2      | 2296 ||| Stepping randomly (stuck).
  2297 | D:2      | 2297 ||| Stepping randomly (stuck).
  2298 | D:2      | 2298 ||| Stepping randomly (stuck).
  2299 | D:2      | 2299 ||| Stepping randomly (stuck).
  2300 | D:2      | 2300 ||| Stepping randomly (stuck).
  2301 | D:2      | 2301 ||| Stepping randomly (stuck).
  2302 | D:2      | 2302 ||| Stepping randomly (stuck).
  2303 | D:2      | 2303 ||| Stepping randomly (stuck).
  2304 | D:2      | 2304 ||| Stepping randomly (stuck).
  2305 | D:2      | 2305 ||| Stepping randomly (stuck).
  2306 | D:2      | 2306 ||| Stepping randomly (stuck).
  2307 | D:2      | 2307 ||| Stepping randomly (stuck).
  2308 | D:2      | 2308 ||| Stepping randomly (stuck).
  2309 | D:2      | 2309 ||| Stepping randomly (stuck).
  2310 | D:2      | 2310 ||| Stepping randomly (stuck).
  2311 | D:2      | 2311 ||| Stepping randomly (stuck).
  2312 | D:2      | 2312 ||| Stepping randomly (stuck).
  2313 | D:2      | 2313 ||| Stepping randomly (stuck).
  2314 | D:2      | 2314 ||| Stepping randomly (stuck).
  2315 | D:2      | 2315 ||| Stepping randomly (stuck).
  2316 | D:2      | 2316 ||| Stepping randomly (stuck).
  2317 | D:2      | 2317 ||| Stepping randomly (stuck).
  2318 | D:2      | 2318 ||| Stepping randomly (stuck).
  2319 | D:2      | 2319 ||| Stepping randomly (stuck).
  2320 | D:2      | 2320 ||| Stepping randomly (stuck).
  2321 | D:2      | 2321 ||| Stepping randomly (stuck).
  2322 | D:2      | 2322 ||| Stepping randomly (stuck).
  2323 | D:2      | 2323 ||| Stepping randomly (stuck).
  2324 | D:2      | 2324 ||| Stepping randomly (stuck).
  2325 | D:2      | 2325 ||| Stepping randomly (stuck).
  2326 | D:2      | 2326 ||| Stepping randomly (stuck).
  2327 | D:2      | 2327 ||| Stepping randomly (stuck).
  2328 | D:2      | 2328 ||| Stepping randomly (stuck).
  2329 | D:2      | 2329 ||| Stepping randomly (stuck).
  2330 | D:2      | 2330 ||| Stepping randomly (stuck).
  2331 | D:2      | 2331 ||| Stepping randomly (stuck).
  2332 | D:2      | 2332 ||| Stepping randomly (stuck).
  2333 | D:2      | 2333 ||| Stepping randomly (stuck).
  2334 | D:2      | 2334 ||| Stepping randomly (stuck).
  2335 | D:2      | 2335 ||| Stepping randomly (stuck).
  2336 | D:2      | 2336 ||| Stepping randomly (stuck).
  2337 | D:2      | 2337 ||| Stepping randomly (stuck).
  2338 | D:2      | 2338 ||| Stepping randomly (stuck).
  2339 | D:2      | 2339 ||| Stepping randomly (stuck).
  2340 | D:2      | 2340 ||| Stepping randomly (stuck).
  2341 | D:2      | 2341 ||| Stepping randomly (stuck).
  2342 | D:2      | 2342 ||| Stepping randomly (stuck).
  2343 | D:2      | 2343 ||| Stepping randomly (stuck).
  2344 | D:2      | 2344 ||| Stepping randomly (stuck).
  2345 | D:2      | 2345 ||| Stepping randomly (stuck).
  2346 | D:2      | 2346 ||| Stepping randomly (stuck).
  2347 | D:2      | 2347 ||| Stepping randomly (stuck).
  2348 | D:2      | 2348 ||| Stepping randomly (stuck).
  2349 | D:2      | 2349 ||| Stepping randomly (stuck).
  2350 | D:2      | 2350 ||| Stepping randomly (stuck).
  2351 | D:2      | 2351 ||| Stepping randomly (stuck).
  2352 | D:2      | 2352 ||| Stepping randomly (stuck).
  2353 | D:2      | 2353 ||| Stepping randomly (stuck).
  2354 | D:2      | 2354 ||| Stepping randomly (stuck).
  2355 | D:2      | 2355 ||| Stepping randomly (stuck).
  2356 | D:2      | 2356 ||| Stepping randomly (stuck).
  2357 | D:2      | 2357 ||| Stepping randomly (stuck).
  2358 | D:2      | 2358 ||| Stepping randomly (stuck).
  2359 | D:2      | 2359 ||| Stepping randomly (stuck).
  2360 | D:2      | 2360 ||| Stepping randomly (stuck).
  2361 | D:2      | 2361 ||| Stepping randomly (stuck).
  2362 | D:2      | 2362 ||| Stepping randomly (stuck).
  2363 | D:2      | 2363 ||| Stepping randomly (stuck).
  2364 | D:2      | 2364 ||| Stepping randomly (stuck).
  2365 | D:2      | 2365 ||| Stepping randomly (stuck).
  2366 | D:2      | 2366 ||| Stepping randomly (stuck).
  2367 | D:2      | 2367 ||| Stepping randomly (stuck).
  2368 | D:2      | 2368 ||| Stepping randomly (stuck).
  2369 | D:2      | 2369 ||| Stepping randomly (stuck).
  2370 | D:2      | 2370 ||| Stepping randomly (stuck).
  2371 | D:2      | 2371 ||| Stepping randomly (stuck).
  2372 | D:2      | 2372 ||| Stepping randomly (stuck).
  2373 | D:2      | 2373 ||| Stepping randomly (stuck).
  2374 | D:2      | 2374 ||| Stepping randomly (stuck).
  2375 | D:2      | 2375 ||| Stepping randomly (stuck).
  2376 | D:2      | 2376 ||| Stepping randomly (stuck).
  2377 | D:2      | 2377 ||| Stepping randomly (stuck).
  2378 | D:2      | 2378 ||| Stepping randomly (stuck).
  2379 | D:2      | 2379 ||| Stepping randomly (stuck).
  2380 | D:2      | 2380 ||| Stepping randomly (stuck).
  2381 | D:2      | 2381 ||| Stepping randomly (stuck).
  2382 | D:2      | 2382 ||| Stepping randomly (stuck).
  2383 | D:2      | 2383 ||| Stepping randomly (stuck).
  2384 | D:2      | 2384 ||| Stepping randomly (stuck).
  2385 | D:2      | 2385 ||| Stepping randomly (stuck).
  2386 | D:2      | 2386 ||| Stepping randomly (stuck).
  2387 | D:2      | 2387 ||| Stepping randomly (stuck).
  2388 | D:2      | 2388 ||| Stepping randomly (stuck).
  2389 | D:2      | 2389 ||| Stepping randomly (stuck).
  2390 | D:2      | 2390 ||| Stepping randomly (stuck).
  2391 | D:2      | 2391 ||| Stepping randomly (stuck).
  2392 | D:2      | 2392 ||| Stepping randomly (stuck).
  2393 | D:2      | 2393 ||| Stepping randomly (stuck).
  2394 | D:2      | 2394 ||| Stepping randomly (stuck).
  2395 | D:2      | 2395 ||| Stepping randomly (stuck).
  2396 | D:2      | 2396 ||| Stepping randomly (stuck).
  2397 | D:2      | 2397 ||| Stepping randomly (stuck).
  2398 | D:2      | 2398 ||| Stepping randomly (stuck).
  2399 | D:2      | 2399 ||| Stepping randomly (stuck).
  2400 | D:2      | 2400 ||| Stepping randomly (stuck).
  2401 | D:2      | 2401 ||| Stepping randomly (stuck).
  2402 | D:2      | 2402 ||| Stepping randomly (stuck).
  2403 | D:2      | 2403 ||| Stepping randomly (stuck).
  2404 | D:2      | 2404 ||| Stepping randomly (stuck).
  2405 | D:2      | 2405 ||| Stepping randomly (stuck).
  2406 | D:2      | 2406 ||| Stepping randomly (stuck).
  2407 | D:2      | 2407 ||| Stepping randomly (stuck).
  2408 | D:2      | 2408 ||| Stepping randomly (stuck).
  2409 | D:2      | 2409 ||| Stepping randomly (stuck).
  2410 | D:2      | 2410 ||| Stepping randomly (stuck).
  2411 | D:2      | 2411 ||| Stepping randomly (stuck).
  2412 | D:2      | 2412 ||| Stepping randomly (stuck).
  2413 | D:2      | 2413 ||| Stepping randomly (stuck).
  2414 | D:2      | 2414 ||| Stepping randomly (stuck).
  2415 | D:2      | 2415 ||| Stepping randomly (stuck).
  2416 | D:2      | 2416 ||| Stepping randomly (stuck).
  2417 | D:2      | 2417 ||| Stepping randomly (stuck).
  2418 | D:2      | 2418 ||| Stepping randomly (stuck).
  2419 | D:2      | 2419 ||| Stepping randomly (stuck).
  2420 | D:2      | 2420 ||| Stepping randomly (stuck).
  2421 | D:2      | 2421 ||| Stepping randomly (stuck).
  2422 | D:2      | 2422 ||| Stepping randomly (stuck).
  2423 | D:2      | 2423 ||| Stepping randomly (stuck).
  2424 | D:2      | 2424 ||| Stepping randomly (stuck).
  2425 | D:2      | 2425 ||| Stepping randomly (stuck).
  2426 | D:2      | 2426 ||| Stepping randomly (stuck).
  2427 | D:2      | 2427 ||| Stepping randomly (stuck).
  2428 | D:2      | 2428 ||| Stepping randomly (stuck).
  2429 | D:2      | 2429 ||| Stepping randomly (stuck).
  2430 | D:2      | 2430 ||| Stepping randomly (stuck).
  2431 | D:2      | 2431 ||| Stepping randomly (stuck).
  2432 | D:2      | 2432 ||| Stepping randomly (stuck).
  2433 | D:2      | 2433 ||| Stepping randomly (stuck).
  2434 | D:2      | 2434 ||| Stepping randomly (stuck).
  2435 | D:2      | 2435 ||| Stepping randomly (stuck).
  2436 | D:2      | 2436 ||| Stepping randomly (stuck).
  2437 | D:2      | 2437 ||| Stepping randomly (stuck).
  2438 | D:2      | 2438 ||| Stepping randomly (stuck).
  2439 | D:2      | 2439 ||| Stepping randomly (stuck).
  2440 | D:2      | 2440 ||| Stepping randomly (stuck).
  2441 | D:2      | 2441 ||| Stepping randomly (stuck).
  2442 | D:2      | 2442 ||| Stepping randomly (stuck).
  2443 | D:2      | 2443 ||| Stepping randomly (stuck).
  2444 | D:2      | 2444 ||| Stepping randomly (stuck).
  2445 | D:2      | 2445 ||| Stepping randomly (stuck).
  2446 | D:2      | 2446 ||| Stepping randomly (stuck).
  2447 | D:2      | 2447 ||| Stepping randomly (stuck).
  2448 | D:2      | 2448 ||| Stepping randomly (stuck).
  2449 | D:2      | 2449 ||| Stepping randomly (stuck).
  2450 | D:2      | 2450 ||| Stepping randomly (stuck).
  2451 | D:2      | 2451 ||| Stepping randomly (stuck).
  2452 | D:2      | 2452 ||| Stepping randomly (stuck).
  2453 | D:2      | 2453 ||| Stepping randomly (stuck).
  2454 | D:2      | 2454 ||| Stepping randomly (stuck).
  2455 | D:2      | 2455 ||| Stepping randomly (stuck).
  2456 | D:2      | 2456 ||| Stepping randomly (stuck).
  2457 | D:2      | 2457 ||| Stepping randomly (stuck).
  2458 | D:2      | 2458 ||| Stepping randomly (stuck).
  2459 | D:2      | 2459 ||| Stepping randomly (stuck).
  2460 | D:2      | 2460 ||| Stepping randomly (stuck).
  2461 | D:2      | 2461 ||| Stepping randomly (stuck).
  2462 | D:2      | 2462 ||| Stepping randomly (stuck).
  2463 | D:2      | 2463 ||| Stepping randomly (stuck).
  2464 | D:2      | 2464 ||| Stepping randomly (stuck).
  2465 | D:2      | 2465 ||| Stepping randomly (stuck).
  2466 | D:2      | 2466 ||| Stepping randomly (stuck).
  2467 | D:2      | 2467 ||| Stepping randomly (stuck).
  2468 | D:2      | 2468 ||| Stepping randomly (stuck).
  2469 | D:2      | 2469 ||| Stepping randomly (stuck).
  2470 | D:2      | 2470 ||| Stepping randomly (stuck).
  2471 | D:2      | 2471 ||| Stepping randomly (stuck).
  2472 | D:2      | 2472 ||| Stepping randomly (stuck).
  2473 | D:2      | 2473 ||| Stepping randomly (stuck).
  2474 | D:2      | 2474 ||| Stepping randomly (stuck).
  2475 | D:2      | 2475 ||| Stepping randomly (stuck).
  2476 | D:2      | 2476 ||| Stepping randomly (stuck).
  2477 | D:2      | 2477 ||| Stepping randomly (stuck).
  2478 | D:2      | 2478 ||| Stepping randomly (stuck).
  2479 | D:2      | 2479 ||| Stepping randomly (stuck).
  2480 | D:2      | 2480 ||| Stepping randomly (stuck).
  2481 | D:2      | 2481 ||| Stepping randomly (stuck).
  2482 | D:2      | 2482 ||| Stepping randomly (stuck).
  2483 | D:2      | 2483 ||| Stepping randomly (stuck).
  2484 | D:2      | 2484 ||| Stepping randomly (stuck).
  2485 | D:2      | 2485 ||| Stepping randomly (stuck).
  2486 | D:2      | 2486 ||| Stepping randomly (stuck).
  2487 | D:2      | 2487 ||| Stepping randomly (stuck).
  2488 | D:2      | 2488 ||| Stepping randomly (stuck).
  2489 | D:2      | 2489 ||| Stepping randomly (stuck).
  2490 | D:2      | 2490 ||| Stepping randomly (stuck).
  2491 | D:2      | 2491 ||| Stepping randomly (stuck).
  2492 | D:2      | 2492 ||| Stepping randomly (stuck).
  2493 | D:2      | 2493 ||| Stepping randomly (stuck).
  2494 | D:2      | 2494 ||| Stepping randomly (stuck).
  2495 | D:2      | 2495 ||| Stepping randomly (stuck).
  2496 | D:2      | 2496 ||| Stepping randomly (stuck).
  2497 | D:2      | 2497 ||| Stepping randomly (stuck).
  2498 | D:2      | 2498 ||| Stepping randomly (stuck).
  2499 | D:2      | 2499 ||| Stepping randomly (stuck).
  2500 | D:2      | 2500 ||| Stepping randomly (stuck).
  2501 | D:2      | 2501 ||| Stepping randomly (stuck).
  2502 | D:2      | 2502 ||| Stepping randomly (stuck).
  2503 | D:2      | 2503 ||| Stepping randomly (stuck).
  2504 | D:2      | 2504 ||| Stepping randomly (stuck).
  2505 | D:2      | 2505 ||| Stepping randomly (stuck).
  2506 | D:2      | 2506 ||| Stepping randomly (stuck).
  2507 | D:2      | 2507 ||| Stepping randomly (stuck).
  2508 | D:2      | 2508 ||| Stepping randomly (stuck).
  2509 | D:2      | 2509 ||| Stepping randomly (stuck).
  2510 | D:2      | 2510 ||| Stepping randomly (stuck).
  2511 | D:2      | 2511 ||| Stepping randomly (stuck).
  2512 | D:2      | 2512 ||| Stepping randomly (stuck).
  2513 | D:2      | 2513 ||| Stepping randomly (stuck).
  2514 | D:2      | 2514 ||| Stepping randomly (stuck).
  2515 | D:2      | 2515 ||| Stepping randomly (stuck).
  2516 | D:2      | 2516 ||| Stepping randomly (stuck).
  2517 | D:2      | 2517 ||| Stepping randomly (stuck).
  2518 | D:2      | 2518 ||| Stepping randomly (stuck).
  2519 | D:2      | 2519 ||| Stepping randomly (stuck).
  2520 | D:2      | 2520 ||| Stepping randomly (stuck).
  2521 | D:2      | 2521 ||| Stepping randomly (stuck).
  2522 | D:2      | 2522 ||| Stepping randomly (stuck).
  2523 | D:2      | 2523 ||| Stepping randomly (stuck).
  2524 | D:2      | 2524 ||| Stepping randomly (stuck).
  2525 | D:2      | 2525 ||| Stepping randomly (stuck).
  2526 | D:2      | 2526 ||| Stepping randomly (stuck).
  2527 | D:2      | 2527 ||| Stepping randomly (stuck).
  2528 | D:2      | 2528 ||| Stepping randomly (stuck).
  2529 | D:2      | 2529 ||| Stepping randomly (stuck).
  2530 | D:2      | 2530 ||| Stepping randomly (stuck).
  2531 | D:2      | 2531 ||| Stepping randomly (stuck).
  2532 | D:2      | 2532 ||| Stepping randomly (stuck).
  2533 | D:2      | 2533 ||| Stepping randomly (stuck).
  2534 | D:2      | 2534 ||| Stepping randomly (stuck).
  2535 | D:2      | 2535 ||| Stepping randomly (stuck).
  2536 | D:2      | 2536 ||| Stepping randomly (stuck).
  2537 | D:2      | 2537 ||| Stepping randomly (stuck).
  2538 | D:2      | 2538 ||| Stepping randomly (stuck).
  2539 | D:2      | 2539 ||| Stepping randomly (stuck).
  2540 | D:2      | 2540 ||| Stepping randomly (stuck).
  2541 | D:2      | 2541 ||| Stepping randomly (stuck).
  2542 | D:2      | 2542 ||| Stepping randomly (stuck).
  2543 | D:2      | 2543 ||| Stepping randomly (stuck).
  2544 | D:2      | 2544 ||| Stepping randomly (stuck).
  2545 | D:2      | 2545 ||| Stepping randomly (stuck).
  2546 | D:2      | 2546 ||| Stepping randomly (stuck).
  2547 | D:2      | 2547 ||| Stepping randomly (stuck).
  2548 | D:2      | 2548 ||| Stepping randomly (stuck).
  2549 | D:2      | 2549 ||| Stepping randomly (stuck).
  2550 | D:2      | 2550 ||| Stepping randomly (stuck).
  2551 | D:2      | 2551 ||| Stepping randomly (stuck).
  2552 | D:2      | 2552 ||| Stepping randomly (stuck).
  2553 | D:2      | 2553 ||| Stepping randomly (stuck).
  2554 | D:2      | 2554 ||| Stepping randomly (stuck).
  2555 | D:2      | 2555 ||| Stepping randomly (stuck).
  2556 | D:2      | 2556 ||| Stepping randomly (stuck).
  2557 | D:2      | 2557 ||| Stepping randomly (stuck).
  2558 | D:2      | 2558 ||| Stepping randomly (stuck).
  2559 | D:2      | 2559 ||| Stepping randomly (stuck).
  2560 | D:2      | 2560 ||| Stepping randomly (stuck).
  2561 | D:2      | 2561 ||| Stepping randomly (stuck).
  2562 | D:2      | 2562 ||| Stepping randomly (stuck).
  2563 | D:2      | 2563 ||| Stepping randomly (stuck).
  2564 | D:2      | 2564 ||| Stepping randomly (stuck).
  2565 | D:2      | 2565 ||| Stepping randomly (stuck).
  2566 | D:2      | 2566 ||| Stepping randomly (stuck).
  2567 | D:2      | 2567 ||| Stepping randomly (stuck).
  2568 | D:2      | 2568 ||| Stepping randomly (stuck).
  2569 | D:2      | 2569 ||| Stepping randomly (stuck).
  2570 | D:2      | 2570 ||| Stepping randomly (stuck).
  2571 | D:2      | 2571 ||| Stepping randomly (stuck).
  2572 | D:2      | 2572 ||| Stepping randomly (stuck).
  2573 | D:2      | 2573 ||| Stepping randomly (stuck).
  2574 | D:2      | 2574 ||| Stepping randomly (stuck).
  2575 | D:2      | 2575 ||| Stepping randomly (stuck).
  2576 | D:2      | 2576 ||| Stepping randomly (stuck).
  2577 | D:2      | 2577 ||| Stepping randomly (stuck).
  2578 | D:2      | 2578 ||| Stepping randomly (stuck).
  2579 | D:2      | 2579 ||| Stepping randomly (stuck).
  2580 | D:2      | 2580 ||| Stepping randomly (stuck).
  2581 | D:2      | 2581 ||| Stepping randomly (stuck).
  2582 | D:2      | 2582 ||| Stepping randomly (stuck).
  2583 | D:2      | 2583 ||| Stepping randomly (stuck).
  2584 | D:2      | 2584 ||| Stepping randomly (stuck).
  2585 | D:2      | 2585 ||| Stepping randomly (stuck).
  2586 | D:2      | 2586 ||| Stepping randomly (stuck).
  2587 | D:2      | 2587 ||| Stepping randomly (stuck).
  2588 | D:2      | 2588 ||| Stepping randomly (stuck).
  2589 | D:2      | 2589 ||| Stepping randomly (stuck).
  2590 | D:2      | 2590 ||| Stepping randomly (stuck).
  2591 | D:2      | 2591 ||| Stepping randomly (stuck).
  2592 | D:2      | 2592 ||| Stepping randomly (stuck).
  2593 | D:2      | 2593 ||| Stepping randomly (stuck).
  2594 | D:2      | 2594 ||| Stepping randomly (stuck).
  2595 | D:2      | 2595 ||| Stepping randomly (stuck).
  2596 | D:2      | 2596 ||| Stepping randomly (stuck).
  2597 | D:2      | 2597 ||| Stepping randomly (stuck).
  2598 | D:2      | 2598 ||| Stepping randomly (stuck).
  2599 | D:2      | 2599 ||| Stepping randomly (stuck).
  2600 | D:2      | 2600 ||| Stepping randomly (stuck).
  2601 | D:2      | 2601 ||| Stepping randomly (stuck).
  2602 | D:2      | 2602 ||| Stepping randomly (stuck).
  2603 | D:2      | 2603 ||| Stepping randomly (stuck).
  2604 | D:2      | 2604 ||| Stepping randomly (stuck).
  2605 | D:2      | 2605 ||| Stepping randomly (stuck).
  2606 | D:2      | 2606 ||| Stepping randomly (stuck).
  2607 | D:2      | 2607 ||| Stepping randomly (stuck).
  2608 | D:2      | 2608 ||| Stepping randomly (stuck).
  2609 | D:2      | 2609 ||| Stepping randomly (stuck).
  2610 | D:2      | 2610 ||| Stepping randomly (stuck).
  2611 | D:2      | 2611 ||| Stepping randomly (stuck).
  2612 | D:2      | 2612 ||| Stepping randomly (stuck).
  2613 | D:2      | 2613 ||| Stepping randomly (stuck).
  2614 | D:2      | 2614 ||| Stepping randomly (stuck).
  2615 | D:2      | 2615 ||| Stepping randomly (stuck).
  2616 | D:2      | 2616 ||| Stepping randomly (stuck).
  2617 | D:2      | 2617 ||| Stepping randomly (stuck).
  2618 | D:2      | 2618 ||| Stepping randomly (stuck).
  2619 | D:2      | 2619 ||| Stepping randomly (stuck).
  2620 | D:2      | 2620 ||| Stepping randomly (stuck).
  2621 | D:2      | 2621 ||| Stepping randomly (stuck).
  2622 | D:2      | 2622 ||| Stepping randomly (stuck).
  2623 | D:2      | 2623 ||| Stepping randomly (stuck).
  2624 | D:2      | 2624 ||| Stepping randomly (stuck).
  2625 | D:2      | 2625 ||| Stepping randomly (stuck).
  2626 | D:2      | 2626 ||| Stepping randomly (stuck).
  2627 | D:2      | 2627 ||| Stepping randomly (stuck).
  2628 | D:2      | 2628 ||| Stepping randomly (stuck).
  2629 | D:2      | 2629 ||| Stepping randomly (stuck).
  2630 | D:2      | 2630 ||| Stepping randomly (stuck).
  2631 | D:2      | 2631 ||| Stepping randomly (stuck).
  2632 | D:2      | 2632 ||| Stepping randomly (stuck).
  2633 | D:2      | 2633 ||| Stepping randomly (stuck).
  2634 | D:2      | 2634 ||| Stepping randomly (stuck).
  2635 | D:2      | 2635 ||| Stepping randomly (stuck).
  2636 | D:2      | 2636 ||| Stepping randomly (stuck).
  2637 | D:2      | 2637 ||| Stepping randomly (stuck).
  2638 | D:2      | 2638 ||| Stepping randomly (stuck).
  2639 | D:2      | 2639 ||| Stepping randomly (stuck).
  2640 | D:2      | 2640 ||| Stepping randomly (stuck).
  2641 | D:2      | 2641 ||| Stepping randomly (stuck).
  2642 | D:2      | 2642 ||| Stepping randomly (stuck).
  2643 | D:2      | 2643 ||| Stepping randomly (stuck).
  2644 | D:2      | 2644 ||| Stepping randomly (stuck).
  2645 | D:2      | 2645 ||| Stepping randomly (stuck).
  2646 | D:2      | 2646 ||| Stepping randomly (stuck).
  2647 | D:2      | 2647 ||| Stepping randomly (stuck).
  2648 | D:2      | 2648 ||| Stepping randomly (stuck).
  2649 | D:2      | 2649 ||| Stepping randomly (stuck).
  2650 | D:2      | 2650 ||| Stepping randomly (stuck).
  2651 | D:2      | 2651 ||| Stepping randomly (stuck).
  2652 | D:2      | 2652 ||| Stepping randomly (stuck).
  2653 | D:2      | 2653 ||| Stepping randomly (stuck).
  2654 | D:2      | 2654 ||| Stepping randomly (stuck).
  2655 | D:2      | 2655 ||| Stepping randomly (stuck).
  2656 | D:2      | 2656 ||| Stepping randomly (stuck).
  2657 | D:2      | 2657 ||| Stepping randomly (stuck).
  2658 | D:2      | 2658 ||| Stepping randomly (stuck).
  2659 | D:2      | 2659 ||| Stepping randomly (stuck).
  2660 | D:2      | 2660 ||| Stepping randomly (stuck).
  2661 | D:2      | 2661 ||| Stepping randomly (stuck).
  2662 | D:2      | 2662 ||| Stepping randomly (stuck).
  2663 | D:2      | 2663 ||| Stepping randomly (stuck).
  2664 | D:2      | 2664 ||| Stepping randomly (stuck).
  2665 | D:2      | 2665 ||| Stepping randomly (stuck).
  2666 | D:2      | 2666 ||| Stepping randomly (stuck).
  2667 | D:2      | 2667 ||| Stepping randomly (stuck).
  2668 | D:2      | 2668 ||| Stepping randomly (stuck).
  2669 | D:2      | 2669 ||| Stepping randomly (stuck).
  2670 | D:2      | 2670 ||| Stepping randomly (stuck).
  2671 | D:2      | 2671 ||| Stepping randomly (stuck).
  2672 | D:2      | 2672 ||| Stepping randomly (stuck).
  2673 | D:2      | 2673 ||| Stepping randomly (stuck).
  2674 | D:2      | 2674 ||| Stepping randomly (stuck).
  2675 | D:2      | 2675 ||| Stepping randomly (stuck).
  2676 | D:2      | 2676 ||| Stepping randomly (stuck).
  2677 | D:2      | 2677 ||| Stepping randomly (stuck).
  2678 | D:2      | 2678 ||| Stepping randomly (stuck).
  2679 | D:2      | 2679 ||| Stepping randomly (stuck).
  2680 | D:2      | 2680 ||| Stepping randomly (stuck).
  2681 | D:2      | 2681 ||| Stepping randomly (stuck).
  2682 | D:2      | 2682 ||| Stepping randomly (stuck).
  2683 | D:2      | 2683 ||| Stepping randomly (stuck).
  2684 | D:2      | 2684 ||| Stepping randomly (stuck).
  2685 | D:2      | 2685 ||| Stepping randomly (stuck).
  2686 | D:2      | 2686 ||| Stepping randomly (stuck).
  2687 | D:2      | 2687 ||| Stepping randomly (stuck).
  2688 | D:2      | 2688 ||| Stepping randomly (stuck).
  2689 | D:2      | 2689 ||| Stepping randomly (stuck).
  2690 | D:2      | 2690 ||| Stepping randomly (stuck).
  2691 | D:2      | 2691 ||| Stepping randomly (stuck).
  2692 | D:2      | 2692 ||| Stepping randomly (stuck).
  2693 | D:2      | 2693 ||| Stepping randomly (stuck).
  2694 | D:2      | 2694 ||| Stepping randomly (stuck).
  2695 | D:2      | 2695 ||| Stepping randomly (stuck).
  2696 | D:2      | 2696 ||| Stepping randomly (stuck).
  2697 | D:2      | 2697 ||| Stepping randomly (stuck).
  2698 | D:2      | 2698 ||| Stepping randomly (stuck).
  2699 | D:2      | 2699 ||| Stepping randomly (stuck).
  2700 | D:2      | 2700 ||| Stepping randomly (stuck).
  2701 | D:2      | 2701 ||| Stepping randomly (stuck).
  2702 | D:2      | 2702 ||| Stepping randomly (stuck).
  2703 | D:2      | 2703 ||| Stepping randomly (stuck).
  2704 | D:2      | 2704 ||| Stepping randomly (stuck).
  2705 | D:2      | 2705 ||| Stepping randomly (stuck).
  2706 | D:2      | 2706 ||| Stepping randomly (stuck).
  2707 | D:2      | 2707 ||| Stepping randomly (stuck).
  2708 | D:2      | 2708 ||| Stepping randomly (stuck).
  2709 | D:2      | 2709 ||| Stepping randomly (stuck).
  2710 | D:2      | 2710 ||| Stepping randomly (stuck).
  2711 | D:2      | 2711 ||| Stepping randomly (stuck).
  2712 | D:2      | 2712 ||| Stepping randomly (stuck).
  2713 | D:2      | 2713 ||| Stepping randomly (stuck).
  2714 | D:2      | 2714 ||| Stepping randomly (stuck).
  2715 | D:2      | 2715 ||| Stepping randomly (stuck).
  2716 | D:2      | 2716 ||| Stepping randomly (stuck).
  2717 | D:2      | 2717 ||| Stepping randomly (stuck).
  2718 | D:2      | 2718 ||| Stepping randomly (stuck).
  2719 | D:2      | 2719 ||| Stepping randomly (stuck).
  2720 | D:2      | 2720 ||| Stepping randomly (stuck).
  2721 | D:2      | 2721 ||| Stepping randomly (stuck).
  2722 | D:2      | 2722 ||| Stepping randomly (stuck).
  2723 | D:2      | 2723 ||| Stepping randomly (stuck).
  2724 | D:2      | 2724 ||| Stepping randomly (stuck).
  2725 | D:2      | 2725 ||| Stepping randomly (stuck).
  2726 | D:2      | 2726 ||| Stepping randomly (stuck).
  2727 | D:2      | 2727 ||| Stepping randomly (stuck).
  2728 | D:2      | 2728 ||| Stepping randomly (stuck).
  2729 | D:2      | 2729 ||| Stepping randomly (stuck).
  2730 | D:2      | 2730 ||| Stepping randomly (stuck).
  2731 | D:2      | 2731 ||| Stepping randomly (stuck).
  2732 | D:2      | 2732 ||| Stepping randomly (stuck).
  2733 | D:2      | 2733 ||| Stepping randomly (stuck).
  2734 | D:2      | 2734 ||| Stepping randomly (stuck).
  2735 | D:2      | 2735 ||| Stepping randomly (stuck).
  2736 | D:2      | 2736 ||| Stepping randomly (stuck).
  2737 | D:2      | 2737 ||| Stepping randomly (stuck).
  2738 | D:2      | 2738 ||| Stepping randomly (stuck).
  2739 | D:2      | 2739 ||| Stepping randomly (stuck).
  2740 | D:2      | 2740 ||| Stepping randomly (stuck).
  2741 | D:2      | 2741 ||| Stepping randomly (stuck).
  2742 | D:2      | 2742 ||| Stepping randomly (stuck).
  2743 | D:2      | 2743 ||| Stepping randomly (stuck).
  2744 | D:2      | 2744 ||| Stepping randomly (stuck).
  2745 | D:2      | 2745 ||| Stepping randomly (stuck).
  2746 | D:2      | 2746 ||| Stepping randomly (stuck).
  2747 | D:2      | 2747 ||| Stepping randomly (stuck).
  2748 | D:2      | 2748 ||| Stepping randomly (stuck).
  2749 | D:2      | 2749 ||| Stepping randomly (stuck).
  2750 | D:2      | 2750 ||| Stepping randomly (stuck).
  2751 | D:2      | 2751 ||| Stepping randomly (stuck).
  2752 | D:2      | 2752 ||| Stepping randomly (stuck).
  2753 | D:2      | 2753 ||| Stepping randomly (stuck).
  2754 | D:2      | 2754 ||| Stepping randomly (stuck).
  2755 | D:2      | 2755 ||| Stepping randomly (stuck).
  2756 | D:2      | 2756 ||| Stepping randomly (stuck).
  2757 | D:2      | 2757 ||| Stepping randomly (stuck).
  2758 | D:2      | 2758 ||| Stepping randomly (stuck).
  2759 | D:2      | 2759 ||| Stepping randomly (stuck).
  2760 | D:2      | 2760 ||| Stepping randomly (stuck).
  2761 | D:2      | 2761 ||| Stepping randomly (stuck).
  2762 | D:2      | 2762 ||| Stepping randomly (stuck).
  2763 | D:2      | 2763 ||| Stepping randomly (stuck).
  2764 | D:2      | 2764 ||| Stepping randomly (stuck).
  2765 | D:2      | 2765 ||| Stepping randomly (stuck).
  2766 | D:2      | 2766 ||| Stepping randomly (stuck).
  2767 | D:2      | 2767 ||| Stepping randomly (stuck).
  2768 | D:2      | 2768 ||| Stepping randomly (stuck).
  2769 | D:2      | 2769 ||| Stepping randomly (stuck).
  2770 | D:2      | 2770 ||| Stepping randomly (stuck).
  2771 | D:2      | 2771 ||| Stepping randomly (stuck).
  2772 | D:2      | 2772 ||| Stepping randomly (stuck).
  2773 | D:2      | 2773 ||| Stepping randomly (stuck).
  2774 | D:2      | 2774 ||| Stepping randomly (stuck).
  2775 | D:2      | 2775 ||| Stepping randomly (stuck).
  2776 | D:2      | 2776 ||| Stepping randomly (stuck).
  2777 | D:2      | 2777 ||| Stepping randomly (stuck).
  2778 | D:2      | 2778 ||| Stepping randomly (stuck).
  2779 | D:2      | 2779 ||| Stepping randomly (stuck).
  2780 | D:2      | 2780 ||| Stepping randomly (stuck).
  2781 | D:2      | 2781 ||| Stepping randomly (stuck).
  2782 | D:2      | 2782 ||| Stepping randomly (stuck).
  2783 | D:2      | 2783 ||| Stepping randomly (stuck).
  2784 | D:2      | 2784 ||| Stepping randomly (stuck).
  2785 | D:2      | 2785 ||| Stepping randomly (stuck).
  2786 | D:2      | 2786 ||| Stepping randomly (stuck).
  2787 | D:2      | 2787 ||| Stepping randomly (stuck).
  2788 | D:2      | 2788 ||| Stepping randomly (stuck).
  2789 | D:2      | 2789 ||| Stepping randomly (stuck).
  2790 | D:2      | 2790 ||| Stepping randomly (stuck).
  2791 | D:2      | 2791 ||| Stepping randomly (stuck).
  2792 | D:2      | 2792 ||| Stepping randomly (stuck).
  2793 | D:2      | 2793 ||| Stepping randomly (stuck).
  2794 | D:2      | 2794 ||| Stepping randomly (stuck).
  2795 | D:2      | 2795 ||| Stepping randomly (stuck).
  2796 | D:2      | 2796 ||| Stepping randomly (stuck).
  2797 | D:2      | 2797 ||| Stepping randomly (stuck).
  2798 | D:2      | 2798 ||| Stepping randomly (stuck).
  2799 | D:2      | 2799 ||| Stepping randomly (stuck).
  2800 | D:2      | 2800 ||| Stepping randomly (stuck).
  2801 | D:2      | 2801 ||| Stepping randomly (stuck).
  2802 | D:2      | 2802 ||| Stepping randomly (stuck).
  2803 | D:2      | 2803 ||| Stepping randomly (stuck).
  2804 | D:2      | 2804 ||| Stepping randomly (stuck).
  2805 | D:2      | 2805 ||| Stepping randomly (stuck).
  2806 | D:2      | 2806 ||| Stepping randomly (stuck).
  2807 | D:2      | 2807 ||| Stepping randomly (stuck).
  2808 | D:2      | 2808 ||| Stepping randomly (stuck).
  2809 | D:2      | 2809 ||| Stepping randomly (stuck).
  2810 | D:2      | 2810 ||| Stepping randomly (stuck).
  2811 | D:2      | 2811 ||| Stepping randomly (stuck).
  2812 | D:2      | 2812 ||| Stepping randomly (stuck).
  2813 | D:2      | 2813 ||| Stepping randomly (stuck).
  2814 | D:2      | 2814 ||| Stepping randomly (stuck).
  2815 | D:2      | 2815 ||| Stepping randomly (stuck).
  2816 | D:2      | 2816 ||| Stepping randomly (stuck).
  2817 | D:2      | 2817 ||| Stepping randomly (stuck).
  2818 | D:2      | 2818 ||| Stepping randomly (stuck).
  2819 | D:2      | 2819 ||| Stepping randomly (stuck).
  2820 | D:2      | 2820 ||| Stepping randomly (stuck).
  2821 | D:2      | 2821 ||| Stepping randomly (stuck).
  2822 | D:2      | 2822 ||| Stepping randomly (stuck).
  2823 | D:2      | 2823 ||| Stepping randomly (stuck).
  2824 | D:2      | 2824 ||| Stepping randomly (stuck).
  2825 | D:2      | 2825 ||| Stepping randomly (stuck).
  2826 | D:2      | 2826 ||| Stepping randomly (stuck).
  2827 | D:2      | 2827 ||| Stepping randomly (stuck).
  2828 | D:2      | 2828 ||| Stepping randomly (stuck).
  2829 | D:2      | 2829 ||| Stepping randomly (stuck).
  2830 | D:2      | 2830 ||| Stepping randomly (stuck).
  2831 | D:2      | 2831 ||| Stepping randomly (stuck).
  2832 | D:2      | 2832 ||| Stepping randomly (stuck).
  2833 | D:2      | 2833 ||| Stepping randomly (stuck).
  2834 | D:2      | 2834 ||| Stepping randomly (stuck).
  2835 | D:2      | 2835 ||| Stepping randomly (stuck).
  2836 | D:2      | 2836 ||| Stepping randomly (stuck).
  2837 | D:2      | 2837 ||| Stepping randomly (stuck).
  2838 | D:2      | 2838 ||| Stepping randomly (stuck).
  2839 | D:2      | 2839 ||| Stepping randomly (stuck).
  2840 | D:2      | 2840 ||| Stepping randomly (stuck).
  2841 | D:2      | 2841 ||| Stepping randomly (stuck).
  2842 | D:2      | 2842 ||| Stepping randomly (stuck).
  2843 | D:2      | 2843 ||| Stepping randomly (stuck).
  2844 | D:2      | 2844 ||| Stepping randomly (stuck).
  2845 | D:2      | 2845 ||| Stepping randomly (stuck).
  2846 | D:2      | 2846 ||| Stepping randomly (stuck).
  2847 | D:2      | 2847 ||| Stepping randomly (stuck).
  2848 | D:2      | 2848 ||| Stepping randomly (stuck).
  2849 | D:2      | 2849 ||| Stepping randomly (stuck).
  2850 | D:2      | 2850 ||| Stepping randomly (stuck).
  2851 | D:2      | 2851 ||| Stepping randomly (stuck).
  2852 | D:2      | 2852 ||| Stepping randomly (stuck).
  2853 | D:2      | 2853 ||| Stepping randomly (stuck).
  2854 | D:2      | 2854 ||| Stepping randomly (stuck).
  2855 | D:2      | 2855 ||| Stepping randomly (stuck).
  2856 | D:2      | 2856 ||| Stepping randomly (stuck).
  2857 | D:2      | 2857 ||| Stepping randomly (stuck).
  2858 | D:2      | 2858 ||| Stepping randomly (stuck).
  2859 | D:2      | 2859 ||| Stepping randomly (stuck).
  2860 | D:2      | 2860 ||| Stepping randomly (stuck).
  2861 | D:2      | 2861 ||| Stepping randomly (stuck).
  2862 | D:2      | 2862 ||| Stepping randomly (stuck).
  2863 | D:2      | 2863 ||| Stepping randomly (stuck).
  2864 | D:2      | 2864 ||| Stepping randomly (stuck).
  2865 | D:2      | 2865 ||| Stepping randomly (stuck).
  2866 | D:2      | 2866 ||| Stepping randomly (stuck).
  2867 | D:2      | 2867 ||| Stepping randomly (stuck).
  2868 | D:2      | 2868 ||| Stepping randomly (stuck).
  2869 | D:2      | 2869 ||| Stepping randomly (stuck).
  2870 | D:2      | 2870 ||| Stepping randomly (stuck).
  2871 | D:2      | 2871 ||| Stepping randomly (stuck).
  2872 | D:2      | 2872 ||| Stepping randomly (stuck).
  2873 | D:2      | 2873 ||| Stepping randomly (stuck).
  2874 | D:2      | 2874 ||| Stepping randomly (stuck).
  2875 | D:2      | 2875 ||| Stepping randomly (stuck).
  2876 | D:2      | 2876 ||| Stepping randomly (stuck).
  2877 | D:2      | 2877 ||| Stepping randomly (stuck).
  2878 | D:2      | 2878 ||| Stepping randomly (stuck).
  2879 | D:2      | 2879 ||| Stepping randomly (stuck).
  2880 | D:2      | 2880 ||| Stepping randomly (stuck).
  2881 | D:2      | 2881 ||| Stepping randomly (stuck).
  2882 | D:2      | 2882 ||| Stepping randomly (stuck).
  2883 | D:2      | 2883 ||| Stepping randomly (stuck).
  2884 | D:2      | 2884 ||| Stepping randomly (stuck).
  2885 | D:2      | 2885 ||| Stepping randomly (stuck).
  2886 | D:2      | 2886 ||| Stepping randomly (stuck).
  2887 | D:2      | 2887 ||| Stepping randomly (stuck).
  2888 | D:2      | 2888 ||| Stepping randomly (stuck).
  2889 | D:2      | 2889 ||| Stepping randomly (stuck).
  2890 | D:2      | 2890 ||| Stepping randomly (stuck).
  2891 | D:2      | 2891 ||| Stepping randomly (stuck).
  2892 | D:2      | 2892 ||| Stepping randomly (stuck).
  2893 | D:2      | 2893 ||| Stepping randomly (stuck).
  2894 | D:2      | 2894 ||| Stepping randomly (stuck).
  2895 | D:2      | 2895 ||| Stepping randomly (stuck).
  2896 | D:2      | 2896 ||| Stepping randomly (stuck).
  2897 | D:2      | 2897 ||| Stepping randomly (stuck).
  2898 | D:2      | 2898 ||| Stepping randomly (stuck).
  2899 | D:2      | 2899 ||| Stepping randomly (stuck).
  2900 | D:2      | 2900 ||| Stepping randomly (stuck).
  2901 | D:2      | 2901 ||| Stepping randomly (stuck).
  2902 | D:2      | 2902 ||| Stepping randomly (stuck).
  2903 | D:2      | 2903 ||| Stepping randomly (stuck).
  2904 | D:2      | 2904 ||| Stepping randomly (stuck).
  2905 | D:2      | 2905 ||| Stepping randomly (stuck).
  2906 | D:2      | 2906 ||| Stepping randomly (stuck).
  2907 | D:2      | 2907 ||| Stepping randomly (stuck).
  2908 | D:2      | 2908 ||| Stepping randomly (stuck).
  2909 | D:2      | 2909 ||| Stepping randomly (stuck).
  2910 | D:2      | 2910 ||| Stepping randomly (stuck).
  2911 | D:2      | 2911 ||| Stepping randomly (stuck).
  2912 | D:2      | 2912 ||| Stepping randomly (stuck).
  2913 | D:2      | 2913 ||| Stepping randomly (stuck).
  2914 | D:2      | 2914 ||| Stepping randomly (stuck).
  2915 | D:2      | 2915 ||| Stepping randomly (stuck).
  2916 | D:2      | 2916 ||| Stepping randomly (stuck).
  2917 | D:2      | 2917 ||| Stepping randomly (stuck).
  2918 | D:2      | 2918 ||| Stepping randomly (stuck).
  2919 | D:2      | 2919 ||| Stepping randomly (stuck).
  2920 | D:2      | 2920 ||| Stepping randomly (stuck).
  2921 | D:2      | 2921 ||| Stepping randomly (stuck).
  2922 | D:2      | 2922 ||| Stepping randomly (stuck).
  2923 | D:2      | 2923 ||| Stepping randomly (stuck).
  2924 | D:2      | 2924 ||| Stepping randomly (stuck).
  2925 | D:2      | 2925 ||| Stepping randomly (stuck).
  2926 | D:2      | 2926 ||| Stepping randomly (stuck).
  2927 | D:2      | 2927 ||| Stepping randomly (stuck).
  2928 | D:2      | 2928 ||| Stepping randomly (stuck).
  2929 | D:2      | 2929 ||| Stepping randomly (stuck).
  2930 | D:2      | 2930 ||| Stepping randomly (stuck).
  2931 | D:2      | 2931 ||| Stepping randomly (stuck).
  2932 | D:2      | 2932 ||| Stepping randomly (stuck).
  2933 | D:2      | 2933 ||| Stepping randomly (stuck).
  2934 | D:2      | 2934 ||| Stepping randomly (stuck).
  2935 | D:2      | 2935 ||| Stepping randomly (stuck).
  2936 | D:2      | 2936 ||| Stepping randomly (stuck).
  2937 | D:2      | 2937 ||| Stepping randomly (stuck).
  2938 | D:2      | 2938 ||| Stepping randomly (stuck).
  2939 | D:2      | 2939 ||| Stepping randomly (stuck).
  2940 | D:2      | 2940 ||| Stepping randomly (stuck).
  2941 | D:2      | 2941 ||| Stepping randomly (stuck).
  2942 | D:2      | 2942 ||| Stepping randomly (stuck).
  2943 | D:2      | 2943 ||| Stepping randomly (stuck).
  2944 | D:2      | 2944 ||| Stepping randomly (stuck).
  2945 | D:2      | 2945 ||| Stepping randomly (stuck).
  2946 | D:2      | 2946 ||| Stepping randomly (stuck).
  2947 | D:2      | 2947 ||| Stepping randomly (stuck).
  2948 | D:2      | 2948 ||| Stepping randomly (stuck).
  2949 | D:2      | 2949 ||| Stepping randomly (stuck).
  2950 | D:2      | 2950 ||| Stepping randomly (stuck).
  2951 | D:2      | 2951 ||| Stepping randomly (stuck).
  2952 | D:2      | 2952 ||| Stepping randomly (stuck).
  2953 | D:2      | 2953 ||| Stepping randomly (stuck).
  2954 | D:2      | 2954 ||| Stepping randomly (stuck).
  2955 | D:2      | 2955 ||| Stepping randomly (stuck).
  2956 | D:2      | 2956 ||| Stepping randomly (stuck).
  2957 | D:2      | 2957 ||| Stepping randomly (stuck).
  2958 | D:2      | 2958 ||| Stepping randomly (stuck).
  2959 | D:2      | 2959 ||| Stepping randomly (stuck).
  2960 | D:2      | 2960 ||| Stepping randomly (stuck).
  2961 | D:2      | 2961 ||| Stepping randomly (stuck).
  2962 | D:2      | 2962 ||| Stepping randomly (stuck).
  2963 | D:2      | 2963 ||| Stepping randomly (stuck).
  2964 | D:2      | 2964 ||| Stepping randomly (stuck).
  2965 | D:2      | 2965 ||| Stepping randomly (stuck).
  2966 | D:2      | 2966 ||| Stepping randomly (stuck).
  2967 | D:2      | 2967 ||| Stepping randomly (stuck).
  2968 | D:2      | 2968 ||| Stepping randomly (stuck).
  2969 | D:2      | 2969 ||| Stepping randomly (stuck).
  2970 | D:2      | 2970 ||| Stepping randomly (stuck).
  2971 | D:2      | 2971 ||| Stepping randomly (stuck).
  2972 | D:2      | 2972 ||| Stepping randomly (stuck).
  2973 | D:2      | 2973 ||| Stepping randomly (stuck).
  2974 | D:2      | 2974 ||| Stepping randomly (stuck).
  2975 | D:2      | 2975 ||| Stepping randomly (stuck).
  2976 | D:2      | 2976 ||| Stepping randomly (stuck).
  2977 | D:2      | 2977 ||| Stepping randomly (stuck).
  2978 | D:2      | 2978 ||| Stepping randomly (stuck).
  2979 | D:2      | 2979 ||| Stepping randomly (stuck).
  2980 | D:2      | 2980 ||| Stepping randomly (stuck).
  2981 | D:2      | 2981 ||| Stepping randomly (stuck).
  2982 | D:2      | 2982 ||| Stepping randomly (stuck).
  2983 | D:2      | 2983 ||| Stepping randomly (stuck).
  2984 | D:2      | 2984 ||| Stepping randomly (stuck).
  2985 | D:2      | 2985 ||| Stepping randomly (stuck).
  2986 | D:2      | 2986 ||| Stepping randomly (stuck).
  2987 | D:2      | 2987 ||| Stepping randomly (stuck).
  2988 | D:2      | 2988 ||| Stepping randomly (stuck).
  2989 | D:2      | 2989 ||| Stepping randomly (stuck).
  2990 | D:2      | 2990 ||| Stepping randomly (stuck).
  2991 | D:2      | 2991 ||| Stepping randomly (stuck).
  2992 | D:2      | 2992 ||| Stepping randomly (stuck).
  2993 | D:2      | 2993 ||| Stepping randomly (stuck).
  2994 | D:2      | 2994 ||| Stepping randomly (stuck).
  2995 | D:2      | 2995 ||| Stepping randomly (stuck).
  2996 | D:2      | 2996 ||| Stepping randomly (stuck).
  2997 | D:2      | 2997 ||| Stepping randomly (stuck).
  2998 | D:2      | 2998 ||| Stepping randomly (stuck).
  2999 | D:2      | 2999 ||| Stepping randomly (stuck).
  3000 | D:2      | 3000 ||| Stepping randomly (stuck).
  3001 | D:2      | 3001 ||| Stepping randomly (stuck).
  3002 | D:2      | 3002 ||| Stepping randomly (stuck).
  3003 | D:2      | 3003 ||| Stepping randomly (stuck).
  3004 | D:2      | 3004 ||| Stepping randomly (stuck).
  3005 | D:2      | 3005 ||| Stepping randomly (stuck).
  3006 | D:2      | 3006 ||| Stepping randomly (stuck).
  3007 | D:2      | 3007 ||| Stepping randomly (stuck).
  3008 | D:2      | 3008 ||| Stepping randomly (stuck).
  3009 | D:2      | 3009 ||| Stepping randomly (stuck).
  3010 | D:2      | 3010 ||| Stepping randomly (stuck).
  3011 | D:2      | 3011 ||| Stepping randomly (stuck).
  3012 | D:2      | 3012 ||| Stepping randomly (stuck).
  3013 | D:2      | 3013 ||| Stepping randomly (stuck).
  3014 | D:2      | 3014 ||| Stepping randomly (stuck).
  3015 | D:2      | 3015 ||| Stepping randomly (stuck).
  3016 | D:2      | 3016 ||| Stepping randomly (stuck).
  3017 | D:2      | 3017 ||| Stepping randomly (stuck).
  3018 | D:2      | 3018 ||| Stepping randomly (stuck).
  3019 | D:2      | 3019 ||| Stepping randomly (stuck).
  3020 | D:2      | 3020 ||| Stepping randomly (stuck).
  3021 | D:2      | 3021 ||| Stepping randomly (stuck).
  3022 | D:2      | 3022 ||| Stepping randomly (stuck).
  3023 | D:2      | 3023 ||| Stepping randomly (stuck).
  3024 | D:2      | 3024 ||| Stepping randomly (stuck).
  3025 | D:2      | 3025 ||| Stepping randomly (stuck).
  3026 | D:2      | 3026 ||| Stepping randomly (stuck).
  3027 | D:2      | 3027 ||| Stepping randomly (stuck).
  3028 | D:2      | 3028 ||| Stepping randomly (stuck).
  3029 | D:2      | 3029 ||| Stepping randomly (stuck).
  3030 | D:2      | 3030 ||| Stepping randomly (stuck).
  3031 | D:2      | 3031 ||| Stepping randomly (stuck).
  3032 | D:2      | 3032 ||| Stepping randomly (stuck).
  3033 | D:2      | 3033 ||| Stepping randomly (stuck).
  3034 | D:2      | 3034 ||| Stepping randomly (stuck).
  3035 | D:2      | 3035 ||| Stepping randomly (stuck).
  3036 | D:2      | 3036 ||| Stepping randomly (stuck).
  3037 | D:2      | 3037 ||| Stepping randomly (stuck).
  3038 | D:2      | 3038 ||| Stepping randomly (stuck).
  3039 | D:2      | 3039 ||| Stepping randomly (stuck).
  3040 | D:2      | 3040 ||| Stepping randomly (stuck).
  3041 | D:2      | 3041 ||| Stepping randomly (stuck).
  3042 | D:2      | 3042 ||| Stepping randomly (stuck).
  3043 | D:2      | 3043 ||| Stepping randomly (stuck).
  3044 | D:2      | 3044 ||| Stepping randomly (stuck).
  3045 | D:2      | 3045 ||| Stepping randomly (stuck).
  3046 | D:2      | 3046 ||| Stepping randomly (stuck).
  3047 | D:2      | 3047 ||| Stepping randomly (stuck).
  3048 | D:2      | 3048 ||| Stepping randomly (stuck).
  3049 | D:2      | 3049 ||| Stepping randomly (stuck).
  3050 | D:2      | 3050 ||| Stepping randomly (stuck).
  3051 | D:2      | 3051 ||| Stepping randomly (stuck).
  3052 | D:2      | 3052 ||| Stepping randomly (stuck).
  3053 | D:2      | 3053 ||| Stepping randomly (stuck).
  3054 | D:2      | 3054 ||| Stepping randomly (stuck).
  3055 | D:2      | 3055 ||| Stepping randomly (stuck).
  3056 | D:2      | 3056 ||| Stepping randomly (stuck).
  3057 | D:2      | 3057 ||| Stepping randomly (stuck).
  3058 | D:2      | 3058 ||| Stepping randomly (stuck).
  3059 | D:2      | 3059 ||| Stepping randomly (stuck).
  3060 | D:2      | 3060 ||| Stepping randomly (stuck).
  3061 | D:2      | 3061 ||| Stepping randomly (stuck).
  3062 | D:2      | 3062 ||| Stepping randomly (stuck).
  3063 | D:2      | 3063 ||| Stepping randomly (stuck).
  3064 | D:2      | 3064 ||| Stepping randomly (stuck).
  3065 | D:2      | 3065 ||| Stepping randomly (stuck).
  3066 | D:2      | 3066 ||| Stepping randomly (stuck).
  3067 | D:2      | 3067 ||| Stepping randomly (stuck).
  3068 | D:2      | 3068 ||| Stepping randomly (stuck).
  3069 | D:2      | 3069 ||| Stepping randomly (stuck).
  3070 | D:2      | 3070 ||| Stepping randomly (stuck).
  3071 | D:2      | 3071 ||| Stepping randomly (stuck).
  3072 | D:2      | 3072 ||| Stepping randomly (stuck).
  3073 | D:2      | 3073 ||| Stepping randomly (stuck).
  3074 | D:2      | 3074 ||| Stepping randomly (stuck).
  3075 | D:2      | 3075 ||| Stepping randomly (stuck).
  3076 | D:2      | 3076 ||| Stepping randomly (stuck).
  3077 | D:2      | 3077 ||| Stepping randomly (stuck).
  3078 | D:2      | 3078 ||| Stepping randomly (stuck).
  3079 | D:2      | 3079 ||| Stepping randomly (stuck).
  3080 | D:2      | 3080 ||| Stepping randomly (stuck).
  3081 | D:2      | 3081 ||| Stepping randomly (stuck).
  3082 | D:2      | 3082 ||| Stepping randomly (stuck).
  3083 | D:2      | 3083 ||| Stepping randomly (stuck).
  3084 | D:2      | 3084 ||| Stepping randomly (stuck).
  3085 | D:2      | 3085 ||| Stepping randomly (stuck).
  3086 | D:2      | 3086 ||| Stepping randomly (stuck).
  3087 | D:2      | 3087 ||| Stepping randomly (stuck).
  3088 | D:2      | 3088 ||| Stepping randomly (stuck).
  3089 | D:2      | 3089 ||| Stepping randomly (stuck).
  3090 | D:2      | 3090 ||| Stepping randomly (stuck).
  3091 | D:2      | 3091 ||| Stepping randomly (stuck).
  3092 | D:2      | 3092 ||| Stepping randomly (stuck).
  3093 | D:2      | 3093 ||| Stepping randomly (stuck).
  3094 | D:2      | 3094 ||| Stepping randomly (stuck).
  3095 | D:2      | 3095 ||| Stepping randomly (stuck).
  3096 | D:2      | 3096 ||| Stepping randomly (stuck).
  3097 | D:2      | 3097 ||| Stepping randomly (stuck).
  3098 | D:2      | 3098 ||| Stepping randomly (stuck).
  3099 | D:2      | 3099 ||| Stepping randomly (stuck).
  3100 | D:2      | 3100 ||| Stepping randomly (stuck).
  3101 | D:2      | 3101 ||| Stepping randomly (stuck).
  3102 | D:2      | 3102 ||| Stepping randomly (stuck).
  3103 | D:2      | 3103 ||| Stepping randomly (stuck).
  3104 | D:2      | 3104 ||| Stepping randomly (stuck).
  3105 | D:2      | 3105 ||| Stepping randomly (stuck).
  3106 | D:2      | 3106 ||| Stepping randomly (stuck).
  3107 | D:2      | 3107 ||| Stepping randomly (stuck).
  3108 | D:2      | 3108 ||| Stepping randomly (stuck).
  3109 | D:2      | 3109 ||| Stepping randomly (stuck).
  3110 | D:2      | 3110 ||| Stepping randomly (stuck).
  3111 | D:2      | 3111 ||| Stepping randomly (stuck).
  3112 | D:2      | 3112 ||| Stepping randomly (stuck).
  3113 | D:2      | 3113 ||| Stepping randomly (stuck).
  3114 | D:2      | 3114 ||| Stepping randomly (stuck).
  3115 | D:2      | 3115 ||| Stepping randomly (stuck).
  3116 | D:2      | 3116 ||| Stepping randomly (stuck).
  3117 | D:2      | 3117 ||| Stepping randomly (stuck).
  3118 | D:2      | 3118 ||| Stepping randomly (stuck).
  3119 | D:2      | 3119 ||| Stepping randomly (stuck).
  3120 | D:2      | 3120 ||| Stepping randomly (stuck).
  3121 | D:2      | 3121 ||| Stepping randomly (stuck).
  3122 | D:2      | 3122 ||| Stepping randomly (stuck).
  3123 | D:2      | 3123 ||| Stepping randomly (stuck).
  3124 | D:2      | 3124 ||| Stepping randomly (stuck).
  3125 | D:2      | 3125 ||| Stepping randomly (stuck).
  3126 | D:2      | 3126 ||| Stepping randomly (stuck).
  3127 | D:2      | 3127 ||| Stepping randomly (stuck).
  3128 | D:2      | 3128 ||| Stepping randomly (stuck).
  3129 | D:2      | 3129 ||| Stepping randomly (stuck).
  3130 | D:2      | 3130 ||| Stepping randomly (stuck).
  3131 | D:2      | 3131 ||| Stepping randomly (stuck).
  3132 | D:2      | 3132 ||| Stepping randomly (stuck).
  3133 | D:2      | 3133 ||| Stepping randomly (stuck).
  3134 | D:2      | 3134 ||| Stepping randomly (stuck).
  3135 | D:2      | 3135 ||| Stepping randomly (stuck).
  3136 | D:2      | 3136 ||| Stepping randomly (stuck).
  3137 | D:2      | 3137 ||| Stepping randomly (stuck).
  3138 | D:2      | 3138 ||| Stepping randomly (stuck).
  3139 | D:2      | 3139 ||| Stepping randomly (stuck).
  3140 | D:2      | 3140 ||| Stepping randomly (stuck).
  3141 | D:2      | 3141 ||| Stepping randomly (stuck).
  3142 | D:2      | 3142 ||| Stepping randomly (stuck).
  3143 | D:2      | 3143 ||| Stepping randomly (stuck).
  3144 | D:2      | 3144 ||| Stepping randomly (stuck).
  3145 | D:2      | 3145 ||| Stepping randomly (stuck).
  3146 | D:2      | 3146 ||| Stepping randomly (stuck).
  3147 | D:2      | 3147 ||| Stepping randomly (stuck).
  3148 | D:2      | 3148 ||| Stepping randomly (stuck).
  3149 | D:2      | 3149 ||| Stepping randomly (stuck).
  3150 | D:2      | 3150 ||| Stepping randomly (stuck).
  3151 | D:2      | 3151 ||| Stepping randomly (stuck).
  3152 | D:2      | 3152 ||| Stepping randomly (stuck).
  3153 | D:2      | 3153 ||| Stepping randomly (stuck).
  3154 | D:2      | 3154 ||| Stepping randomly (stuck).
  3155 | D:2      | 3155 ||| Stepping randomly (stuck).
  3156 | D:2      | 3156 ||| Stepping randomly (stuck).
  3157 | D:2      | 3157 ||| Stepping randomly (stuck).
  3158 | D:2      | 3158 ||| Stepping randomly (stuck).
  3159 | D:2      | 3159 ||| Stepping randomly (stuck).
  3160 | D:2      | 3160 ||| Stepping randomly (stuck).
  3161 | D:2      | 3161 ||| Stepping randomly (stuck).
  3162 | D:2      | 3162 ||| Stepping randomly (stuck).
  3163 | D:2      | 3163 ||| Stepping randomly (stuck).
  3164 | D:2      | 3164 ||| Stepping randomly (stuck).
  3165 | D:2      | 3165 ||| Stepping randomly (stuck).
  3166 | D:2      | 3166 ||| Stepping randomly (stuck).
  3167 | D:2      | 3167 ||| Stepping randomly (stuck).
  3168 | D:2      | 3168 ||| Stepping randomly (stuck).
  3169 | D:2      | 3169 ||| Stepping randomly (stuck).
  3170 | D:2      | 3170 ||| Stepping randomly (stuck).
  3171 | D:2      | 3171 ||| Stepping randomly (stuck).
  3172 | D:2      | 3172 ||| Stepping randomly (stuck).
  3173 | D:2      | 3173 ||| Stepping randomly (stuck).
  3174 | D:2      | 3174 ||| Stepping randomly (stuck).
  3175 | D:2      | 3175 ||| Stepping randomly (stuck).
  3176 | D:2      | 3176 ||| Stepping randomly (stuck).
  3177 | D:2      | 3177 ||| Stepping randomly (stuck).
  3178 | D:2      | 3178 ||| Stepping randomly (stuck).
  3179 | D:2      | 3179 ||| Stepping randomly (stuck).
  3180 | D:2      | 3180 ||| Stepping randomly (stuck).
  3181 | D:2      | 3181 ||| Stepping randomly (stuck).
  3182 | D:2      | 3182 ||| Stepping randomly (stuck).
  3183 | D:2      | 3183 ||| Stepping randomly (stuck).
  3184 | D:2      | 3184 ||| Stepping randomly (stuck).
  3185 | D:2      | 3185 ||| Stepping randomly (stuck).
  3186 | D:2      | 3186 ||| Stepping randomly (stuck).
  3187 | D:2      | 3187 ||| Stepping randomly (stuck).
  3188 | D:2      | 3188 ||| Stepping randomly (stuck).
  3189 | D:2      | 3189 ||| Stepping randomly (stuck).
  3190 | D:2      | 3190 ||| Stepping randomly (stuck).
  3191 | D:2      | 3191 ||| Stepping randomly (stuck).
  3192 | D:2      | 3192 ||| Stepping randomly (stuck).
  3193 | D:2      | 3193 ||| Stepping randomly (stuck).
  3194 | D:2      | 3194 ||| Stepping randomly (stuck).
  3195 | D:2      | 3195 ||| Stepping randomly (stuck).
  3196 | D:2      | 3196 ||| Stepping randomly (stuck).
  3197 | D:2      | 3197 ||| Stepping randomly (stuck).
  3198 | D:2      | 3198 ||| Stepping randomly (stuck).
  3199 | D:2      | 3199 ||| Stepping randomly (stuck).
  3200 | D:2      | 3200 ||| Stepping randomly (stuck).
  3201 | D:2      | 3201 ||| Stepping randomly (stuck).
  3202 | D:2      | 3202 ||| Stepping randomly (stuck).
  3203 | D:2      | 3203 ||| Stepping randomly (stuck).
  3204 | D:2      | 3204 ||| Stepping randomly (stuck).
  3205 | D:2      | 3205 ||| Stepping randomly (stuck).
  3206 | D:2      | 3206 ||| Stepping randomly (stuck).
  3207 | D:2      | 3207 ||| Stepping randomly (stuck).
  3208 | D:2      | 3208 ||| Stepping randomly (stuck).
  3209 | D:2      | 3209 ||| Stepping randomly (stuck).
  3210 | D:2      | 3210 ||| Stepping randomly (stuck).
  3211 | D:2      | 3211 ||| Stepping randomly (stuck).
  3212 | D:2      | 3212 ||| Stepping randomly (stuck).
  3213 | D:2      | 3213 ||| Stepping randomly (stuck).
  3214 | D:2      | 3214 ||| Stepping randomly (stuck).
  3215 | D:2      | 3215 ||| Stepping randomly (stuck).
  3216 | D:2      | 3216 ||| Stepping randomly (stuck).
  3217 | D:2      | 3217 ||| Stepping randomly (stuck).
  3218 | D:2      | 3218 ||| Stepping randomly (stuck).
  3219 | D:2      | 3219 ||| Stepping randomly (stuck).
  3220 | D:2      | 3220 ||| Stepping randomly (stuck).
  3221 | D:2      | 3221 ||| Stepping randomly (stuck).
  3222 | D:2      | 3222 ||| Stepping randomly (stuck).
  3223 | D:2      | 3223 ||| Stepping randomly (stuck).
  3224 | D:2      | 3224 ||| Stepping randomly (stuck).
  3225 | D:2      | 3225 ||| Stepping randomly (stuck).
  3226 | D:2      | 3226 ||| Stepping randomly (stuck).
  3227 | D:2      | 3227 ||| Stepping randomly (stuck).
  3228 | D:2      | 3228 ||| Stepping randomly (stuck).
  3229 | D:2      | 3229 ||| Stepping randomly (stuck).
  3230 | D:2      | 3230 ||| Stepping randomly (stuck).
  3231 | D:2      | 3231 ||| Stepping randomly (stuck).
  3232 | D:2      | 3232 ||| Stepping randomly (stuck).
  3233 | D:2      | 3233 ||| Stepping randomly (stuck).
  3234 | D:2      | 3234 ||| Stepping randomly (stuck).
  3235 | D:2      | 3235 ||| Stepping randomly (stuck).
  3236 | D:2      | 3236 ||| Stepping randomly (stuck).
  3237 | D:2      | 3237 ||| Stepping randomly (stuck).
  3238 | D:2      | 3238 ||| Stepping randomly (stuck).
  3239 | D:2      | 3239 ||| Stepping randomly (stuck).
  3240 | D:2      | 3240 ||| Stepping randomly (stuck).
  3241 | D:2      | 3241 ||| Stepping randomly (stuck).
  3242 | D:2      | 3242 ||| Stepping randomly (stuck).
  3243 | D:2      | 3243 ||| Stepping randomly (stuck).
  3244 | D:2      | 3244 ||| Stepping randomly (stuck).
  3245 | D:2      | 3245 ||| Stepping randomly (stuck).
  3246 | D:2      | 3246 ||| Stepping randomly (stuck).
  3247 | D:2      | 3247 ||| Stepping randomly (stuck).
  3248 | D:2      | 3248 ||| Stepping randomly (stuck).
  3249 | D:2      | 3249 ||| Stepping randomly (stuck).
  3250 | D:2      | 3250 ||| Stepping randomly (stuck).
  3251 | D:2      | 3251 ||| Stepping randomly (stuck).
  3252 | D:2      | 3252 ||| Stepping randomly (stuck).
  3253 | D:2      | 3253 ||| Stepping randomly (stuck).
  3254 | D:2      | 3254 ||| Stepping randomly (stuck).
  3255 | D:2      | 3255 ||| Stepping randomly (stuck).
  3256 | D:2      | 3256 ||| Stepping randomly (stuck).
  3257 | D:2      | 3257 ||| Stepping randomly (stuck).
  3258 | D:2      | 3258 ||| Stepping randomly (stuck).
  3259 | D:2      | 3259 ||| Stepping randomly (stuck).
  3260 | D:2      | 3260 ||| Stepping randomly (stuck).
  3261 | D:2      | 3261 ||| Stepping randomly (stuck).
  3262 | D:2      | 3262 ||| Stepping randomly (stuck).
  3263 | D:2      | 3263 ||| Stepping randomly (stuck).
  3264 | D:2      | 3264 ||| Stepping randomly (stuck).
  3265 | D:2      | 3265 ||| Stepping randomly (stuck).
  3266 | D:2      | 3266 ||| Stepping randomly (stuck).
  3267 | D:2      | 3267 ||| Stepping randomly (stuck).
  3268 | D:2      | 3268 ||| Stepping randomly (stuck).
  3269 | D:2      | 3269 ||| Stepping randomly (stuck).
  3270 | D:2      | 3270 ||| Stepping randomly (stuck).
  3271 | D:2      | 3271 ||| Stepping randomly (stuck).
  3272 | D:2      | 3272 ||| Stepping randomly (stuck).
  3273 | D:2      | 3273 ||| Stepping randomly (stuck).
  3274 | D:2      | 3274 ||| Stepping randomly (stuck).
  3275 | D:2      | 3275 ||| Stepping randomly (stuck).
  3276 | D:2      | 3276 ||| Stepping randomly (stuck).
  3277 | D:2      | 3277 ||| Stepping randomly (stuck).
  3278 | D:2      | 3278 ||| Stepping randomly (stuck).
  3279 | D:2      | 3279 ||| Stepping randomly (stuck).
  3280 | D:2      | 3280 ||| Stepping randomly (stuck).
  3281 | D:2      | 3281 ||| Stepping randomly (stuck).
  3282 | D:2      | 3282 ||| Stepping randomly (stuck).
  3283 | D:2      | 3283 ||| Stepping randomly (stuck).
  3284 | D:2      | 3284 ||| Stepping randomly (stuck).
  3285 | D:2      | 3285 ||| Stepping randomly (stuck).
  3286 | D:2      | 3286 ||| Stepping randomly (stuck).
  3287 | D:2      | 3287 ||| Stepping randomly (stuck).
  3288 | D:2      | 3288 ||| Stepping randomly (stuck).
  3289 | D:2      | 3289 ||| Stepping randomly (stuck).
  3290 | D:2      | 3290 ||| Stepping randomly (stuck).
  3291 | D:2      | 3291 ||| Stepping randomly (stuck).
  3292 | D:2      | 3292 ||| Stepping randomly (stuck).
  3293 | D:2      | 3293 ||| Stepping randomly (stuck).
  3294 | D:2      | 3294 ||| Stepping randomly (stuck).
  3295 | D:2      | 3295 ||| Stepping randomly (stuck).
  3296 | D:2      | 3296 ||| Stepping randomly (stuck).
  3297 | D:2      | 3297 ||| Stepping randomly (stuck).
  3298 | D:2      | 3298 ||| Stepping randomly (stuck).
  3299 | D:2      | 3299 ||| Stepping randomly (stuck).
  3300 | D:2      | 3300 ||| Stepping randomly (stuck).
  3301 | D:2      | 3301 ||| Stepping randomly (stuck).
  3302 | D:2      | 3302 ||| Stepping randomly (stuck).
  3303 | D:2      | 3303 ||| Stepping randomly (stuck).
  3304 | D:2      | 3304 ||| Stepping randomly (stuck).
  3305 | D:2      | 3305 ||| Stepping randomly (stuck).
  3306 | D:2      | 3306 ||| Stepping randomly (stuck).
  3307 | D:2      | 3307 ||| Stepping randomly (stuck).
  3308 | D:2      | 3308 ||| Stepping randomly (stuck).
  3309 | D:2      | 3309 ||| Stepping randomly (stuck).
  3310 | D:2      | 3310 ||| Stepping randomly (stuck).
  3311 | D:2      | 3311 ||| Stepping randomly (stuck).
  3312 | D:2      | 3312 ||| Stepping randomly (stuck).
  3313 | D:2      | 3313 ||| Stepping randomly (stuck).
  3314 | D:2      | 3314 ||| Stepping randomly (stuck).
  3315 | D:2      | 3315 ||| Stepping randomly (stuck).
  3316 | D:2      | 3316 ||| Stepping randomly (stuck).
  3317 | D:2      | 3317 ||| Stepping randomly (stuck).
  3318 | D:2      | 3318 ||| Stepping randomly (stuck).
  3319 | D:2      | 3319 ||| Stepping randomly (stuck).
  3320 | D:2      | 3320 ||| Stepping randomly (stuck).
  3321 | D:2      | 3321 ||| Stepping randomly (stuck).
  3322 | D:2      | 3322 ||| Stepping randomly (stuck).
  3323 | D:2      | 3323 ||| Stepping randomly (stuck).
  3324 | D:2      | 3324 ||| Stepping randomly (stuck).
  3325 | D:2      | 3325 ||| Stepping randomly (stuck).
  3326 | D:2      | 3326 ||| Stepping randomly (stuck).
  3327 | D:2      | 3327 ||| Stepping randomly (stuck).
  3328 | D:2      | 3328 ||| Stepping randomly (stuck).
  3329 | D:2      | 3329 ||| Stepping randomly (stuck).
  3330 | D:2      | 3330 ||| Stepping randomly (stuck).
  3331 | D:2      | 3331 ||| Stepping randomly (stuck).
  3332 | D:2      | 3332 ||| Stepping randomly (stuck).
  3333 | D:2      | 3333 ||| Stepping randomly (stuck).
  3334 | D:2      | 3334 ||| Stepping randomly (stuck).
  3335 | D:2      | 3335 ||| Stepping randomly (stuck).
  3336 | D:2      | 3336 ||| Stepping randomly (stuck).
  3337 | D:2      | 3337 ||| Stepping randomly (stuck).
  3338 | D:2      | 3338 ||| Stepping randomly (stuck).
  3339 | D:2      | 3339 ||| Stepping randomly (stuck).
  3340 | D:2      | 3340 ||| Stepping randomly (stuck).
  3341 | D:2      | 3341 ||| Stepping randomly (stuck).
  3342 | D:2      | 3342 ||| Stepping randomly (stuck).
  3343 | D:2      | 3343 ||| Stepping randomly (stuck).
  3344 | D:2      | 3344 ||| Stepping randomly (stuck).
  3345 | D:2      | 3345 ||| Stepping randomly (stuck).
  3346 | D:2      | 3346 ||| Stepping randomly (stuck).
  3347 | D:2      | 3347 ||| Stepping randomly (stuck).
  3348 | D:2      | 3348 ||| Stepping randomly (stuck).
  3349 | D:2      | 3349 ||| Stepping randomly (stuck).
  3350 | D:2      | 3350 ||| Stepping randomly (stuck).
  3351 | D:2      | 3351 ||| Stepping randomly (stuck).
  3352 | D:2      | 3352 ||| Stepping randomly (stuck).
  3353 | D:2      | 3353 ||| Stepping randomly (stuck).
  3354 | D:2      | 3354 ||| Stepping randomly (stuck).
  3355 | D:2      | 3355 ||| Stepping randomly (stuck).
  3356 | D:2      | 3356 ||| Stepping randomly (stuck).
  3357 | D:2      | 3357 ||| Stepping randomly (stuck).
  3358 | D:2      | 3358 ||| Stepping randomly (stuck).
  3359 | D:2      | 3359 ||| Stepping randomly (stuck).
  3360 | D:2      | 3360 ||| Stepping randomly (stuck).
  3361 | D:2      | 3361 ||| Stepping randomly (stuck).
  3362 | D:2      | 3362 ||| Stepping randomly (stuck).
  3363 | D:2      | 3363 ||| Stepping randomly (stuck).
  3364 | D:2      | 3364 ||| Stepping randomly (stuck).
  3365 | D:2      | 3365 ||| Stepping randomly (stuck).
  3366 | D:2      | 3366 ||| Stepping randomly (stuck).
  3367 | D:2      | 3367 ||| Stepping randomly (stuck).
  3368 | D:2      | 3368 ||| Stepping randomly (stuck).
  3369 | D:2      | 3369 ||| Stepping randomly (stuck).
  3370 | D:2      | 3370 ||| Stepping randomly (stuck).
  3371 | D:2      | 3371 ||| Stepping randomly (stuck).
  3372 | D:2      | 3372 ||| Stepping randomly (stuck).
  3373 | D:2      | 3373 ||| Stepping randomly (stuck).
  3374 | D:2      | 3374 ||| Stepping randomly (stuck).
  3375 | D:2      | 3375 ||| Stepping randomly (stuck).
  3376 | D:2      | 3376 ||| Stepping randomly (stuck).
  3377 | D:2      | 3377 ||| Stepping randomly (stuck).
  3378 | D:2      | 3378 ||| Stepping randomly (stuck).
  3379 | D:2      | 3379 ||| Stepping randomly (stuck).
  3380 | D:2      | 3380 ||| Stepping randomly (stuck).
  3381 | D:2      | 3381 ||| Stepping randomly (stuck).
  3382 | D:2      | 3382 ||| Stepping randomly (stuck).
  3383 | D:2      | 3383 ||| Stepping randomly (stuck).
  3384 | D:2      | 3384 ||| Stepping randomly (stuck).
  3385 | D:2      | 3385 ||| Stepping randomly (stuck).
  3386 | D:2      | 3386 ||| Stepping randomly (stuck).
  3387 | D:2      | 3387 ||| Stepping randomly (stuck).
  3388 | D:2      | 3388 ||| Stepping randomly (stuck).
  3389 | D:2      | 3389 ||| Stepping randomly (stuck).
  3390 | D:2      | 3390 ||| Stepping randomly (stuck).
  3391 | D:2      | 3391 ||| Stepping randomly (stuck).
  3392 | D:2      | 3392 ||| Stepping randomly (stuck).
  3393 | D:2      | 3393 ||| Stepping randomly (stuck).
  3394 | D:2      | 3394 ||| Stepping randomly (stuck).
  3395 | D:2      | 3395 ||| Stepping randomly (stuck).
  3396 | D:2      | 3396 ||| Stepping randomly (stuck).
  3397 | D:2      | 3397 ||| Stepping randomly (stuck).
  3398 | D:2      | 3398 ||| Stepping randomly (stuck).
  3399 | D:2      | 3399 ||| Stepping randomly (stuck).
  3400 | D:2      | 3400 ||| Stepping randomly (stuck).
  3401 | D:2      | 3401 ||| Stepping randomly (stuck).
  3402 | D:2      | 3402 ||| Stepping randomly (stuck).
  3403 | D:2      | 3403 ||| Stepping randomly (stuck).
  3404 | D:2      | 3404 ||| Stepping randomly (stuck).
  3405 | D:2      | 3405 ||| Stepping randomly (stuck).
  3406 | D:2      | 3406 ||| Stepping randomly (stuck).
  3407 | D:2      | 3407 ||| Stepping randomly (stuck).
  3408 | D:2      | 3408 ||| Stepping randomly (stuck).
  3409 | D:2      | 3409 ||| Stepping randomly (stuck).
  3410 | D:2      | 3410 ||| Stepping randomly (stuck).
  3411 | D:2      | 3411 ||| Stepping randomly (stuck).
  3412 | D:2      | 3412 ||| Stepping randomly (stuck).
  3413 | D:2      | 3413 ||| Stepping randomly (stuck).
  3414 | D:2      | 3414 ||| Stepping randomly (stuck).
  3415 | D:2      | 3415 ||| Stepping randomly (stuck).
  3416 | D:2      | 3416 ||| Stepping randomly (stuck).
  3417 | D:2      | 3417 ||| Stepping randomly (stuck).
  3418 | D:2      | 3418 ||| Stepping randomly (stuck).
  3419 | D:2      | 3419 ||| Stepping randomly (stuck).
  3420 | D:2      | 3420 ||| Stepping randomly (stuck).
  3421 | D:2      | 3421 ||| Stepping randomly (stuck).
  3422 | D:2      | 3422 ||| Stepping randomly (stuck).
  3423 | D:2      | 3423 ||| Stepping randomly (stuck).
  3424 | D:2      | 3424 ||| Stepping randomly (stuck).
  3425 | D:2      | 3425 ||| Stepping randomly (stuck).
  3426 | D:2      | 3426 ||| Stepping randomly (stuck).
  3427 | D:2      | 3427 ||| Stepping randomly (stuck).
  3428 | D:2      | 3428 ||| Stepping randomly (stuck).
  3429 | D:2      | 3429 ||| Stepping randomly (stuck).
  3430 | D:2      | 3430 ||| Stepping randomly (stuck).
  3431 | D:2      | 3431 ||| Stepping randomly (stuck).
  3432 | D:2      | 3432 ||| Stepping randomly (stuck).
  3433 | D:2      | 3433 ||| Stepping randomly (stuck).
  3434 | D:2      | 3434 ||| Stepping randomly (stuck).
  3435 | D:2      | 3435 ||| Stepping randomly (stuck).
  3436 | D:2      | 3436 ||| Stepping randomly (stuck).
  3437 | D:2      | 3437 ||| Stepping randomly (stuck).
  3438 | D:2      | 3438 ||| Stepping randomly (stuck).
  3439 | D:2      | 3439 ||| Stepping randomly (stuck).
  3440 | D:2      | 3440 ||| Stepping randomly (stuck).
  3441 | D:2      | 3441 ||| Stepping randomly (stuck).
  3442 | D:2      | 3442 ||| Stepping randomly (stuck).
  3443 | D:2      | 3443 ||| Stepping randomly (stuck).
  3444 | D:2      | 3444 ||| Stepping randomly (stuck).
  3445 | D:2      | 3445 ||| Stepping randomly (stuck).
  3446 | D:2      | 3446 ||| Stepping randomly (stuck).
  3447 | D:2      | 3447 ||| Stepping randomly (stuck).
  3448 | D:2      | 3448 ||| Stepping randomly (stuck).
  3449 | D:2      | 3449 ||| Stepping randomly (stuck).
  3450 | D:2      | 3450 ||| Stepping randomly (stuck).
  3451 | D:2      | 3451 ||| Stepping randomly (stuck).
  3452 | D:2      | 3452 ||| Stepping randomly (stuck).
  3453 | D:2      | 3453 ||| Stepping randomly (stuck).
  3454 | D:2      | 3454 ||| Stepping randomly (stuck).
  3455 | D:2      | 3455 ||| Stepping randomly (stuck).
  3456 | D:2      | 3456 ||| Stepping randomly (stuck).
  3457 | D:2      | 3457 ||| Stepping randomly (stuck).
  3458 | D:2      | 3458 ||| Stepping randomly (stuck).
  3459 | D:2      | 3459 ||| Stepping randomly (stuck).
  3460 | D:2      | 3460 ||| Stepping randomly (stuck).
  3461 | D:2      | 3461 ||| Stepping randomly (stuck).
  3462 | D:2      | 3462 ||| Stepping randomly (stuck).
  3463 | D:2      | 3463 ||| Stepping randomly (stuck).
  3464 | D:2      | 3464 ||| Stepping randomly (stuck).
  3465 | D:2      | 3465 ||| Stepping randomly (stuck).
  3466 | D:2      | 3466 ||| Stepping randomly (stuck).
  3467 | D:2      | 3467 ||| Stepping randomly (stuck).
  3468 | D:2      | 3468 ||| Stepping randomly (stuck).
  3469 | D:2      | 3469 ||| Stepping randomly (stuck).
  3470 | D:2      | 3470 ||| Stepping randomly (stuck).
  3471 | D:2      | 3471 ||| Stepping randomly (stuck).
  3472 | D:2      | 3472 ||| Stepping randomly (stuck).
  3473 | D:2      | 3473 ||| Stepping randomly (stuck).
  3474 | D:2      | 3474 ||| Stepping randomly (stuck).
  3475 | D:2      | 3475 ||| Stepping randomly (stuck).
  3476 | D:2      | 3476 ||| Stepping randomly (stuck).
  3477 | D:2      | 3477 ||| Stepping randomly (stuck).
  3478 | D:2      | 3478 ||| Stepping randomly (stuck).
  3479 | D:2      | 3479 ||| Stepping randomly (stuck).
  3480 | D:2      | 3480 ||| Stepping randomly (stuck).
  3481 | D:2      | 3481 ||| Stepping randomly (stuck).
  3482 | D:2      | 3482 ||| Stepping randomly (stuck).
  3483 | D:2      | 3483 ||| Stepping randomly (stuck).
  3484 | D:2      | 3484 ||| Stepping randomly (stuck).
  3485 | D:2      | 3485 ||| Stepping randomly (stuck).
  3486 | D:2      | 3486 ||| Stepping randomly (stuck).
  3487 | D:2      | 3487 ||| Stepping randomly (stuck).
  3488 | D:2      | 3488 ||| Stepping randomly (stuck).
  3489 | D:2      | 3489 ||| Stepping randomly (stuck).
  3490 | D:2      | 3490 ||| Stepping randomly (stuck).
  3491 | D:2      | 3491 ||| Stepping randomly (stuck).
  3492 | D:2      | 3492 ||| Stepping randomly (stuck).
  3493 | D:2      | 3493 ||| Stepping randomly (stuck).
  3494 | D:2      | 3494 ||| Stepping randomly (stuck).
  3495 | D:2      | 3495 ||| Stepping randomly (stuck).
  3496 | D:2      | 3496 ||| Stepping randomly (stuck).
  3497 | D:2      | 3497 ||| Stepping randomly (stuck).
  3498 | D:2      | 3498 ||| Stepping randomly (stuck).
  3499 | D:2      | 3499 ||| Stepping randomly (stuck).
  3500 | D:2      | 3500 ||| Stepping randomly (stuck).
  3501 | D:2      | 3501 ||| Stepping randomly (stuck).
  3502 | D:2      | 3502 ||| Stepping randomly (stuck).
  3503 | D:2      | 3503 ||| Stepping randomly (stuck).
  3504 | D:2      | 3504 ||| Stepping randomly (stuck).
  3505 | D:2      | 3505 ||| Stepping randomly (stuck).
  3506 | D:2      | 3506 ||| Stepping randomly (stuck).
  3507 | D:2      | 3507 ||| Stepping randomly (stuck).
  3508 | D:2      | 3508 ||| Stepping randomly (stuck).
  3509 | D:2      | 3509 ||| Stepping randomly (stuck).
  3510 | D:2      | 3510 ||| Stepping randomly (stuck).
  3511 | D:2      | 3511 ||| Stepping randomly (stuck).
  3512 | D:2      | 3512 ||| Stepping randomly (stuck).
  3513 | D:2      | 3513 ||| Stepping randomly (stuck).
  3514 | D:2      | 3514 ||| Stepping randomly (stuck).
  3515 | D:2      | 3515 ||| Stepping randomly (stuck).
  3516 | D:2      | 3516 ||| Stepping randomly (stuck).
  3517 | D:2      | 3517 ||| Stepping randomly (stuck).
  3518 | D:2      | 3518 ||| Stepping randomly (stuck).
  3519 | D:2      | 3519 ||| Stepping randomly (stuck).
  3520 | D:2      | 3520 ||| Stepping randomly (stuck).
  3521 | D:2      | 3521 ||| Stepping randomly (stuck).
  3522 | D:2      | 3522 ||| Stepping randomly (stuck).
  3523 | D:2      | 3523 ||| Stepping randomly (stuck).
  3524 | D:2      | 3524 ||| Stepping randomly (stuck).
  3525 | D:2      | 3525 ||| Stepping randomly (stuck).
  3526 | D:2      | 3526 ||| Stepping randomly (stuck).
  3527 | D:2      | 3527 ||| Stepping randomly (stuck).
  3528 | D:2      | 3528 ||| Stepping randomly (stuck).
  3529 | D:2      | 3529 ||| Stepping randomly (stuck).
  3530 | D:2      | 3530 ||| Stepping randomly (stuck).
  3531 | D:2      | 3531 ||| Stepping randomly (stuck).
  3532 | D:2      | 3532 ||| Stepping randomly (stuck).
  3533 | D:2      | 3533 ||| Stepping randomly (stuck).
  3534 | D:2      | 3534 ||| Stepping randomly (stuck).
  3535 | D:2      | 3535 ||| Stepping randomly (stuck).
  3536 | D:2      | 3536 ||| Stepping randomly (stuck).
  3537 | D:2      | 3537 ||| Stepping randomly (stuck).
  3538 | D:2      | 3538 ||| Stepping randomly (stuck).
  3539 | D:2      | 3539 ||| Stepping randomly (stuck).
  3540 | D:2      | 3540 ||| Stepping randomly (stuck).
  3541 | D:2      | 3541 ||| Stepping randomly (stuck).
  3542 | D:2      | 3542 ||| Stepping randomly (stuck).
  3543 | D:2      | 3543 ||| Stepping randomly (stuck).
  3544 | D:2      | 3544 ||| Stepping randomly (stuck).
  3545 | D:2      | 3545 ||| Stepping randomly (stuck).
  3546 | D:2      | 3546 ||| Stepping randomly (stuck).
  3547 | D:2      | 3547 ||| Stepping randomly (stuck).
  3548 | D:2      | 3548 ||| Stepping randomly (stuck).
  3549 | D:2      | 3549 ||| Stepping randomly (stuck).
  3550 | D:2      | 3550 ||| Stepping randomly (stuck).
  3551 | D:2      | 3551 ||| Stepping randomly (stuck).
  3552 | D:2      | 3552 ||| Stepping randomly (stuck).
  3553 | D:2      | 3553 ||| Stepping randomly (stuck).
  3554 | D:2      | 3554 ||| Stepping randomly (stuck).
  3555 | D:2      | 3555 ||| Stepping randomly (stuck).
  3556 | D:2      | 3556 ||| Stepping randomly (stuck).
  3557 | D:2      | 3557 ||| Stepping randomly (stuck).
  3558 | D:2      | 3558 ||| Stepping randomly (stuck).
  3559 | D:2      | 3559 ||| Stepping randomly (stuck).
  3560 | D:2      | 3560 ||| Stepping randomly (stuck).
  3561 | D:2      | 3561 ||| Stepping randomly (stuck).
  3562 | D:2      | 3562 ||| Stepping randomly (stuck).
  3563 | D:2      | 3563 ||| Stepping randomly (stuck).
  3564 | D:2      | 3564 ||| Stepping randomly (stuck).
  3565 | D:2      | 3565 ||| Stepping randomly (stuck).
  3566 | D:2      | 3566 ||| Stepping randomly (stuck).
  3567 | D:2      | 3567 ||| Stepping randomly (stuck).
  3568 | D:2      | 3568 ||| Stepping randomly (stuck).
  3569 | D:2      | 3569 ||| Stepping randomly (stuck).
  3570 | D:2      | 3570 ||| Stepping randomly (stuck).
  3571 | D:2      | 3571 ||| Stepping randomly (stuck).
  3572 | D:2      | 3572 ||| Stepping randomly (stuck).
  3573 | D:2      | 3573 ||| Stepping randomly (stuck).
  3574 | D:2      | 3574 ||| Stepping randomly (stuck).
  3575 | D:2      | 3575 ||| Stepping randomly (stuck).
  3576 | D:2      | 3576 ||| Stepping randomly (stuck).
  3577 | D:2      | 3577 ||| Stepping randomly (stuck).
  3578 | D:2      | 3578 ||| Stepping randomly (stuck).
  3579 | D:2      | 3579 ||| Stepping randomly (stuck).
  3580 | D:2      | 3580 ||| Stepping randomly (stuck).
  3581 | D:2      | 3581 ||| Stepping randomly (stuck).
  3582 | D:2      | 3582 ||| Stepping randomly (stuck).
  3583 | D:2      | 3583 ||| Stepping randomly (stuck).
  3584 | D:2      | 3584 ||| Stepping randomly (stuck).
  3585 | D:2      | 3585 ||| Stepping randomly (stuck).
  3586 | D:2      | 3586 ||| Stepping randomly (stuck).
  3587 | D:2      | 3587 ||| Stepping randomly (stuck).
  3588 | D:2      | 3588 ||| Stepping randomly (stuck).
  3589 | D:2      | 3589 ||| Stepping randomly (stuck).
  3590 | D:2      | 3590 ||| Stepping randomly (stuck).
  3591 | D:2      | 3591 ||| Stepping randomly (stuck).
  3592 | D:2      | 3592 ||| Stepping randomly (stuck).
  3593 | D:2      | 3593 ||| Stepping randomly (stuck).
  3594 | D:2      | 3594 ||| Stepping randomly (stuck).
  3595 | D:2      | 3595 ||| Stepping randomly (stuck).
  3596 | D:2      | 3596 ||| Stepping randomly (stuck).
  3597 | D:2      | 3597 ||| Stepping randomly (stuck).
  3598 | D:2      | 3598 ||| Stepping randomly (stuck).
  3599 | D:2      | 3599 ||| Stepping randomly (stuck).
  3600 | D:2      | 3600 ||| Stepping randomly (stuck).
  3601 | D:2      | 3601 ||| Stepping randomly (stuck).
  3602 | D:2      | 3602 ||| Stepping randomly (stuck).
  3603 | D:2      | 3603 ||| Stepping randomly (stuck).
  3604 | D:2      | 3604 ||| Stepping randomly (stuck).
  3605 | D:2      | 3605 ||| Stepping randomly (stuck).
  3606 | D:2      | 3606 ||| Stepping randomly (stuck).
  3607 | D:2      | 3607 ||| Stepping randomly (stuck).
  3608 | D:2      | 3608 ||| Stepping randomly (stuck).
  3609 | D:2      | 3609 ||| Stepping randomly (stuck).
  3610 | D:2      | 3610 ||| Stepping randomly (stuck).
  3611 | D:2      | 3611 ||| Stepping randomly (stuck).
  3612 | D:2      | 3612 ||| Stepping randomly (stuck).
  3613 | D:2      | 3613 ||| Stepping randomly (stuck).
  3614 | D:2      | 3614 ||| Stepping randomly (stuck).
  3615 | D:2      | 3615 ||| Stepping randomly (stuck).
  3616 | D:2      | 3616 ||| Stepping randomly (stuck).
  3617 | D:2      | 3617 ||| Stepping randomly (stuck).
  3618 | D:2      | 3618 ||| Stepping randomly (stuck).
  3619 | D:2      | 3619 ||| Stepping randomly (stuck).
  3620 | D:2      | 3620 ||| Stepping randomly (stuck).
  3621 | D:2      | 3621 ||| Stepping randomly (stuck).
  3622 | D:2      | 3622 ||| Stepping randomly (stuck).
  3623 | D:2      | 3623 ||| Stepping randomly (stuck).
  3624 | D:2      | 3624 ||| Stepping randomly (stuck).
  3625 | D:2      | 3625 ||| Stepping randomly (stuck).
  3626 | D:2      | 3626 ||| Stepping randomly (stuck).
  3627 | D:2      | 3627 ||| Stepping randomly (stuck).
  3628 | D:2      | 3628 ||| Stepping randomly (stuck).
  3629 | D:2      | 3629 ||| Stepping randomly (stuck).
  3630 | D:2      | 3630 ||| Stepping randomly (stuck).
  3631 | D:2      | 3631 ||| Stepping randomly (stuck).
  3632 | D:2      | 3632 ||| Stepping randomly (stuck).
  3633 | D:2      | 3633 ||| Stepping randomly (stuck).
  3634 | D:2      | 3634 ||| Stepping randomly (stuck).
  3635 | D:2      | 3635 ||| Stepping randomly (stuck).
  3636 | D:2      | 3636 ||| Stepping randomly (stuck).
  3637 | D:2      | 3637 ||| Stepping randomly (stuck).
  3638 | D:2      | 3638 ||| Stepping randomly (stuck).
  3639 | D:2      | 3639 ||| Stepping randomly (stuck).
  3640 | D:2      | 3640 ||| Stepping randomly (stuck).
  3641 | D:2      | 3641 ||| Stepping randomly (stuck).
  3642 | D:2      | 3642 ||| Stepping randomly (stuck).
  3643 | D:2      | 3643 ||| Stepping randomly (stuck).
  3644 | D:2      | 3644 ||| Stepping randomly (stuck).
  3645 | D:2      | 3645 ||| Stepping randomly (stuck).
  3646 | D:2      | 3646 ||| Stepping randomly (stuck).
  3647 | D:2      | 3647 ||| Stepping randomly (stuck).
  3648 | D:2      | 3648 ||| Stepping randomly (stuck).
  3649 | D:2      | 3649 ||| Stepping randomly (stuck).
  3650 | D:2      | 3650 ||| Stepping randomly (stuck).
  3651 | D:2      | 3651 ||| Stepping randomly (stuck).
  3652 | D:2      | 3652 ||| Stepping randomly (stuck).
  3653 | D:2      | 3653 ||| Stepping randomly (stuck).
  3654 | D:2      | 3654 ||| Stepping randomly (stuck).
  3655 | D:2      | 3655 ||| Stepping randomly (stuck).
  3656 | D:2      | 3656 ||| Stepping randomly (stuck).
  3657 | D:2      | 3657 ||| Stepping randomly (stuck).
  3658 | D:2      | 3658 ||| Stepping randomly (stuck).
  3659 | D:2      | 3659 ||| Stepping randomly (stuck).
  3660 | D:2      | 3660 ||| Stepping randomly (stuck).
  3661 | D:2      | 3661 ||| Stepping randomly (stuck).
  3662 | D:2      | 3662 ||| Stepping randomly (stuck).
  3663 | D:2      | 3663 ||| Stepping randomly (stuck).
  3664 | D:2      | 3664 ||| Stepping randomly (stuck).
  3665 | D:2      | 3665 ||| Stepping randomly (stuck).
  3666 | D:2      | 3666 ||| Stepping randomly (stuck).
  3667 | D:2      | 3667 ||| Stepping randomly (stuck).
  3668 | D:2      | 3668 ||| Stepping randomly (stuck).
  3669 | D:2      | 3669 ||| Stepping randomly (stuck).
  3670 | D:2      | 3670 ||| Stepping randomly (stuck).
  3671 | D:2      | 3671 ||| Stepping randomly (stuck).
  3672 | D:2      | 3672 ||| Stepping randomly (stuck).
  3673 | D:2      | 3673 ||| Stepping randomly (stuck).
  3674 | D:2      | 3674 ||| Stepping randomly (stuck).
  3675 | D:2      | 3675 ||| Stepping randomly (stuck).
  3676 | D:2      | 3676 ||| Stepping randomly (stuck).
  3677 | D:2      | 3677 ||| Stepping randomly (stuck).
  3678 | D:2      | 3678 ||| Stepping randomly (stuck).
  3679 | D:2      | 3679 ||| Stepping randomly (stuck).
  3680 | D:2      | 3680 ||| Stepping randomly (stuck).
  3681 | D:2      | 3681 ||| Stepping randomly (stuck).
  3682 | D:2      | 3682 ||| Stepping randomly (stuck).
  3683 | D:2      | 3683 ||| Stepping randomly (stuck).
  3684 | D:2      | 3684 ||| Stepping randomly (stuck).
  3685 | D:2      | 3685 ||| Stepping randomly (stuck).
  3686 | D:2      | 3686 ||| Stepping randomly (stuck).
  3687 | D:2      | 3687 ||| Stepping randomly (stuck).
  3688 | D:2      | 3688 ||| Stepping randomly (stuck).
  3689 | D:2      | 3689 ||| Stepping randomly (stuck).
  3690 | D:2      | 3690 ||| Stepping randomly (stuck).
  3691 | D:2      | 3691 ||| Stepping randomly (stuck).
  3692 | D:2      | 3692 ||| Stepping randomly (stuck).
  3693 | D:2      | 3693 ||| Stepping randomly (stuck).
  3694 | D:2      | 3694 ||| Stepping randomly (stuck).
  3695 | D:2      | 3695 ||| Stepping randomly (stuck).
  3696 | D:2      | 3696 ||| Stepping randomly (stuck).
  3697 | D:2      | 3697 ||| Stepping randomly (stuck).
  3698 | D:2      | 3698 ||| Stepping randomly (stuck).
  3699 | D:2      | 3699 ||| Stepping randomly (stuck).
  3700 | D:2      | 3700 ||| Stepping randomly (stuck).
  3701 | D:2      | 3701 ||| Stepping randomly (stuck).
  3702 | D:2      | 3702 ||| Stepping randomly (stuck).
  3703 | D:2      | 3703 ||| Stepping randomly (stuck).
  3704 | D:2      | 3704 ||| Stepping randomly (stuck).
  3705 | D:2      | 3705 ||| Stepping randomly (stuck).
  3706 | D:2      | 3706 ||| Stepping randomly (stuck).
  3707 | D:2      | 3707 ||| Stepping randomly (stuck).
  3708 | D:2      | 3708 ||| Stepping randomly (stuck).
  3709 | D:2      | 3709 ||| Stepping randomly (stuck).
  3710 | D:2      | 3710 ||| Stepping randomly (stuck).
  3711 | D:2      | 3711 ||| Stepping randomly (stuck).
  3712 | D:2      | 3712 ||| Stepping randomly (stuck).
  3713 | D:2      | 3713 ||| Stepping randomly (stuck).
  3714 | D:2      | 3714 ||| Stepping randomly (stuck).
  3715 | D:2      | 3715 ||| Stepping randomly (stuck).
  3716 | D:2      | 3716 ||| Stepping randomly (stuck).
  3717 | D:2      | 3717 ||| Stepping randomly (stuck).
  3718 | D:2      | 3718 ||| Stepping randomly (stuck).
  3719 | D:2      | 3719 ||| Stepping randomly (stuck).
  3720 | D:2      | 3720 ||| Stepping randomly (stuck).
  3721 | D:2      | 3721 ||| Stepping randomly (stuck).
  3722 | D:2      | 3722 ||| Stepping randomly (stuck).
  3723 | D:2      | 3723 ||| Stepping randomly (stuck).
  3724 | D:2      | 3724 ||| Stepping randomly (stuck).
  3725 | D:2      | 3725 ||| Stepping randomly (stuck).
  3726 | D:2      | 3726 ||| Stepping randomly (stuck).
  3727 | D:2      | 3727 ||| Stepping randomly (stuck).
  3728 | D:2      | 3728 ||| Stepping randomly (stuck).
  3729 | D:2      | 3729 ||| Stepping randomly (stuck).
  3730 | D:2      | 3730 ||| Stepping randomly (stuck).
  3731 | D:2      | 3731 ||| Stepping randomly (stuck).
  3732 | D:2      | 3732 ||| Stepping randomly (stuck).
  3733 | D:2      | 3733 ||| Stepping randomly (stuck).
  3734 | D:2      | 3734 ||| Stepping randomly (stuck).
  3735 | D:2      | 3735 ||| Stepping randomly (stuck).
  3736 | D:2      | 3736 ||| Stepping randomly (stuck).
  3737 | D:2      | 3737 ||| Stepping randomly (stuck).
  3738 | D:2      | 3738 ||| Stepping randomly (stuck).
  3739 | D:2      | 3739 ||| Stepping randomly (stuck).
  3740 | D:2      | 3740 ||| Stepping randomly (stuck).
  3741 | D:2      | 3741 ||| Stepping randomly (stuck).
  3742 | D:2      | 3742 ||| Stepping randomly (stuck).
  3743 | D:2      | 3743 ||| Stepping randomly (stuck).
  3744 | D:2      | 3744 ||| Stepping randomly (stuck).
  3745 | D:2      | 3745 ||| Stepping randomly (stuck).
  3746 | D:2      | 3746 ||| Stepping randomly (stuck).
  3747 | D:2      | 3747 ||| Stepping randomly (stuck).
  3748 | D:2      | 3748 ||| Stepping randomly (stuck).
  3749 | D:2      | 3749 ||| Stepping randomly (stuck).
  3750 | D:2      | 3750 ||| Stepping randomly (stuck).
  3751 | D:2      | 3751 ||| Stepping randomly (stuck).
  3752 | D:2      | 3752 ||| Stepping randomly (stuck).
  3753 | D:2      | 3753 ||| Stepping randomly (stuck).
  3754 | D:2      | 3754 ||| Stepping randomly (stuck).
  3755 | D:2      | 3755 ||| Stepping randomly (stuck).
  3756 | D:2      | 3756 ||| Stepping randomly (stuck).
  3757 | D:2      | 3757 ||| Stepping randomly (stuck).
  3758 | D:2      | 3758 ||| Stepping randomly (stuck).
  3759 | D:2      | 3759 ||| Stepping randomly (stuck).
  3760 | D:2      | 3760 ||| Stepping randomly (stuck).
  3761 | D:2      | 3761 ||| Stepping randomly (stuck).
  3762 | D:2      | 3762 ||| Stepping randomly (stuck).
  3763 | D:2      | 3763 ||| Stepping randomly (stuck).
  3764 | D:2      | 3764 ||| Stepping randomly (stuck).
  3765 | D:2      | 3765 ||| Stepping randomly (stuck).
  3766 | D:2      | 3766 ||| Stepping randomly (stuck).
  3767 | D:2      | 3767 ||| Stepping randomly (stuck).
  3768 | D:2      | 3768 ||| Stepping randomly (stuck).
  3769 | D:2      | 3769 ||| Stepping randomly (stuck).
  3770 | D:2      | 3770 ||| Stepping randomly (stuck).
  3771 | D:2      | 3771 ||| Stepping randomly (stuck).
  3772 | D:2      | 3772 ||| Stepping randomly (stuck).
  3773 | D:2      | 3773 ||| Stepping randomly (stuck).
  3774 | D:2      | 3774 ||| Stepping randomly (stuck).
  3775 | D:2      | 3775 ||| Stepping randomly (stuck).
  3776 | D:2      | 3776 ||| Stepping randomly (stuck).
  3777 | D:2      | 3777 ||| Stepping randomly (stuck).
  3778 | D:2      | 3778 ||| Stepping randomly (stuck).
  3779 | D:2      | 3779 ||| Stepping randomly (stuck).
  3780 | D:2      | 3780 ||| Stepping randomly (stuck).
  3781 | D:2      | 3781 ||| Stepping randomly (stuck).
  3782 | D:2      | 3782 ||| Stepping randomly (stuck).
  3783 | D:2      | 3783 ||| Stepping randomly (stuck).
  3784 | D:2      | 3784 ||| Stepping randomly (stuck).
  3785 | D:2      | 3785 ||| Stepping randomly (stuck).
  3786 | D:2      | 3786 ||| Stepping randomly (stuck).
  3787 | D:2      | 3787 ||| Stepping randomly (stuck).
  3788 | D:2      | 3788 ||| Stepping randomly (stuck).
  3789 | D:2      | 3789 ||| Stepping randomly (stuck).
  3790 | D:2      | 3790 ||| Stepping randomly (stuck).
  3791 | D:2      | 3791 ||| Stepping randomly (stuck).
  3792 | D:2      | 3792 ||| Stepping randomly (stuck).
  3793 | D:2      | 3793 ||| Stepping randomly (stuck).
  3794 | D:2      | 3794 ||| Stepping randomly (stuck).
  3795 | D:2      | 3795 ||| Stepping randomly (stuck).
  3796 | D:2      | 3796 ||| Stepping randomly (stuck).
  3797 | D:2      | 3797 ||| Stepping randomly (stuck).
  3798 | D:2      | 3798 ||| Stepping randomly (stuck).
  3799 | D:2      | 3799 ||| Stepping randomly (stuck).
  3800 | D:2      | 3800 ||| Stepping randomly (stuck).
  3801 | D:2      | 3801 ||| Stepping randomly (stuck).
  3802 | D:2      | 3802 ||| Stepping randomly (stuck).
  3803 | D:2      | 3803 ||| Stepping randomly (stuck).
  3804 | D:2      | 3804 ||| Stepping randomly (stuck).
  3805 | D:2      | 3805 ||| Stepping randomly (stuck).
  3806 | D:2      | 3806 ||| Stepping randomly (stuck).
  3807 | D:2      | 3807 ||| Stepping randomly (stuck).
  3808 | D:2      | 3808 ||| Stepping randomly (stuck).
  3809 | D:2      | 3809 ||| Stepping randomly (stuck).
  3810 | D:2      | 3810 ||| Stepping randomly (stuck).
  3811 | D:2      | 3811 ||| Stepping randomly (stuck).
  3812 | D:2      | 3812 ||| Stepping randomly (stuck).
  3813 | D:2      | 3813 ||| Stepping randomly (stuck).
  3814 | D:2      | 3814 ||| Stepping randomly (stuck).
  3815 | D:2      | 3815 ||| Stepping randomly (stuck).
  3816 | D:2      | 3816 ||| Stepping randomly (stuck).
  3817 | D:2      | 3817 ||| Stepping randomly (stuck).
  3818 | D:2      | 3818 ||| Stepping randomly (stuck).
  3819 | D:2      | 3819 ||| Stepping randomly (stuck).
  3820 | D:2      | 3820 ||| Stepping randomly (stuck).
  3821 | D:2      | 3821 ||| Stepping randomly (stuck).
  3822 | D:2      | 3822 ||| Stepping randomly (stuck).
  3823 | D:2      | 3823 ||| Stepping randomly (stuck).
  3824 | D:2      | 3824 ||| Stepping randomly (stuck).
  3825 | D:2      | 3825 ||| Stepping randomly (stuck).
  3826 | D:2      | 3826 ||| Stepping randomly (stuck).
  3827 | D:2      | 3827 ||| Stepping randomly (stuck).
  3828 | D:2      | 3828 ||| Stepping randomly (stuck).
  3829 | D:2      | 3829 ||| Stepping randomly (stuck).
  3830 | D:2      | 3830 ||| Stepping randomly (stuck).
  3831 | D:2      | 3831 ||| Stepping randomly (stuck).
  3832 | D:2      | 3832 ||| Stepping randomly (stuck).
  3833 | D:2      | 3833 ||| Stepping randomly (stuck).
  3834 | D:2      | 3834 ||| Stepping randomly (stuck).
  3835 | D:2      | 3835 ||| Stepping randomly (stuck).
  3836 | D:2      | 3836 ||| Stepping randomly (stuck).
  3837 | D:2      | 3837 ||| Stepping randomly (stuck).
  3838 | D:2      | 3838 ||| Stepping randomly (stuck).
  3839 | D:2      | 3839 ||| Stepping randomly (stuck).
  3840 | D:2      | 3840 ||| Stepping randomly (stuck).
  3841 | D:2      | 3841 ||| Stepping randomly (stuck).
  3842 | D:2      | 3842 ||| Stepping randomly (stuck).
  3843 | D:2      | 3843 ||| Stepping randomly (stuck).
  3844 | D:2      | 3844 ||| Stepping randomly (stuck).
  3845 | D:2      | 3845 ||| Stepping randomly (stuck).
  3846 | D:2      | 3846 ||| Stepping randomly (stuck).
  3847 | D:2      | 3847 ||| Stepping randomly (stuck).
  3848 | D:2      | 3848 ||| Stepping randomly (stuck).
  3849 | D:2      | 3849 ||| Stepping randomly (stuck).
  3850 | D:2      | 3850 ||| Stepping randomly (stuck).
  3851 | D:2      | 3851 ||| Stepping randomly (stuck).
  3852 | D:2      | 3852 ||| Stepping randomly (stuck).
  3853 | D:2      | 3853 ||| Stepping randomly (stuck).
  3854 | D:2      | 3854 ||| Stepping randomly (stuck).
  3855 | D:2      | 3855 ||| Stepping randomly (stuck).
  3856 | D:2      | 3856 ||| Stepping randomly (stuck).
  3857 | D:2      | 3857 ||| Stepping randomly (stuck).
  3858 | D:2      | 3858 ||| Stepping randomly (stuck).
  3859 | D:2      | 3859 ||| Stepping randomly (stuck).
  3860 | D:2      | 3860 ||| Stepping randomly (stuck).
  3861 | D:2      | 3861 ||| Stepping randomly (stuck).
  3862 | D:2      | 3862 ||| Stepping randomly (stuck).
  3863 | D:2      | 3863 ||| Stepping randomly (stuck).
  3864 | D:2      | 3864 ||| Stepping randomly (stuck).
  3865 | D:2      | 3865 ||| Stepping randomly (stuck).
  3866 | D:2      | 3866 ||| Stepping randomly (stuck).
  3867 | D:2      | 3867 ||| Stepping randomly (stuck).
  3868 | D:2      | 3868 ||| Stepping randomly (stuck).
  3869 | D:2      | 3869 ||| Stepping randomly (stuck).
  3870 | D:2      | 3870 ||| Stepping randomly (stuck).
  3871 | D:2      | 3871 ||| Stepping randomly (stuck).
  3872 | D:2      | 3872 ||| Stepping randomly (stuck).
  3873 | D:2      | 3873 ||| Stepping randomly (stuck).
  3874 | D:2      | 3874 ||| Stepping randomly (stuck).
  3875 | D:2      | 3875 ||| Stepping randomly (stuck).
  3876 | D:2      | 3876 ||| Stepping randomly (stuck).
  3877 | D:2      | 3877 ||| Stepping randomly (stuck).
  3878 | D:2      | 3878 ||| Stepping randomly (stuck).
  3879 | D:2      | 3879 ||| Stepping randomly (stuck).
  3880 | D:2      | 3880 ||| Stepping randomly (stuck).
  3881 | D:2      | 3881 ||| Stepping randomly (stuck).
  3882 | D:2      | 3882 ||| Stepping randomly (stuck).
  3883 | D:2      | 3883 ||| Stepping randomly (stuck).
  3884 | D:2      | 3884 ||| Stepping randomly (stuck).
  3885 | D:2      | 3885 ||| Stepping randomly (stuck).
  3886 | D:2      | 3886 ||| Stepping randomly (stuck).
  3887 | D:2      | 3887 ||| Stepping randomly (stuck).
  3888 | D:2      | 3888 ||| Stepping randomly (stuck).
  3889 | D:2      | 3889 ||| Stepping randomly (stuck).
  3890 | D:2      | 3890 ||| Stepping randomly (stuck).
  3891 | D:2      | 3891 ||| Stepping randomly (stuck).
  3892 | D:2      | 3892 ||| Stepping randomly (stuck).
  3893 | D:2      | 3893 ||| Stepping randomly (stuck).
  3894 | D:2      | 3894 ||| Stepping randomly (stuck).
  3895 | D:2      | 3895 ||| Stepping randomly (stuck).
  3896 | D:2      | 3896 ||| Stepping randomly (stuck).
  3897 | D:2      | 3897 ||| Stepping randomly (stuck).
  3898 | D:2      | 3898 ||| Stepping randomly (stuck).
  3899 | D:2      | 3899 ||| Stepping randomly (stuck).
  3900 | D:2      | 3900 ||| Stepping randomly (stuck).
  3901 | D:2      | 3901 ||| Stepping randomly (stuck).
  3902 | D:2      | 3902 ||| Stepping randomly (stuck).
  3903 | D:2      | 3903 ||| Stepping randomly (stuck).
  3904 | D:2      | 3904 ||| Stepping randomly (stuck).
  3905 | D:2      | 3905 ||| Stepping randomly (stuck).
  3906 | D:2      | 3906 ||| Stepping randomly (stuck).
  3907 | D:2      | 3907 ||| Stepping randomly (stuck).
  3908 | D:2      | 3908 ||| Stepping randomly (stuck).
  3909 | D:2      | 3909 ||| Stepping randomly (stuck).
  3910 | D:2      | 3910 ||| Stepping randomly (stuck).
  3911 | D:2      | 3911 ||| Stepping randomly (stuck).
  3912 | D:2      | 3912 ||| Stepping randomly (stuck).
  3913 | D:2      | 3913 ||| Stepping randomly (stuck).
  3914 | D:2      | 3914 ||| Stepping randomly (stuck).
  3915 | D:2      | 3915 ||| Stepping randomly (stuck).
  3916 | D:2      | 3916 ||| Stepping randomly (stuck).
  3917 | D:2      | 3917 ||| Stepping randomly (stuck).
  3918 | D:2      | 3918 ||| Stepping randomly (stuck).
  3919 | D:2      | 3919 ||| Stepping randomly (stuck).
  3920 | D:2      | 3920 ||| Stepping randomly (stuck).
  3921 | D:2      | 3921 ||| Stepping randomly (stuck).
  3922 | D:2      | 3922 ||| Stepping randomly (stuck).
  3923 | D:2      | 3923 ||| Stepping randomly (stuck).
  3924 | D:2      | 3924 ||| Stepping randomly (stuck).
  3925 | D:2      | 3925 ||| Stepping randomly (stuck).
  3926 | D:2      | 3926 ||| Stepping randomly (stuck).
  3927 | D:2      | 3927 ||| Stepping randomly (stuck).
  3928 | D:2      | 3928 ||| Stepping randomly (stuck).
  3929 | D:2      | 3929 ||| Stepping randomly (stuck).
  3930 | D:2      | 3930 ||| Stepping randomly (stuck).
  3931 | D:2      | 3931 ||| Stepping randomly (stuck).
  3932 | D:2      | 3932 ||| Stepping randomly (stuck).
  3933 | D:2      | 3933 ||| Stepping randomly (stuck).
  3934 | D:2      | 3934 ||| Stepping randomly (stuck).
  3935 | D:2      | 3935 ||| Stepping randomly (stuck).
  3936 | D:2      | 3936 ||| Stepping randomly (stuck).
  3937 | D:2      | 3937 ||| Stepping randomly (stuck).
  3938 | D:2      | 3938 ||| Stepping randomly (stuck).
  3939 | D:2      | 3939 ||| Stepping randomly (stuck).
  3940 | D:2      | 3940 ||| Stepping randomly (stuck).
  3941 | D:2      | 3941 ||| Stepping randomly (stuck).
  3942 | D:2      | 3942 ||| Stepping randomly (stuck).
  3943 | D:2      | 3943 ||| Stepping randomly (stuck).
  3944 | D:2      | 3944 ||| Stepping randomly (stuck).
  3945 | D:2      | 3945 ||| Stepping randomly (stuck).
  3946 | D:2      | 3946 ||| Stepping randomly (stuck).
  3947 | D:2      | 3947 ||| Stepping randomly (stuck).
  3948 | D:2      | 3948 ||| Stepping randomly (stuck).
  3949 | D:2      | 3949 ||| Stepping randomly (stuck).
  3950 | D:2      | 3950 ||| Stepping randomly (stuck).
  3951 | D:2      | 3951 ||| Stepping randomly (stuck).
  3952 | D:2      | 3952 ||| Stepping randomly (stuck).
  3953 | D:2      | 3953 ||| Stepping randomly (stuck).
  3954 | D:2      | 3954 ||| Stepping randomly (stuck).
  3955 | D:2      | 3955 ||| Stepping randomly (stuck).
  3956 | D:2      | 3956 ||| Stepping randomly (stuck).
  3957 | D:2      | 3957 ||| Stepping randomly (stuck).
  3958 | D:2      | 3958 ||| Stepping randomly (stuck).
  3959 | D:2      | 3959 ||| Stepping randomly (stuck).
  3960 | D:2      | 3960 ||| Stepping randomly (stuck).
  3961 | D:2      | 3961 ||| Stepping randomly (stuck).
  3962 | D:2      | 3962 ||| Stepping randomly (stuck).
  3963 | D:2      | 3963 ||| Stepping randomly (stuck).
  3964 | D:2      | 3964 ||| Stepping randomly (stuck).
  3965 | D:2      | 3965 ||| Stepping randomly (stuck).
  3966 | D:2      | 3966 ||| Stepping randomly (stuck).
  3967 | D:2      | 3967 ||| Stepping randomly (stuck).
  3968 | D:2      | 3968 ||| Stepping randomly (stuck).
  3969 | D:2      | 3969 ||| Stepping randomly (stuck).
  3970 | D:2      | 3970 ||| Stepping randomly (stuck).
  3971 | D:2      | 3971 ||| Stepping randomly (stuck).
  3972 | D:2      | 3972 ||| Stepping randomly (stuck).
  3973 | D:2      | 3973 ||| Stepping randomly (stuck).
  3974 | D:2      | 3974 ||| Stepping randomly (stuck).
  3975 | D:2      | 3975 ||| Stepping randomly (stuck).
  3976 | D:2      | 3976 ||| Stepping randomly (stuck).
  3977 | D:2      | 3977 ||| Stepping randomly (stuck).
  3978 | D:2      | 3978 ||| Stepping randomly (stuck).
  3979 | D:2      | 3979 ||| Stepping randomly (stuck).
  3980 | D:2      | 3980 ||| Stepping randomly (stuck).
  3981 | D:2      | 3981 ||| Stepping randomly (stuck).
  3982 | D:2      | 3982 ||| Stepping randomly (stuck).
  3983 | D:2      | 3983 ||| Stepping randomly (stuck).
  3984 | D:2      | 3984 ||| Stepping randomly (stuck).
  3985 | D:2      | 3985 ||| Stepping randomly (stuck).
  3986 | D:2      | 3986 ||| Stepping randomly (stuck).
  3987 | D:2      | 3987 ||| Stepping randomly (stuck).
  3988 | D:2      | 3988 ||| Stepping randomly (stuck).
  3989 | D:2      | 3989 ||| Stepping randomly (stuck).
  3990 | D:2      | 3990 ||| Stepping randomly (stuck).
  3991 | D:2      | 3991 ||| Stepping randomly (stuck).
  3992 | D:2      | 3992 ||| Stepping randomly (stuck).
  3993 | D:2      | 3993 ||| Stepping randomly (stuck).
  3994 | D:2      | 3994 ||| Stepping randomly (stuck).
  3995 | D:2      | 3995 ||| Stepping randomly (stuck).
  3996 | D:2      | 3996 ||| Stepping randomly (stuck).
  3997 | D:2      | 3997 ||| Stepping randomly (stuck).
  3998 | D:2      | 3998 ||| Stepping randomly (stuck).
  3999 | D:2      | 3999 ||| Stepping randomly (stuck).
  4000 | D:2      | 4000 ||| Stepping randomly (stuck).
  4001 | D:2      | 4001 ||| Stepping randomly (stuck).
  4002 | D:2      | 4002 ||| Stepping randomly (stuck).
  4003 | D:2      | 4003 ||| Stepping randomly (stuck).
  4004 | D:2      | 4004 ||| Stepping randomly (stuck).
  4005 | D:2      | 4005 ||| Stepping randomly (stuck).
  4006 | D:2      | 4006 ||| Stepping randomly (stuck).
  4007 | D:2      | 4007 ||| Stepping randomly (stuck).
  4008 | D:2      | 4008 ||| Stepping randomly (stuck).
  4009 | D:2      | 4009 ||| Stepping randomly (stuck).
  4010 | D:2      | 4010 ||| Stepping randomly (stuck).
  4011 | D:2      | 4011 ||| Stepping randomly (stuck).
  4012 | D:2      | 4012 ||| Stepping randomly (stuck).
  4013 | D:2      | 4013 ||| Stepping randomly (stuck).
  4014 | D:2      | 4014 ||| Stepping randomly (stuck).
  4015 | D:2      | 4015 ||| Stepping randomly (stuck).
  4016 | D:2      | 4016 ||| Stepping randomly (stuck).
  4017 | D:2      | 4017 ||| Stepping randomly (stuck).
  4018 | D:2      | 4018 ||| Stepping randomly (stuck).
  4019 | D:2      | 4019 ||| Stepping randomly (stuck).
  4020 | D:2      | 4020 ||| Stepping randomly (stuck).
  4021 | D:2      | 4021 ||| Stepping randomly (stuck).
  4022 | D:2      | 4022 ||| Stepping randomly (stuck).
  4023 | D:2      | 4023 ||| Stepping randomly (stuck).
  4024 | D:2      | 4024 ||| Stepping randomly (stuck).
  4025 | D:2      | 4025 ||| Stepping randomly (stuck).
  4026 | D:2      | 4026 ||| Stepping randomly (stuck).
  4027 | D:2      | 4027 ||| Stepping randomly (stuck).
  4028 | D:2      | 4028 ||| Stepping randomly (stuck).
  4029 | D:2      | 4029 ||| Stepping randomly (stuck).
  4030 | D:2      | 4030 ||| Stepping randomly (stuck).
  4031 | D:2      | 4031 ||| Stepping randomly (stuck).
  4032 | D:2      | 4032 ||| Stepping randomly (stuck).
  4033 | D:2      | 4033 ||| Stepping randomly (stuck).
  4034 | D:2      | 4034 ||| Stepping randomly (stuck).
  4035 | D:2      | 4035 ||| Stepping randomly (stuck).
  4036 | D:2      | 4036 ||| Stepping randomly (stuck).
  4037 | D:2      | 4037 ||| Stepping randomly (stuck).
  4038 | D:2      | 4038 ||| Stepping randomly (stuck).
  4039 | D:2      | 4039 ||| Stepping randomly (stuck).
  4040 | D:2      | 4040 ||| Stepping randomly (stuck).
  4041 | D:2      | 4041 ||| Stepping randomly (stuck).
  4042 | D:2      | 4042 ||| Stepping randomly (stuck).
  4043 | D:2      | 4043 ||| Stepping randomly (stuck).
  4044 | D:2      | 4044 ||| Stepping randomly (stuck).
  4045 | D:2      | 4045 ||| Stepping randomly (stuck).
  4046 | D:2      | 4046 ||| Stepping randomly (stuck).
  4047 | D:2      | 4047 ||| Stepping randomly (stuck).
  4048 | D:2      | 4048 ||| Stepping randomly (stuck).
  4049 | D:2      | 4049 ||| Stepping randomly (stuck).
  4050 | D:2      | 4050 ||| Stepping randomly (stuck).
  4051 | D:2      | 4051 ||| Stepping randomly (stuck).
  4052 | D:2      | 4052 ||| Stepping randomly (stuck).
  4053 | D:2      | 4053 ||| Stepping randomly (stuck).
  4054 | D:2      | 4054 ||| Stepping randomly (stuck).
  4055 | D:2      | 4055 ||| Stepping randomly (stuck).
  4056 | D:2      | 4056 ||| Stepping randomly (stuck).
  4057 | D:2      | 4057 ||| Stepping randomly (stuck).
  4058 | D:2      | 4058 ||| Stepping randomly (stuck).
  4059 | D:2      | 4059 ||| Stepping randomly (stuck).
  4060 | D:2      | 4060 ||| Stepping randomly (stuck).
  4061 | D:2      | 4061 ||| Stepping randomly (stuck).
  4062 | D:2      | 4062 ||| Stepping randomly (stuck).
  4063 | D:2      | 4063 ||| Stepping randomly (stuck).
  4064 | D:2      | 4064 ||| Stepping randomly (stuck).
  4065 | D:2      | 4065 ||| Stepping randomly (stuck).
  4066 | D:2      | 4066 ||| Stepping randomly (stuck).
  4067 | D:2      | 4067 ||| Stepping randomly (stuck).
  4068 | D:2      | 4068 ||| Stepping randomly (stuck).
  4069 | D:2      | 4069 ||| Stepping randomly (stuck).
  4070 | D:2      | 4070 ||| Stepping randomly (stuck).
  4071 | D:2      | 4071 ||| Stepping randomly (stuck).
  4072 | D:2      | 4072 ||| Stepping randomly (stuck).
  4073 | D:2      | 4073 ||| Stepping randomly (stuck).
  4074 | D:2      | 4074 ||| Stepping randomly (stuck).
  4075 | D:2      | 4075 ||| Stepping randomly (stuck).
  4076 | D:2      | 4076 ||| Stepping randomly (stuck).
  4077 | D:2      | 4077 ||| Stepping randomly (stuck).
  4078 | D:2      | 4078 ||| Stepping randomly (stuck).
  4079 | D:2      | 4079 ||| Stepping randomly (stuck).
  4080 | D:2      | 4080 ||| Stepping randomly (stuck).
  4081 | D:2      | 4081 ||| Stepping randomly (stuck).
  4082 | D:2      | 4082 ||| Stepping randomly (stuck).
  4083 | D:2      | 4083 ||| Stepping randomly (stuck).
  4084 | D:2      | 4084 ||| Stepping randomly (stuck).
  4085 | D:2      | 4085 ||| Stepping randomly (stuck).
  4086 | D:2      | 4086 ||| Stepping randomly (stuck).
  4087 | D:2      | 4087 ||| Stepping randomly (stuck).
  4088 | D:2      | 4088 ||| Stepping randomly (stuck).
  4089 | D:2      | 4089 ||| Stepping randomly (stuck).
  4090 | D:2      | 4090 ||| Stepping randomly (stuck).
  4091 | D:2      | 4091 ||| Stepping randomly (stuck).
  4092 | D:2      | 4092 ||| Stepping randomly (stuck).
  4093 | D:2      | 4093 ||| Stepping randomly (stuck).
  4094 | D:2      | 4094 ||| Stepping randomly (stuck).
  4095 | D:2      | 4095 ||| Stepping randomly (stuck).
  4096 | D:2      | 4096 ||| Stepping randomly (stuck).
  4097 | D:2      | 4097 ||| Stepping randomly (stuck).
  4098 | D:2      | 4098 ||| Stepping randomly (stuck).
  4099 | D:2      | 4099 ||| Stepping randomly (stuck).
  4100 | D:2      | 4100 ||| Stepping randomly (stuck).
  4101 | D:2      | 4101 ||| Stepping randomly (stuck).
  4102 | D:2      | 4102 ||| Stepping randomly (stuck).
  4103 | D:2      | 4103 ||| Stepping randomly (stuck).
  4104 | D:2      | 4104 ||| Stepping randomly (stuck).
  4105 | D:2      | 4105 ||| Stepping randomly (stuck).
  4106 | D:2      | 4106 ||| Stepping randomly (stuck).
  4107 | D:2      | 4107 ||| Stepping randomly (stuck).
  4108 | D:2      | 4108 ||| Stepping randomly (stuck).
  4109 | D:2      | 4109 ||| Stepping randomly (stuck).
  4110 | D:2      | 4110 ||| Stepping randomly (stuck).
  4111 | D:2      | 4111 ||| Stepping randomly (stuck).
  4112 | D:2      | 4112 ||| Stepping randomly (stuck).
  4113 | D:2      | 4113 ||| Stepping randomly (stuck).
  4114 | D:2      | 4114 ||| Stepping randomly (stuck).
  4115 | D:2      | 4115 ||| Stepping randomly (stuck).
  4116 | D:2      | 4116 ||| Stepping randomly (stuck).
  4117 | D:2      | 4117 ||| Stepping randomly (stuck).
  4118 | D:2      | 4118 ||| Stepping randomly (stuck).
  4119 | D:2      | 4119 ||| Stepping randomly (stuck).
  4120 | D:2      | 4120 ||| Stepping randomly (stuck).
  4121 | D:2      | 4121 ||| Stepping randomly (stuck).
  4122 | D:2      | 4122 ||| Stepping randomly (stuck).
  4123 | D:2      | 4123 ||| Stepping randomly (stuck).
  4124 | D:2      | 4124 ||| Stepping randomly (stuck).
  4125 | D:2      | 4125 ||| Stepping randomly (stuck).
  4126 | D:2      | 4126 ||| Stepping randomly (stuck).
  4127 | D:2      | 4127 ||| Stepping randomly (stuck).
  4128 | D:2      | 4128 ||| Stepping randomly (stuck).
  4129 | D:2      | 4129 ||| Stepping randomly (stuck).
  4130 | D:2      | 4130 ||| Stepping randomly (stuck).
  4131 | D:2      | 4131 ||| Stepping randomly (stuck).
  4132 | D:2      | 4132 ||| Stepping randomly (stuck).
  4133 | D:2      | 4133 ||| Stepping randomly (stuck).
  4134 | D:2      | 4134 ||| Stepping randomly (stuck).
  4135 | D:2      | 4135 ||| Stepping randomly (stuck).
  4136 | D:2      | 4136 ||| Stepping randomly (stuck).
  4137 | D:2      | 4137 ||| Stepping randomly (stuck).
  4138 | D:2      | 4138 ||| Stepping randomly (stuck).
  4139 | D:2      | 4139 ||| Stepping randomly (stuck).
  4140 | D:2      | 4140 ||| Stepping randomly (stuck).
  4141 | D:2      | 4141 ||| Stepping randomly (stuck).
  4142 | D:2      | 4142 ||| Stepping randomly (stuck).
  4143 | D:2      | 4143 ||| Stepping randomly (stuck).
  4144 | D:2      | 4144 ||| Stepping randomly (stuck).
  4145 | D:2      | 4145 ||| Stepping randomly (stuck).
  4146 | D:2      | 4146 ||| Stepping randomly (stuck).
  4147 | D:2      | 4147 ||| Stepping randomly (stuck).
  4148 | D:2      | 4148 ||| Stepping randomly (stuck).
  4149 | D:2      | 4149 ||| Stepping randomly (stuck).
  4150 | D:2      | 4150 ||| Stepping randomly (stuck).
  4151 | D:2      | 4151 ||| Stepping randomly (stuck).
  4152 | D:2      | 4152 ||| Stepping randomly (stuck).
  4153 | D:2      | 4153 ||| Stepping randomly (stuck).
  4154 | D:2      | 4154 ||| Stepping randomly (stuck).
  4155 | D:2      | 4155 ||| Stepping randomly (stuck).
  4156 | D:2      | 4156 ||| Stepping randomly (stuck).
  4157 | D:2      | 4157 ||| Stepping randomly (stuck).
  4158 | D:2      | 4158 ||| Stepping randomly (stuck).
  4159 | D:2      | 4159 ||| Stepping randomly (stuck).
  4160 | D:2      | 4160 ||| Stepping randomly (stuck).
  4161 | D:2      | 4161 ||| Stepping randomly (stuck).
  4162 | D:2      | 4162 ||| Stepping randomly (stuck).
  4163 | D:2      | 4163 ||| Stepping randomly (stuck).
  4164 | D:2      | 4164 ||| Stepping randomly (stuck).
  4165 | D:2      | 4165 ||| Stepping randomly (stuck).
  4166 | D:2      | 4166 ||| Stepping randomly (stuck).
  4167 | D:2      | 4167 ||| Stepping randomly (stuck).
  4168 | D:2      | 4168 ||| Stepping randomly (stuck).
  4169 | D:2      | 4169 ||| Stepping randomly (stuck).
  4170 | D:2      | 4170 ||| Stepping randomly (stuck).
  4171 | D:2      | 4171 ||| Stepping randomly (stuck).
  4172 | D:2      | 4172 ||| Stepping randomly (stuck).
  4173 | D:2      | 4173 ||| Stepping randomly (stuck).
  4174 | D:2      | 4174 ||| Stepping randomly (stuck).
  4175 | D:2      | 4175 ||| Stepping randomly (stuck).
  4176 | D:2      | 4176 ||| Stepping randomly (stuck).
  4177 | D:2      | 4177 ||| Stepping randomly (stuck).
  4178 | D:2      | 4178 ||| Stepping randomly (stuck).
  4179 | D:2      | 4179 ||| Stepping randomly (stuck).
  4180 | D:2      | 4180 ||| Stepping randomly (stuck).
  4181 | D:2      | 4181 ||| Stepping randomly (stuck).
  4182 | D:2      | 4182 ||| Stepping randomly (stuck).
  4183 | D:2      | 4183 ||| Stepping randomly (stuck).
  4184 | D:2      | 4184 ||| Stepping randomly (stuck).
  4185 | D:2      | 4185 ||| Stepping randomly (stuck).
  4186 | D:2      | 4186 ||| Stepping randomly (stuck).
  4187 | D:2      | 4187 ||| Stepping randomly (stuck).
  4188 | D:2      | 4188 ||| Stepping randomly (stuck).
  4189 | D:2      | 4189 ||| Stepping randomly (stuck).
  4190 | D:2      | 4190 ||| Stepping randomly (stuck).
  4191 | D:2      | 4191 ||| Stepping randomly (stuck).
  4192 | D:2      | 4192 ||| Stepping randomly (stuck).
  4193 | D:2      | 4193 ||| Stepping randomly (stuck).
  4194 | D:2      | 4194 ||| Stepping randomly (stuck).
  4195 | D:2      | 4195 ||| Stepping randomly (stuck).
  4196 | D:2      | 4196 ||| Stepping randomly (stuck).
  4197 | D:2      | 4197 ||| Stepping randomly (stuck).
  4198 | D:2      | 4198 ||| Stepping randomly (stuck).
  4199 | D:2      | 4199 ||| Stepping randomly (stuck).
  4200 | D:2      | 4200 ||| Stepping randomly (stuck).
  4201 | D:2      | 4201 ||| Stepping randomly (stuck).
  4202 | D:2      | 4202 ||| Stepping randomly (stuck).
  4203 | D:2      | 4203 ||| Stepping randomly (stuck).
  4204 | D:2      | 4204 ||| Stepping randomly (stuck).
  4205 | D:2      | 4205 ||| Stepping randomly (stuck).
  4206 | D:2      | 4206 ||| Stepping randomly (stuck).
  4207 | D:2      | 4207 ||| Stepping randomly (stuck).
  4208 | D:2      | 4208 ||| Stepping randomly (stuck).
  4209 | D:2      | 4209 ||| Stepping randomly (stuck).
  4210 | D:2      | 4210 ||| Stepping randomly (stuck).
  4211 | D:2      | 4211 ||| Stepping randomly (stuck).
  4212 | D:2      | 4212 ||| Stepping randomly (stuck).
  4213 | D:2      | 4213 ||| Stepping randomly (stuck).
  4214 | D:2      | 4214 ||| Stepping randomly (stuck).
  4215 | D:2      | 4215 ||| Stepping randomly (stuck).
  4216 | D:2      | 4216 ||| Stepping randomly (stuck).
  4217 | D:2      | 4217 ||| Stepping randomly (stuck).
  4218 | D:2      | 4218 ||| Stepping randomly (stuck).
  4219 | D:2      | 4219 ||| Stepping randomly (stuck).
  4220 | D:2      | 4220 ||| Stepping randomly (stuck).
  4221 | D:2      | 4221 ||| Stepping randomly (stuck).
  4222 | D:2      | 4222 ||| Stepping randomly (stuck).
  4223 | D:2      | 4223 ||| Stepping randomly (stuck).
  4224 | D:2      | 4224 ||| Stepping randomly (stuck).
  4225 | D:2      | 4225 ||| Stepping randomly (stuck).
  4226 | D:2      | 4226 ||| Stepping randomly (stuck).
  4227 | D:2      | 4227 ||| Stepping randomly (stuck).
  4228 | D:2      | 4228 ||| Stepping randomly (stuck).
  4229 | D:2      | 4229 ||| Stepping randomly (stuck).
  4230 | D:2      | 4230 ||| Stepping randomly (stuck).
  4231 | D:2      | 4231 ||| Stepping randomly (stuck).
  4232 | D:2      | 4232 ||| Stepping randomly (stuck).
  4233 | D:2      | 4233 ||| Stepping randomly (stuck).
  4234 | D:2      | 4234 ||| Stepping randomly (stuck).
  4235 | D:2      | 4235 ||| Stepping randomly (stuck).
  4236 | D:2      | 4236 ||| Stepping randomly (stuck).
  4237 | D:2      | 4237 ||| Stepping randomly (stuck).
  4238 | D:2      | 4238 ||| Stepping randomly (stuck).
  4239 | D:2      | 4239 ||| Stepping randomly (stuck).
  4240 | D:2      | 4240 ||| Stepping randomly (stuck).
  4241 | D:2      | 4241 ||| Stepping randomly (stuck).
  4242 | D:2      | 4242 ||| Stepping randomly (stuck).
  4243 | D:2      | 4243 ||| Stepping randomly (stuck).
  4244 | D:2      | 4244 ||| Stepping randomly (stuck).
  4245 | D:2      | 4245 ||| Stepping randomly (stuck).
  4246 | D:2      | 4246 ||| Stepping randomly (stuck).
  4247 | D:2      | 4247 ||| Stepping randomly (stuck).
  4248 | D:2      | 4248 ||| Stepping randomly (stuck).
  4249 | D:2      | 4249 ||| Stepping randomly (stuck).
  4250 | D:2      | 4250 ||| Stepping randomly (stuck).
  4251 | D:2      | 4251 ||| Stepping randomly (stuck).
  4252 | D:2      | 4252 ||| Stepping randomly (stuck).
  4253 | D:2      | 4253 ||| Stepping randomly (stuck).
  4254 | D:2      | 4254 ||| Stepping randomly (stuck).
  4255 | D:2      | 4255 ||| Stepping randomly (stuck).
  4256 | D:2      | 4256 ||| Stepping randomly (stuck).
  4257 | D:2      | 4257 ||| Stepping randomly (stuck).
  4258 | D:2      | 4258 ||| Stepping randomly (stuck).
  4259 | D:2      | 4259 ||| Stepping randomly (stuck).
  4260 | D:2      | 4260 ||| Stepping randomly (stuck).
  4261 | D:2      | 4261 ||| Stepping randomly (stuck).
  4262 | D:2      | 4262 ||| Stepping randomly (stuck).
  4263 | D:2      | 4263 ||| Stepping randomly (stuck).
  4264 | D:2      | 4264 ||| Stepping randomly (stuck).
  4265 | D:2      | 4265 ||| Stepping randomly (stuck).
  4266 | D:2      | 4266 ||| Stepping randomly (stuck).
  4267 | D:2      | 4267 ||| Stepping randomly (stuck).
  4268 | D:2      | 4268 ||| Stepping randomly (stuck).
  4269 | D:2      | 4269 ||| Stepping randomly (stuck).
  4270 | D:2      | 4270 ||| Stepping randomly (stuck).
  4271 | D:2      | 4271 ||| Stepping randomly (stuck).
  4272 | D:2      | 4272 ||| Stepping randomly (stuck).
  4273 | D:2      | 4273 ||| Stepping randomly (stuck).
  4274 | D:2      | 4274 ||| Stepping randomly (stuck).
  4275 | D:2      | 4275 ||| Stepping randomly (stuck).
  4276 | D:2      | 4276 ||| Stepping randomly (stuck).
  4277 | D:2      | 4277 ||| Stepping randomly (stuck).
  4278 | D:2      | 4278 ||| Stepping randomly (stuck).
  4279 | D:2      | 4279 ||| Stepping randomly (stuck).
  4280 | D:2      | 4280 ||| Stepping randomly (stuck).
  4281 | D:2      | 4281 ||| Stepping randomly (stuck).
  4282 | D:2      | 4282 ||| Stepping randomly (stuck).
  4283 | D:2      | 4283 ||| Stepping randomly (stuck).
  4284 | D:2      | 4284 ||| Stepping randomly (stuck).
  4285 | D:2      | 4285 ||| Stepping randomly (stuck).
  4286 | D:2      | 4286 ||| Stepping randomly (stuck).
  4287 | D:2      | 4287 ||| Stepping randomly (stuck).
  4288 | D:2      | 4288 ||| Stepping randomly (stuck).
  4289 | D:2      | 4289 ||| Stepping randomly (stuck).
  4290 | D:2      | 4290 ||| Stepping randomly (stuck).
  4291 | D:2      | 4291 ||| Stepping randomly (stuck).
  4292 | D:2      | 4292 ||| Stepping randomly (stuck).
  4293 | D:2      | 4293 ||| Stepping randomly (stuck).
  4294 | D:2      | 4294 ||| Stepping randomly (stuck).
  4295 | D:2      | 4295 ||| Stepping randomly (stuck).
  4296 | D:2      | 4296 ||| Stepping randomly (stuck).
  4297 | D:2      | 4297 ||| Stepping randomly (stuck).
  4298 | D:2      | 4298 ||| Stepping randomly (stuck).
  4299 | D:2      | 4299 ||| Stepping randomly (stuck).
  4300 | D:2      | 4300 ||| Stepping randomly (stuck).
  4301 | D:2      | 4301 ||| Stepping randomly (stuck).
  4302 | D:2      | 4302 ||| Stepping randomly (stuck).
  4303 | D:2      | 4303 ||| Stepping randomly (stuck).
  4304 | D:2      | 4304 ||| Stepping randomly (stuck).
  4305 | D:2      | 4305 ||| Stepping randomly (stuck).
  4306 | D:2      | 4306 ||| Stepping randomly (stuck).
  4307 | D:2      | 4307 ||| Stepping randomly (stuck).
  4308 | D:2      | 4308 ||| Stepping randomly (stuck).
  4309 | D:2      | 4309 ||| Stepping randomly (stuck).
  4310 | D:2      | 4310 ||| Stepping randomly (stuck).
  4311 | D:2      | 4311 ||| Stepping randomly (stuck).
  4312 | D:2      | 4312 ||| Stepping randomly (stuck).
  4313 | D:2      | 4313 ||| Stepping randomly (stuck).
  4314 | D:2      | 4314 ||| Stepping randomly (stuck).
  4315 | D:2      | 4315 ||| Stepping randomly (stuck).
  4316 | D:2      | 4316 ||| Stepping randomly (stuck).
  4317 | D:2      | 4317 ||| Stepping randomly (stuck).
  4318 | D:2      | 4318 ||| Stepping randomly (stuck).
  4319 | D:2      | 4319 ||| Stepping randomly (stuck).
  4320 | D:2      | 4320 ||| Stepping randomly (stuck).
  4321 | D:2      | 4321 ||| Stepping randomly (stuck).
  4322 | D:2      | 4322 ||| Stepping randomly (stuck).
  4323 | D:2      | 4323 ||| Stepping randomly (stuck).
  4324 | D:2      | 4324 ||| Stepping randomly (stuck).
  4325 | D:2      | 4325 ||| Stepping randomly (stuck).
  4326 | D:2      | 4326 ||| Stepping randomly (stuck).
  4327 | D:2      | 4327 ||| Stepping randomly (stuck).
  4328 | D:2      | 4328 ||| Stepping randomly (stuck).
  4329 | D:2      | 4329 ||| Stepping randomly (stuck).
  4330 | D:2      | 4330 ||| Stepping randomly (stuck).
  4331 | D:2      | 4331 ||| Stepping randomly (stuck).
  4332 | D:2      | 4332 ||| Stepping randomly (stuck).
  4333 | D:2      | 4333 ||| Stepping randomly (stuck).
  4334 | D:2      | 4334 ||| Stepping randomly (stuck).
  4335 | D:2      | 4335 ||| Stepping randomly (stuck).
  4336 | D:2      | 4336 ||| Stepping randomly (stuck).
  4337 | D:2      | 4337 ||| Stepping randomly (stuck).
  4338 | D:2      | 4338 ||| Stepping randomly (stuck).
  4339 | D:2      | 4339 ||| Stepping randomly (stuck).
  4340 | D:2      | 4340 ||| Stepping randomly (stuck).
  4341 | D:2      | 4341 ||| Stepping randomly (stuck).
  4342 | D:2      | 4342 ||| Stepping randomly (stuck).
  4343 | D:2      | 4343 ||| Stepping randomly (stuck).
  4344 | D:2      | 4344 ||| Stepping randomly (stuck).
  4345 | D:2      | 4345 ||| Stepping randomly (stuck).
  4346 | D:2      | 4346 ||| Stepping randomly (stuck).
  4347 | D:2      | 4347 ||| Stepping randomly (stuck).
  4348 | D:2      | 4348 ||| Stepping randomly (stuck).
  4349 | D:2      | 4349 ||| Stepping randomly (stuck).
  4350 | D:2      | 4350 ||| Stepping randomly (stuck).
  4351 | D:2      | 4351 ||| Stepping randomly (stuck).
  4352 | D:2      | 4352 ||| Stepping randomly (stuck).
  4353 | D:2      | 4353 ||| Stepping randomly (stuck).
  4354 | D:2      | 4354 ||| Stepping randomly (stuck).
  4355 | D:2      | 4355 ||| Stepping randomly (stuck).
  4356 | D:2      | 4356 ||| Stepping randomly (stuck).
  4357 | D:2      | 4357 ||| Stepping randomly (stuck).
  4358 | D:2      | 4358 ||| Stepping randomly (stuck).
  4359 | D:2      | 4359 ||| Stepping randomly (stuck).
  4360 | D:2      | 4360 ||| Stepping randomly (stuck).
  4361 | D:2      | 4361 ||| Stepping randomly (stuck).
  4362 | D:2      | 4362 ||| Stepping randomly (stuck).
  4363 | D:2      | 4363 ||| Stepping randomly (stuck).
  4364 | D:2      | 4364 ||| Stepping randomly (stuck).
  4365 | D:2      | 4365 ||| Stepping randomly (stuck).
  4366 | D:2      | 4366 ||| Stepping randomly (stuck).
  4367 | D:2      | 4367 ||| Stepping randomly (stuck).
  4368 | D:2      | 4368 ||| Stepping randomly (stuck).
  4369 | D:2      | 4369 ||| Stepping randomly (stuck).
  4370 | D:2      | 4370 ||| Stepping randomly (stuck).
  4371 | D:2      | 4371 ||| Stepping randomly (stuck).
  4372 | D:2      | 4372 ||| Stepping randomly (stuck).
  4373 | D:2      | 4373 ||| Stepping randomly (stuck).
  4374 | D:2      | 4374 ||| Stepping randomly (stuck).
  4375 | D:2      | 4375 ||| Stepping randomly (stuck).
  4376 | D:2      | 4376 ||| Stepping randomly (stuck).
  4377 | D:2      | 4377 ||| Stepping randomly (stuck).
  4378 | D:2      | 4378 ||| Stepping randomly (stuck).
  4379 | D:2      | 4379 ||| Stepping randomly (stuck).
  4380 | D:2      | 4380 ||| Stepping randomly (stuck).
  4381 | D:2      | 4381 ||| Stepping randomly (stuck).
  4382 | D:2      | 4382 ||| Stepping randomly (stuck).
  4383 | D:2      | 4383 ||| Stepping randomly (stuck).
  4384 | D:2      | 4384 ||| Stepping randomly (stuck).
  4385 | D:2      | 4385 ||| Stepping randomly (stuck).
  4386 | D:2      | 4386 ||| Stepping randomly (stuck).
  4387 | D:2      | 4387 ||| Stepping randomly (stuck).
  4388 | D:2      | 4388 ||| Stepping randomly (stuck).
  4389 | D:2      | 4389 ||| Stepping randomly (stuck).
  4390 | D:2      | 4390 ||| Stepping randomly (stuck).
  4391 | D:2      | 4391 ||| Stepping randomly (stuck).
  4392 | D:2      | 4392 ||| Stepping randomly (stuck).
  4393 | D:2      | 4393 ||| Stepping randomly (stuck).
  4394 | D:2      | 4394 ||| Stepping randomly (stuck).
  4395 | D:2      | 4395 ||| Stepping randomly (stuck).
  4396 | D:2      | 4396 ||| Stepping randomly (stuck).
  4397 | D:2      | 4397 ||| Stepping randomly (stuck).
  4398 | D:2      | 4398 ||| Stepping randomly (stuck).
  4399 | D:2      | 4399 ||| Stepping randomly (stuck).
  4400 | D:2      | 4400 ||| Stepping randomly (stuck).
  4401 | D:2      | 4401 ||| Stepping randomly (stuck).
  4402 | D:2      | 4402 ||| Stepping randomly (stuck).
  4403 | D:2      | 4403 ||| Stepping randomly (stuck).
  4404 | D:2      | 4404 ||| Stepping randomly (stuck).
  4405 | D:2      | 4405 ||| Stepping randomly (stuck).
  4406 | D:2      | 4406 ||| Stepping randomly (stuck).
  4407 | D:2      | 4407 ||| Stepping randomly (stuck).
  4408 | D:2      | 4408 ||| Stepping randomly (stuck).
  4409 | D:2      | 4409 ||| Stepping randomly (stuck).
  4410 | D:2      | 4410 ||| Stepping randomly (stuck).
  4411 | D:2      | 4411 ||| Stepping randomly (stuck).
  4412 | D:2      | 4412 ||| Stepping randomly (stuck).
  4413 | D:2      | 4413 ||| Stepping randomly (stuck).
  4414 | D:2      | 4414 ||| Stepping randomly (stuck).
  4415 | D:2      | 4415 ||| Stepping randomly (stuck).
  4416 | D:2      | 4416 ||| Stepping randomly (stuck).
  4417 | D:2      | 4417 ||| Stepping randomly (stuck).
  4418 | D:2      | 4418 ||| Stepping randomly (stuck).
  4419 | D:2      | 4419 ||| Stepping randomly (stuck).
  4420 | D:2      | 4420 ||| Stepping randomly (stuck).
  4421 | D:2      | 4421 ||| Stepping randomly (stuck).
  4422 | D:2      | 4422 ||| Stepping randomly (stuck).
  4423 | D:2      | 4423 ||| Stepping randomly (stuck).
  4424 | D:2      | 4424 ||| Stepping randomly (stuck).
  4425 | D:2      | 4425 ||| Stepping randomly (stuck).
  4426 | D:2      | 4426 ||| Stepping randomly (stuck).
  4427 | D:2      | 4427 ||| Stepping randomly (stuck).
  4428 | D:2      | 4428 ||| Stepping randomly (stuck).
  4429 | D:2      | 4429 ||| Stepping randomly (stuck).
  4430 | D:2      | 4430 ||| Stepping randomly (stuck).
  4431 | D:2      | 4431 ||| Stepping randomly (stuck).
  4432 | D:2      | 4432 ||| Stepping randomly (stuck).
  4433 | D:2      | 4433 ||| Stepping randomly (stuck).
  4434 | D:2      | 4434 ||| Stepping randomly (stuck).
  4435 | D:2      | 4435 ||| Stepping randomly (stuck).
  4436 | D:2      | 4436 ||| Stepping randomly (stuck).
  4437 | D:2      | 4437 ||| Stepping randomly (stuck).
  4438 | D:2      | 4438 ||| Stepping randomly (stuck).
  4439 | D:2      | 4439 ||| Stepping randomly (stuck).
  4440 | D:2      | 4440 ||| Stepping randomly (stuck).
  4441 | D:2      | 4441 ||| Stepping randomly (stuck).
  4442 | D:2      | 4442 ||| Stepping randomly (stuck).
  4443 | D:2      | 4443 ||| Stepping randomly (stuck).
  4444 | D:2      | 4444 ||| Stepping randomly (stuck).
  4445 | D:2      | 4445 ||| Stepping randomly (stuck).
  4446 | D:2      | 4446 ||| Stepping randomly (stuck).
  4447 | D:2      | 4447 ||| Stepping randomly (stuck).
  4448 | D:2      | 4448 ||| Stepping randomly (stuck).
  4449 | D:2      | 4449 ||| Stepping randomly (stuck).
  4450 | D:2      | 4450 ||| Stepping randomly (stuck).
  4451 | D:2      | 4451 ||| Stepping randomly (stuck).
  4452 | D:2      | 4452 ||| Stepping randomly (stuck).
  4453 | D:2      | 4453 ||| Stepping randomly (stuck).
  4454 | D:2      | 4454 ||| Stepping randomly (stuck).
  4455 | D:2      | 4455 ||| Stepping randomly (stuck).
  4456 | D:2      | 4456 ||| Stepping randomly (stuck).
  4457 | D:2      | 4457 ||| Stepping randomly (stuck).
  4458 | D:2      | 4458 ||| Stepping randomly (stuck).
  4459 | D:2      | 4459 ||| Stepping randomly (stuck).
  4460 | D:2      | 4460 ||| Stepping randomly (stuck).
  4461 | D:2      | 4461 ||| Stepping randomly (stuck).
  4462 | D:2      | 4462 ||| Stepping randomly (stuck).
  4463 | D:2      | 4463 ||| Stepping randomly (stuck).
  4464 | D:2      | 4464 ||| Stepping randomly (stuck).
  4465 | D:2      | 4465 ||| Stepping randomly (stuck).
  4466 | D:2      | 4466 ||| Stepping randomly (stuck).
  4467 | D:2      | 4467 ||| Stepping randomly (stuck).
  4468 | D:2      | 4468 ||| Stepping randomly (stuck).
  4469 | D:2      | 4469 ||| Stepping randomly (stuck).
  4470 | D:2      | 4470 ||| Stepping randomly (stuck).
  4471 | D:2      | 4471 ||| Stepping randomly (stuck).
  4472 | D:2      | 4472 ||| Stepping randomly (stuck).
  4473 | D:2      | 4473 ||| Stepping randomly (stuck).
  4474 | D:2      | 4474 ||| Stepping randomly (stuck).
  4475 | D:2      | 4475 ||| Stepping randomly (stuck).
  4476 | D:2      | 4476 ||| Stepping randomly (stuck).
  4477 | D:2      | 4477 ||| Stepping randomly (stuck).
  4478 | D:2      | 4478 ||| Stepping randomly (stuck).
  4479 | D:2      | 4479 ||| Stepping randomly (stuck).
  4480 | D:2      | 4480 ||| Stepping randomly (stuck).
  4481 | D:2      | 4481 ||| Stepping randomly (stuck).
  4482 | D:2      | 4482 ||| Stepping randomly (stuck).
  4483 | D:2      | 4483 ||| Stepping randomly (stuck).
  4484 | D:2      | 4484 ||| Stepping randomly (stuck).
  4485 | D:2      | 4485 ||| Stepping randomly (stuck).
  4486 | D:2      | 4486 ||| Stepping randomly (stuck).
  4487 | D:2      | 4487 ||| Stepping randomly (stuck).
  4488 | D:2      | 4488 ||| Stepping randomly (stuck).
  4489 | D:2      | 4489 ||| Stepping randomly (stuck).
  4490 | D:2      | 4490 ||| Stepping randomly (stuck).
  4491 | D:2      | 4491 ||| Stepping randomly (stuck).
  4492 | D:2      | 4492 ||| Stepping randomly (stuck).
  4493 | D:2      | 4493 ||| Stepping randomly (stuck).
  4494 | D:2      | 4494 ||| Stepping randomly (stuck).
  4495 | D:2      | 4495 ||| Stepping randomly (stuck).
  4496 | D:2      | 4496 ||| Stepping randomly (stuck).
  4497 | D:2      | 4497 ||| Stepping randomly (stuck).
  4498 | D:2      | 4498 ||| Stepping randomly (stuck).
  4499 | D:2      | 4499 ||| Stepping randomly (stuck).
  4500 | D:2      | 4500 ||| Stepping randomly (stuck).
  4501 | D:2      | 4501 ||| Stepping randomly (stuck).
  4502 | D:2      | 4502 ||| Stepping randomly (stuck).
  4503 | D:2      | 4503 ||| Stepping randomly (stuck).
  4504 | D:2      | 4504 ||| Stepping randomly (stuck).
  4505 | D:2      | 4505 ||| Stepping randomly (stuck).
  4506 | D:2      | 4506 ||| Stepping randomly (stuck).
  4507 | D:2      | 4507 ||| Stepping randomly (stuck).
  4508 | D:2      | 4508 ||| Stepping randomly (stuck).
  4509 | D:2      | 4509 ||| Stepping randomly (stuck).
  4510 | D:2      | 4510 ||| Stepping randomly (stuck).
  4511 | D:2      | 4511 ||| Stepping randomly (stuck).
  4512 | D:2      | 4512 ||| Stepping randomly (stuck).
  4513 | D:2      | 4513 ||| Stepping randomly (stuck).
  4514 | D:2      | 4514 ||| Stepping randomly (stuck).
  4515 | D:2      | 4515 ||| Stepping randomly (stuck).
  4516 | D:2      | 4516 ||| Stepping randomly (stuck).
  4517 | D:2      | 4517 ||| Stepping randomly (stuck).
  4518 | D:2      | 4518 ||| Stepping randomly (stuck).
  4519 | D:2      | 4519 ||| Stepping randomly (stuck).
  4520 | D:2      | 4520 ||| Stepping randomly (stuck).
  4521 | D:2      | 4521 ||| Stepping randomly (stuck).
  4522 | D:2      | 4522 ||| Stepping randomly (stuck).
  4523 | D:2      | 4523 ||| Stepping randomly (stuck).
  4524 | D:2      | 4524 ||| Stepping randomly (stuck).
  4525 | D:2      | 4525 ||| Stepping randomly (stuck).
  4526 | D:2      | 4526 ||| Stepping randomly (stuck).
  4527 | D:2      | 4527 ||| Stepping randomly (stuck).
  4528 | D:2      | 4528 ||| Stepping randomly (stuck).
  4529 | D:2      | 4529 ||| Stepping randomly (stuck).
  4530 | D:2      | 4530 ||| Stepping randomly (stuck).
  4531 | D:2      | 4531 ||| Stepping randomly (stuck).
  4532 | D:2      | 4532 ||| Stepping randomly (stuck).
  4533 | D:2      | 4533 ||| Stepping randomly (stuck).
  4534 | D:2      | 4534 ||| Stepping randomly (stuck).
  4535 | D:2      | 4535 ||| Stepping randomly (stuck).
  4536 | D:2      | 4536 ||| Stepping randomly (stuck).
  4537 | D:2      | 4537 ||| Stepping randomly (stuck).
  4538 | D:2      | 4538 ||| Stepping randomly (stuck).
  4539 | D:2      | 4539 ||| Stepping randomly (stuck).
  4540 | D:2      | 4540 ||| Stepping randomly (stuck).
  4541 | D:2      | 4541 ||| Stepping randomly (stuck).
  4542 | D:2      | 4542 ||| Stepping randomly (stuck).
  4543 | D:2      | 4543 ||| Stepping randomly (stuck).
  4544 | D:2      | 4544 ||| Stepping randomly (stuck).
  4545 | D:2      | 4545 ||| Stepping randomly (stuck).
  4546 | D:2      | 4546 ||| Stepping randomly (stuck).
  4547 | D:2      | 4547 ||| Stepping randomly (stuck).
  4548 | D:2      | 4548 ||| Stepping randomly (stuck).
  4549 | D:2      | 4549 ||| Stepping randomly (stuck).
  4550 | D:2      | 4550 ||| Stepping randomly (stuck).
  4551 | D:2      | 4551 ||| Stepping randomly (stuck).
  4552 | D:2      | 4552 ||| Stepping randomly (stuck).
  4553 | D:2      | 4553 ||| Stepping randomly (stuck).
  4554 | D:2      | 4554 ||| Stepping randomly (stuck).
  4555 | D:2      | 4555 ||| Stepping randomly (stuck).
  4556 | D:2      | 4556 ||| Stepping randomly (stuck).
  4557 | D:2      | 4557 ||| Stepping randomly (stuck).
  4558 | D:2      | 4558 ||| Stepping randomly (stuck).
  4559 | D:2      | 4559 ||| Stepping randomly (stuck).
  4560 | D:2      | 4560 ||| Stepping randomly (stuck).
  4561 | D:2      | 4561 ||| Stepping randomly (stuck).
  4562 | D:2      | 4562 ||| Stepping randomly (stuck).
  4563 | D:2      | 4563 ||| Stepping randomly (stuck).
  4564 | D:2      | 4564 ||| Stepping randomly (stuck).
  4565 | D:2      | 4565 ||| Stepping randomly (stuck).
  4566 | D:2      | 4566 ||| Stepping randomly (stuck).
  4567 | D:2      | 4567 ||| Stepping randomly (stuck).
  4568 | D:2      | 4568 ||| Stepping randomly (stuck).
  4569 | D:2      | 4569 ||| Stepping randomly (stuck).
  4570 | D:2      | 4570 ||| Stepping randomly (stuck).
  4571 | D:2      | 4571 ||| Stepping randomly (stuck).
  4572 | D:2      | 4572 ||| Stepping randomly (stuck).
  4573 | D:2      | 4573 ||| Stepping randomly (stuck).
  4574 | D:2      | 4574 ||| Stepping randomly (stuck).
  4575 | D:2      | 4575 ||| Stepping randomly (stuck).
  4576 | D:2      | 4576 ||| Stepping randomly (stuck).
  4577 | D:2      | 4577 ||| Stepping randomly (stuck).
  4578 | D:2      | 4578 ||| Stepping randomly (stuck).
  4579 | D:2      | 4579 ||| Stepping randomly (stuck).
  4580 | D:2      | 4580 ||| Stepping randomly (stuck).
  4581 | D:2      | 4581 ||| Stepping randomly (stuck).
  4582 | D:2      | 4582 ||| Stepping randomly (stuck).
  4583 | D:2      | 4583 ||| Stepping randomly (stuck).
  4584 | D:2      | 4584 ||| Stepping randomly (stuck).
  4585 | D:2      | 4585 ||| Stepping randomly (stuck).
  4586 | D:2      | 4586 ||| Stepping randomly (stuck).
  4587 | D:2      | 4587 ||| Stepping randomly (stuck).
  4588 | D:2      | 4588 ||| Stepping randomly (stuck).
  4589 | D:2      | 4589 ||| Stepping randomly (stuck).
  4590 | D:2      | 4590 ||| Stepping randomly (stuck).
  4591 | D:2      | 4591 ||| Stepping randomly (stuck).
  4592 | D:2      | 4592 ||| Stepping randomly (stuck).
  4594 | D:2      | 4594 ||| Stepping randomly (stuck).
  4595 | D:2      | 4595 ||| Stepping randomly (stuck).
  4596 | D:2      | 4596 ||| Stepping randomly (stuck).
  4597 | D:2      | 4597 ||| Stepping randomly (stuck).
  4598 | D:2      | 4598 ||| Stepping randomly (stuck).
  4599 | D:2      | 4599 ||| Stepping randomly (stuck).
  4600 | D:2      | 4600 ||| Stepping randomly (stuck).
  4601 | D:2      | 4601 ||| Stepping randomly (stuck).
  4602 | D:2      | 4602 ||| Stepping randomly (stuck).
  4603 | D:2      | 4603 ||| Stepping randomly (stuck).
  4604 | D:2      | 4604 ||| QUITTING!
  4604 | D:2      | Quit the game

Levels and vault maps discovered:
D:1:      eino_arrival_water_star, layout_basic
D:2:      layout_loops_corners, kennysheep_big_empty_room,
          hangedman_decor_peaks_small, minmay_crystal_room

Skill      XL: |  1  2 |
---------------+-------+-----
Ranged Weapons | 3 |  3.2
Fighting       | |  1.8
Dodging        | |  1.5
Spellcasting   | |  1.0
Hexes          | |  2.6

Action                     || total
---------------------------++-------
   Fire: Sling             ||    59
    Use: Scroll            ||     6
 Armour: Robe              ||     7
  Dodge: Dodged            ||    18

Table legend:
 A = Non-vault XP
 B = Vault XP
 C = Vault XP percentage of total XP
 D = Non-vault monster count
 E = Vault monster count
 F = Vault count percentage of total count
                 A         B        C        D         E       F
            +---------+---------+-------+---------+---------+-------
      Total |      42 |       0 |   0.0 |      17 |       0 |   0.0
            +---------+---------+-------+---------+---------+-------
        D:1 |       9 |       0 |   0.0 |       5 |       0 |   0.0
        D:2 |      33 |       0 |   0.0 |      12 |       0 |   0.0
            +---------+---------+-------+---------+---------+-------
